Workbook
Name COMMODITY: #REF!
Name DEGREE_DAYS: #REF!
Name FIRM_REQS: #REF!
Name INTERRUP_REQ: #REF!
Name JUL_ACT_DEMAND: #REF!
Name LNG_WACOG: #REF!
Name PrintArea: #REF!
Name STOR_WACOG: #REF!
Name STORAGE: #REF!
Name STORAGE_DATA: #REF!
Name SUMMARY: #REF!
Name YR_REPORT0203: 'YR REPORTS'!#REF!
Name YR_REPORT0304: 'YR REPORTS'!#REF!
Name YR_REPORT0405: 'YR REPORTS'!#REF!
Name Yr_Summaries: 'YR SUMMARIES'!$A$3:$G$25

Sheet PGC BREAKOUT
A1: FACTOR | G1: PIPELINE FUEL | H1: COR LOSS | I1: BTU FACTOR
A2: 1000000 | G2: 0.05 | H2: 0.05 | I2: 1.04
F3: RECEIPT | G3: CG | H3: Burner | I3: Burner
B4: $/CCF | F4: MMDTH | G4: MMDTH | H4: MMDTH | I4: BCF
A5: DISTRIBUTION | B5: 0.456 | C5: =B5/$B$8 -> 0.43664715
A6: PIPELINE DEMAND | B6: =(D6/I6)/10 -> 0.20449742 | C6: =B6/$B$8 -> 0.19581845 | D6: =('YR REPORTS'!P22-'YR REPORTS'!P71)/'PGC BREAKOUT'!A2 -> 19.037018 | I6: =+'YR REPORTS'!P12/A2 -> 9.3091727
A7: GAS COMMODITY | B7: =((D7/I6))/10 -> 0.38382406 | C7: =B7/$B$8 -> 0.36753439 | D7: =+'YR REPORTS'!P35/A2 -> 35.730845
A8: TOTAL | B8: =SUM(B5:B7) -> 1.0443215 | D8: =D6+D7 -> 54.767863
A9: PGC TOTAL | B9: =B6+B7 -> 0.58832148
K10: % of TOTAL COST
A11: HEDGED | B11: =(D11/I11)/10 -> 0.4319224 | D11: ='FT GAS'!S53/A2 -> 13.266695 | E11: =D11/$D$14 -> 0.37129531 | F11: ='FT GAS'!S51/A2 -> 3.5825 | G11: =F11*(1-$G$2) -> 3.403375 | H11: =G11*(1-$H$2) -> 3.2332062 | I11: =H11*(1-$H$2) -> 3.0715459 | J11: =I11/$I$14 -> 0.35101462 | K11: =J11*$C$7 -> 0.12900995
A12: INDEX | B12: =(D12/I12)/10 -> 0.32027194 | D12: =D7-D11-D13 -> 9.5648346 | E12: =D12/$D$14 -> 0.26769125 | F12: =('FT GAS'!S107-'FT GAS'!S5)/A2 -> 3.4414756 | G12: =F12*(1-$G$2) -> 3.2694018 | H12: =G12*(1-$H$2) -> 3.1059317 | I12: =H12/$I$2 -> 2.9864728 | J12: =I12/$I$14 -> 0.34129251 | K12: =J12*$C$7 -> 0.12543674
A13: STORAGE | B13: =(D13/I13)/10 -> 0.47909034 | D13: =-SUM('STORAGE TOT'!G12:K12)/A2 -> 12.899315 | E13: =D13/$D$14 -> 0.36101344 | F13: =G13*(1+G2) -> 3.0949118 | G13: =-SUM('STORAGE TOT'!G10:K10)/'PGC BREAKOUT'!A2 -> 2.947535 | H13: =G13*(1-$H$2) -> 2.8001582 | I13: =H13/$I$2 -> 2.6924599 | J13: =I13/$I$14 -> 0.30769287 | K13: =J13*$C$7 -> 0.11308771
B14: =D14/I14/10 -> 0.40833018 | D14: =SUM(D11:D13) -> 35.730845 | F14: =SUM(F11:F13) -> 10.118887 | G14: =F14*(1-$G$2) -> 9.612943 | H14: =G14*(1-$H$2) -> 9.1322958 | I14: =SUM(I11:I13) -> 8.7504786 | J14: =SUM(J11:J13) -> 1 | K14: =SUM(K11:K13) -> 0.36753439
A16: HEDGED + STORAGE | I16: =SUM(I11,I13)/I14 -> 0.65870749

Sheet WORKBOOK NOTES
A1: Year Report
A2: RS,GS,MS Mcfs | B2: Actual Mcfs and Projected PGC - CIS
A3: CIS Mcfs | B3: Actual Mcfs and Projected Mcfs
A4: PGC Mcfs | B4: Actual sum and Projected Mcfs
A5: Non-PGC Mcfs | B5: Actual Mcfs and Projected Mcfs
A6: Total Mcfs | B6: Sum
A8: Total Commodity Costs of Sales | B8: Actual FSA Total - Demand, Proj Rec Total Dths*FT Wacog (NYMEX & hedge) and STOW Nov-Mar - COR fuel is weighted average of PGC and non-PGC
A9: Total Demand Costs
A10: Total Cost of Sales | B10: Actual from Energy Services FSA, Planned Comd + Demand
A11: Cumulative Cost of Sales
A13: PGC Commodity Costs (RS,GS,MS,CIS) | B13: Total Commodity - Non-PGC Commodity
A14: PGC Unit Commodity Costs
A15: RS,GS,MS Demand Costs | B15: Total Demand - LVS Demand - CIS Demand
A16: RS,GS,MS Unit Demand Costs
A17: RS,GS,MS Unit PGC | B17: PGC Unit Commodity + RS,GS,MS Unit Demand
A18: RS,GS,MS PGC Costs | B18: (PGC Commodity - CIS Commodity) + RS,GS,MS Demand
A19: RS,GS,MS PGC Cumulative Costs
A20: CIS Unit PGC (w/o Demand) | B20: same as PGC Unit Commodity
A21: CIS PGC Costs (w/o Demand) | B21: CIS Unit PGC * CIS Mcfs
A22: CIS PGC Cumulative Costs (w/o Demand)
A23: Total PGC Costs (w/o CIS Demand) | B23: PGC gas + RS,GS,MS demand
A24: PGC Cumulative Costs (w/o CIS Demand)
A25: CIS Demand Costs | B25: Fin Ops
A26: Total PGC Costs (with CIS Demand) | B26: PGC gas + PGC Demand (incl CIS)
A27: PGC Cumulative Costs (with CIS Demand)
A29: Non-PGC Hedge Mcf | B29: Link to LVS Hedge page
A30: Non-PGC Hedge $/Mcf | B30: Input based on citygate hedge quote
A31: Non-PGC Hedge Costs
A32: Non-PGC WACOG Mcfs | B32: Non-PGC Total Mcfs - Hedged Mcfs
A33: Non-PGC WACOG $/Mcf | B33: Actual COR Wacog, Planned FT Gas INDEX WACOG w non-PGC COR loss
A34: Non-PGC WACOG Costs
A35: Non-PGC Commodity Costs
A36: Non-PGC Demand Costs
A37: Total Non-PGC Costs
A39: RS,GS,MS PGC Rate
A40: RS,GS,MS PGC Revenue
A41: RS,GS,MS PGC Cumulative Revenue
A42: RS,GS,MS Mth Revenue vs Cost
A43: RS,GS,MS Cumulative PGC Recovery
A44: CIS PGC Rate
A45: CIS PGC Revenue
A46: CIS PGC Cumulative Revenue
... A71: Unit Cost Diff

Sheet HEDGE REPORT
A1: City of Richmond
A2: Department of Public Utilities
A3: Comparison of Hedge Contracts and Storage vs Market
A5: PGC Hedges | H5: =NOW()-1 -> 41148.357 | I5: Hedge vs
A6: Hedge Dates | B6: Delivery Months | C6: Type | D6: Dth/Day | E6: Total Dths | F6: %PGC Reqs | G6: Hedge $/Dth | H6: NYMEX | I6: NYMEX or Index | J6: Total $
A7: 11/1/10,2/28/11,3/10/11,9/7/11,9/15/11,10/21/11,11/1/11,11/7/11 | B7: Jul11-Jun12 | C7: Collar - Columbia | D7: =+'FT GAS'!S52 -> 9788.2514 | E7: =+'FT GAS'!S51 -> 3582500 | F7: =E7/MCFS!P13 -> 0.29425253 | G7: =+'FT GAS'!S54 -> 3.7031947 | H7: =('FT GAS'!G51*'FT GAS'!G109+'FT GAS'!H51*'FT GAS'!H109+'FT GAS'!I51*'FT GAS'!I109+'FT GAS'!J51*'FT GAS'!J109+'FT GAS'!K51*'FT GAS'!K109+'FT GAS'!L51*'FT GAS'!L109+'FT GAS'!M51*'FT GAS'!M109+'FT GAS'!N51*'FT GAS'!N109+'FT GAS'!O51*'FT GAS'!O109+'FT GAS'!P51*'FT GAS'!P109+'FT GAS'!Q51*'FT GAS'!Q109+'FT GAS'!R51*'FT GAS'!R109)/'FT GAS'!S51 -> 3.1793203 | I7: =H7-G7 -> -0.52387439 | J7: =E7*I7 -> -1876780 | K7: =+'[1]HEDGE - RESULTS'!$N$500 -> 0
A8: PGC FY1112 Hedge Totals | E8: =SUM(E7:E7) -> 3582500 | F8: =SUM(F7:F7) -> 0.29425253 | G8: =(E7*G7)/E8 -> 3.7031947 | H8: =(E7*H7)/E8 -> 3.1793203 | I8: =I7 -> -0.52387439 | J8: =SUM(J7:J7) -> -1876780
H10: =H5 -> 41148.357 | I10: Storage vs
E11: Storage Dths | F11: %PGC Reqs | G11: Storage WACOG | H11: NYMEX + BASIS | I11: NYMEX + BASIS | J11: Total $
A12: PGC Storage (75% Planned Use) | E12: =ROUND(-SUM('STORAGE TOT'!H9:K9),-5) -> 3100000 | F12: =E12/MCFS!$P$13 -> 0.25462187 | G12: =+'STORAGE TOT'!F19 -> 4.4198088 | H12: =AVERAGE('FT GAS'!L109:O109)+((0.64*AVERAGE('FT GAS'!L113:O113))+(0.36*AVERAGE('FT GAS'!L111:O111))) -> 2.92477 | I12: =H12-G12 -> -1.4950388 | J12: =E12*I12 -> -4634620.3
H14: =H5 -> 41148.357 | I14: Hedge & Storage vs
E15: Hedge & Storage Dths | F15: %PGC Reqs | G15: Hedge & Storage WACOG | H15: NYMEX | I15: NYMEX or Index | J15: Total $
A16: PGC FY1112 Hedge & Storage | E16: =SUM(E8,E12) -> 6682500 | F16: =SUM(F8,F12) -> 0.5488744 | G16: =(E8*G8+E12*G12)/E16 -> 4.0356307 | H16: =(E8*H8+E12*H12)/E16 -> 3.0612349 | I16: =H16-G16 -> -0.97439585 | J16: =SUM(J8,J12) -> -6511400.3
A18: NON-PGC Hedges | H18: =NOW()-1 -> 41148.357 | I18: Hedge vs
A19: Hedge Dates | B19: Delivery Months | C19: Type | D19: Dth/Day | E19: Total Dths | F19: %NON-PGC Reqs | G19: Hedge $/Dth | H19: NYMEX | I19: NYMEX or Index | J19: Total $
A20: 4/26/2011,4/24/12 | B20: Jul11-Jun12 | C20: Fixed Price - Columbia | D20: =+'FT GAS'!S68 -> 2915.3005 | E20: =+'FT GAS'!S67 -> 1067000 | F20: =E20/MCFS!P15 -> 0.2618042 | G20: =+'FT GAS'!S70 -> 4.3552671 | H20: =('FT GAS'!G67*'FT GAS'!G109+'FT GAS'!H67*'FT GAS'!H109+'FT GAS'!I67*'FT GAS'!I109+'FT GAS'!J67*'FT GAS'!J109+'FT GAS'!K67*'FT GAS'!K109+'FT GAS'!L67*'FT GAS'!L109+'FT GAS'!M67*'FT GAS'!M109+'FT GAS'!N67*'FT GAS'!N109+'FT GAS'!O67*'FT GAS'!O109+'FT GAS'!P67*'FT GAS'!P109+'FT GAS'!Q67*'FT GAS'!Q109+'FT GAS'!R67*'FT GAS'!R109)/'FT GAS'!S67 -> 3.1315942 | I20: =H20-G20 -> -1.2236729 | J20: =I20*E20 -> -1305659
A24: PGC Hedges | H24: =NOW()-1 -> 41148.357 | I24: Hedge vs
A25: Hedge Dates | B25: Delivery Months | C25: Type | D25: Dth/Day | E25: Total Dths | F25: %PGC Reqs | G25: Hedge $/Dth | H25: NYMEX | I25: NYMEX or Index | J25: Total $
A26: 9/15/11/11/7/11,1/5/12,4/4/12 | B26: Jul12-Jun13 | C26: Collar - Columbia | D26: =+'FT GAS'!AJ52 -> 5410.9589 | E26: =+'FT GAS'!AJ51 -> 1975000 | F26: =E26/MCFS!AF13 -> 0.16094864 | G26: =+'FT GAS'!AJ54 -> 3.4586886 | H26: =('FT GAS'!X51*'FT GAS'!X109+'FT GAS'!Y51*'FT GAS'!Y109+'FT GAS'!Z51*'FT GAS'!Z109+'FT GAS'!AA51*'FT GAS'!AA109+'FT GAS'!AB51*'FT GAS'!AB109+'FT GAS'!AC51*'FT GAS'!AC109+'FT GAS'!AD51*'FT GAS'!AD109+'FT GAS'!AE51*'FT GAS'!AE109+'FT GAS'!AF51*'FT GAS'!AF109+'FT GAS'!AG51*'FT GAS'!AG109+'FT GAS'!AH51*'FT GAS'!AH109+'FT GAS'!AI51*'FT GAS'!AI109)/'FT GAS'!AJ51 -> 3.335038 | I26: =H26-G26 -> -0.12365063 | J26: =E26*I26 -> -244210
A27: PGC FY1213 Hedge Totals | E27: =SUM(E26:E26) -> 1975000 | F27: =SUM(F26:F26) -> 0.16094864 | G27: =(E26*G26)/E27 -> 3.4586886 | H27: =(E26*H26)/E27 -> 3.335038 | I27: =I26 -> -0.12365063 | J27: =SUM(J26:J26) -> -244210
H29: =H24 -> 41148.357 | I29: Storage vs
E30: Storage Dths | F30: %PGC Reqs | G30: Storage WACOG | H30: NYMEX + BASIS | I30: NYMEX + BASIS | J30: Total $
A31: PGC Storage (75% Planned Use) | E31: =ROUND(-SUM('STORAGE TOT'!T9:W9),-5) -> 3100000 | F31: =E31/MCFS!$AF$13 -> 0.25262825 | G31: =+'STORAGE TOT'!R19 -> 3.2618875 | H31: =AVERAGE('FT GAS'!AC109:AF109)+(0.64*AVERAGE('FT GAS'!AC113:AF113)+0.36*AVERAGE('FT GAS'!AC111:AF111)) -> 3.5102 | I31: =H31-G31 -> 0.24831247 | J31: =E31*I31 -> 769768.65
H33: =H24 -> 41148.357 | I33: Hedge & Storage vs
E34: Hedge & Storage Dths | F34: %PGC Reqs | G34: Hedge & Storage WACOG | H34: NYMEX | I34: NYMEX or Index | J34: Total $
A35: PGC FY1213 Hedge & Storage | E35: =SUM(E27,E31) -> 5075000 | F35: =SUM(F27,F31) -> 0.41357689 | G35: =(E27*G27+E31*G31)/E35 -> 3.3384751 | H35: =(E27*H27+E31*H31)/E35 -> 3.4420335 | I35: =H35-G35 -> 0.10355836 | J35: =SUM(J27,J31) -> 525558.65
A37: NON-PGC Hedges | H37: =NOW()-1 -> 41148.357 | I37: Hedge vs
A38: Hedge Dates | B38: Delivery Months | C38: Type | D38: Dth/Day | E38: Total Dths | F38: %NON-PGC Reqs | G38: Hedge $/Dth | H38: NYMEX | I38: NYMEX or Index | J38: Total $
A39: 41023 | B39: Jul12-Apr13 | C39: Fixed Price - Columbia | D39: =+'FT GAS'!AJ68 -> 3745.0658 | E39: =+'FT GAS'!AJ67 -> 1138500 | F39: =E39/MCFS!AF15 -> 0.27311176 | G39: =+'FT GAS'!AJ70 -> 2.69 | H39: =('FT GAS'!X67*'FT GAS'!X109+'FT GAS'!Y67*'FT GAS'!Y109+'FT GAS'!Z67*'FT GAS'!Z109+'FT GAS'!AA67*'FT GAS'!AA109+'FT GAS'!AB67*'FT GAS'!AB109+'FT GAS'!AC67*'FT GAS'!AC109+'FT GAS'!AD67*'FT GAS'!AD109+'FT GAS'!AE67*'FT GAS'!AE109+'FT GAS'!AF67*'FT GAS'!AF109+'FT GAS'!AG67*'FT GAS'!AG109)/'FT GAS'!AJ67 -> 3.3226891 | I39: =H39-G39 -> 0.63268906 | J39: =I39*E39 -> 720316.5
A43: PGC Hedges | H43: =NOW()-1 -> 41148.357 | I43: Hedge vs
A44: Hedge Dates | B44: Delivery Months | C44: Type | D44: Dth/Day | E44: Total Dths | F44: %PGC Reqs | G44: Hedge $/Dth | H44: NYMEX | I44: NYMEX or Index | J44: Total $
A45: 4/4/12 | B45: Jul13-Oct13 | C45: Collar - Columbia | D45: =+'FT GAS'!BA52 -> 2500 | E45: =+'FT GAS'!BA51 -> 307500 | F45: =E45/MCFS!AV13 -> 0.024709211 | G45: =+'FT GAS'!BA54 -> 3.632252 | H45: =('FT GAS'!AO51*'FT GAS'!AO109+'FT GAS'!AP51*'FT GAS'!AP109+'FT GAS'!AQ51*'FT GAS'!AQ109+'FT GAS'!AR51*'FT GAS'!AR109)/'FT GAS'!BA51 -> 3.632252 | I45: =H45-G45 -> 0 | J45: =E45*I45 -> 0
A46: PGC FY1314 Hedge Totals | E46: =SUM(E45:E45) -> 307500 | F46: =SUM(F45:F45) -> 0.024709211 | G46: =(E45*G45)/E46 -> 3.632252 | H46: =(E45*H45)/E46 -> 3.632252 | I46: =I45 -> 0 | J46: =SUM(J45:J45) -> 0
H48: =H43 -> 41148.357 | I48: Storage vs
E49: Storage Dths | F49: %PGC Reqs | G49: Storage WACOG | H49: NYMEX + BASIS | I49: NYMEX + BASIS | J49: Total $
A50: PGC Storage (75% Planned Use) | E50: =ROUND(-SUM('STORAGE TOT'!AE9:AI9),-5) -> 3100000 | F50: =E50/MCFS!$AV$13 -> 0.24910099 | G50: =+'STORAGE TOT'!AD19 -> 3.4481917 | H50: =AVERAGE('FT GAS'!AT109:AW109)+(0.64*AVERAGE('FT GAS'!AT113:AW113)+0.36*AVERAGE('FT GAS'!AT111:AW111)) -> 3.98575 | I50: =H50-G50 -> 0.53755829 | J50: =E50*I50 -> 1666430.7
H52: =H43 -> 41148.357 | I52: Hedge & Storage vs
E53: Hedge & Storage Dths | F53: %PGC Reqs | G53: Hedge & Storage WACOG | H53: NYMEX | I53: NYMEX or Index | J53: Total $
A54: PGC FY1314 Hedge & Storage | E54: =SUM(E46,E50) -> 3407500 | F54: =SUM(F46,F50) -> 0.2738102 | G54: =(E46*G46+E50*G50)/E54 -> 3.4648017 | H54: =(E46*H46+E50*H50)/E54 -> 3.9538496 | I54: =H54-G54 -> 0.4890479 | J54: =SUM(J46,J50) -> 1666430.7

Sheet NON-PGC HEDGE 
A1: Days | B1: 31 | C1: 31 | D1: 30 | E1: 31 | F1: 30 | G1: 31 | H1: 31 | I1: 28 | J1: 31 | K1: 30 | L1: 31 | M1: 30
A2: LVS Hedge | B2: 40725 | C2: 40756 | D2: 40787 | E2: 40817 | F2: 40848 | G2: 40878 | H2: 40909 | I2: 40940 | J2: 40969 | K2: 41000 | L2: 41030 | M2: 41061 | N2: FY1112
A3: Bunge Oil - Cunningham | L3: =13030/10 -> 1303
A4: Dominion Packaging - Cunningham X | B4: =42463/10 -> 4246.3 | C4: =52754/10 -> 5275.4 | D4: =47604/10 -> 4760.4 | E4: =50290/10 -> 5029 | F4: =51403/10 -> 5140.3 | G4: =48613/10 -> 4861.3 | H4: =52661/10 -> 5266.1 | I4: =49605/10 -> 4960.5 | J4: =54236/10 -> 5423.6 | K4: =38881/10 -> 3888.1 | L4: =48215/10 -> 4821.5
A5: Fareva (part of Pfizer load) - Cunningham X | D5: =51695/10 -> 5169.5 | E5: =125400/10 -> 12540 | F5: =142490/10 -> 14249 | G5: =183494/10 -> 18349.4 | H5: =147718/10 -> 14771.8 | I5: =145108/10 -> 14510.8 | J5: =133223/10 -> 13322.3 | K5: =108832/10 -> 10883.2 | L5: =115650/10 -> 11565
A6: Kinder Morgan - Cunningham | B6: =34356/10 -> 3435.6 | C6: =33074/10 -> 3307.4 | D6: =28751/10 -> 2875.1 | E6: =34381/10 -> 3438.1 | F6: =32327/10 -> 3232.7 | G6: =31709/10 -> 3170.9 | H6: =23417/10 -> 2341.7 | I6: =32728/10 -> 3272.8 | J6: =31945/10 -> 3194.5 | K6: =43564/10 -> 4356.4 | L6: =(37145+55324)/10 -> 9246.9
A7: Pfizer (Wyeth Pharm) - Moore | B7: =(38444+89987)/10 -> 12843.1 | C7: =(46320+99017)/10 -> 14533.7 | D7: =(41068+51447)/10 -> 9251.5 | E7: =45276/10 -> 4527.6 | F7: =75374/10 -> 7537.4 | G7: =86409/10 -> 8640.9 | H7: =95433/10 -> 9543.3 | I7: =90957/10 -> 9095.7 | J7: =60611/10 -> 6061.1 | K7: =56165/10 -> 5616.5 | L7: =48943/10 -> 4894.3
A8: HCA - Chippenham - Edwards | L8: =75577/10 -> 7557.7 | M8: =85054/10 -> 8505.4
A9: HCA - Henrico Drs Retreat - Edwards | L9: =19986/10 -> 1998.6 | M9: =18843/10 -> 1884.3
A10: HCA-Forest - Moore | L10: =67892/10 -> 6789.2
A11: HCA-Parham - Moore | L11: =30194/10 -> 3019.4
A12: Henrico County - Moore | L12: =(7009+4364+8229)/10 -> 1960.2
A13: Saint Catherines - Cunningham | L13: =17735/10 -> 1773.5
A14: Standex Engraving - Moore | L14: =12521/10 -> 1252.1
A15: Unifirst - Moore | B15: =(9207)/10 -> 920.7 | C15: =(12199)/10 -> 1219.9 | D15: =(10922)/10 -> 1092.2 | E15: =13595/10 -> 1359.5 | F15: =14166/10 -> 1416.6 | G15: =15824/10 -> 1582.4 | H15: =14813/10 -> 1481.3 | I15: =14242/10 -> 1424.2 | J15: =13784/10 -> 1378.4 | K15: =12459/10 -> 1245.9 | L15: =12805/10 -> 1280.5
A16: University of Richmond | L16: =174220/10 -> 17422
A17: Va DFS - Moore X | L17: =4372/10 -> 437.2
A18: VCU - Edwards | B18: =67064/10 -> 6706.4 | C18: =88651/10 -> 8865.1 | D18: =67623/10 -> 6762.3 | E18: =89128/10 -> 8912.8 | F18: =162106/10 -> 16210.6 | G18: =174016/10 -> 17401.6 | H18: =189351/10 -> 18935.1 | I18: =187875/10 -> 18787.5 | J18: =119181/10 -> 11918.1 | K18: =100520/10 -> 10052 | L18: =121546/10 -> 12154.6 | M18: =102887/10 -> 10288.7
A19: Virg. Hosp. Laundry - Edwards | B19: 2690.6 | C19: =35430/10 -> 3543 | D19: =35426/10 -> 3542.6 | E19: =31659/10 -> 3165.9 | F19: =32588/10 -> 3258.8 | G19: =40250/10 -> 4025 | H19: =30520/10 -> 3052 | I19: =32540/10 -> 3254 | J19: =33703/10 -> 3370.3 | K19: =31630/10 -> 3163 | L19: =31630/10 -> 3163 | M19: =34730/10 -> 3473
A20: VMFA | L20: =36772/10 -> 3677.2
A21: World Color-Quebecor - Moore | B21: =103650/10 -> 10365 | C21: =125250/10 -> 12525 | D21: =93740/10 -> 9374 | E21: =149180/10 -> 14918 | F21: =165660/10 -> 16566 | G21: =131240/10 -> 13124 | H21: =28920/10 -> 2892 | I21: =3280/10 -> 328 | J21: =770/10 -> 77
A27: TOTAL MCFS | B27: =SUM(B4:B21) -> 41207.7 | C27: =SUM(C4:C21) -> 49269.5 | D27: =SUM(D4:D21) -> 42827.6 | E27: =SUM(E4:E21) -> 53890.9 | F27: =SUM(F4:F21) -> 67611.4 | G27: =SUM(G4:G21) -> 71155.5 | H27: =SUM(H4:H21) -> 58283.3 | I27: =SUM(I4:I21) -> 55633.5 | ... K27: =SUM(K4:K21) -> 39205.1 | L27: =SUM(L3:L21) -> 94315.9 | M27: =SUM(M3:M21) -> 24151.4 | N27: =SUM(B27:K27) -> 523829.8
A28: DAILY MCFS | B28: =B27/B1 -> 1329.2806 | C28: =C27/C1 -> 1589.3387 | D28: =D27/D1 -> 1427.5867 | E28: =E27/E1 -> 1738.4161 | F28: =F27/F1 -> 2253.7133 | G28: =G27/G1 -> 2295.3387 | H28: =H27/H1 -> 1880.1065 | I28: =I27/I1 -> 1986.9107 | ... M28: =M27/M1 -> 805.04667 | N28: =N27/SUM(B1:K1) -> 1723.1243
A30: HEDGED DTHS | B30: 77500 | C30: 77500 | D30: 75000 | E30: 77500 | F30: 90000 | G30: 108500 | H30: 108500 | I30: 101500 | J30: 93000 | K30: 75000 | L30: 93000 | M30: 93000 | N30: =SUM(B30:M30) -> 1070000
A31: HEDGED DAILY DTHS @ COR (4% PIPELINE LOSS) | B31: =B30*0.95 -> 73625 | C31: =C30*0.95 -> 73625 | D31: =D30*0.95 -> 71250 | E31: =E30*0.95 -> 73625 | F31: =F30*0.96 -> 86400 | G31: =G30*0.96 -> 104160 | H31: =H30*0.96 -> 104160 | I31: =I30*0.96 -> 97440 | J31: =J30*0.96 -> 89280 | K31: =K30*0.96 -> 72000 | L31: =L30*0.96 -> 89280 | M31: =M30*0.96 -> 89280 | N31: =SUM(B31:M31) -> 1024125
A32: HEDGED DTHS @ BURNERTIP (2.5% COR LOSS) | B32: =B31*0.95 -> 69943.75 | C32: =C31*0.95 -> 69943.75 | D32: =D31*0.95 -> 67687.5 | E32: =E31*0.95 -> 69943.75 | F32: =F31*0.975 -> 84240 | G32: =G31*0.975 -> 101556 | H32: =H31*0.975 -> 101556 | I32: =I31*0.975 -> 95004 | J32: =J31*0.975 -> 87048 | K32: =K31*0.975 -> 70200 | L32: =L31*0.975 -> 87048 | M32: =M31*0.975 -> 87048 | N32: =SUM(B32:M32) -> 991218.75
A33: HEDGED MCFS | B33: =B32/1.04 -> 67253.606 | C33: =C32/1.04 -> 67253.606 | D33: =D32/1.04 -> 65084.135 | E33: =E32/1.04 -> 67253.606 | F33: =F32/1.04 -> 81000 | G33: =G32/1.04 -> 97650 | H33: =H32/1.04 -> 97650 | I33: =I32/1.04 -> 91350 | ... M33: =M32/1.04 -> 83700 | N33: =SUM(B33:M33) -> 953094.95
A34: MCF DIFFERENCE | B34: =B33-B27 -> 26045.906 | C34: =C33-C27 -> 17984.106 | D34: =D33-D27 -> 22256.535 | E34: =E33-E27 -> 13362.706 | F34: =F33-F27 -> 13388.6 | G34: =G33-G27 -> 26494.5 | H34: =H33-H27 -> 39366.7 | I34: =I33-I27 -> 35716.5 | ... M34: =M33-M27 -> 59548.6 | N34: =SUM(B34:M34) -> 310797.85 | O34: =N34/N30 -> 0.29046528
A35: MCF HEDGED PRICE | B35: 4.7 | C35: 4.7 | D35: 4.7 | E35: 4.7 | F35: 4.7 | G35: 4.7 | H35: 4.7 | I35: 4.7 | J35: 4.7 | K35: 5.7 | L35: 2.97 | M35: 2.97
A36: MCF WACOG | B36: =+'YR REPORTS'!D68 -> 4.9197906 | C36: =+'YR REPORTS'!E68 -> 4.8784642 | D36: =+'YR REPORTS'!F68 -> 4.3613264 | E36: =+'YR REPORTS'!G68 -> 4.2518674 | F36: =+'YR REPORTS'!H68 -> 3.9893892 | G36: =+'YR REPORTS'!I68 -> 3.8106806 | H36: =+'YR REPORTS'!J68 -> 3.4979407 | I36: =+'YR REPORTS'!K68 -> 3.0444677 | ... M36: =+'YR REPORTS'!O68 -> 2.7663525
A37: HEDGE VS WACOG | B37: =B36-B35 -> 0.21979058 | C37: =C36-C35 -> 0.17846422 | D37: =D36-D35 -> -0.33867365 | E37: =E36-E35 -> -0.44813264 | F37: =F36-F35 -> -0.71061082 | G37: =G36-G35 -> -0.88931937 | H37: =H36-H35 -> -1.2020593 | I37: =I36-I35 -> -1.6555323 | ... M37: =M36-M35 -> -0.20364747
A38: HEDGE VS ACTUAL COSTS | B38: =B34*B37 -> 5724.6446 | C38: =C34*C37 -> 3209.5195 | D38: =D34*D37 -> -7537.7018 | E38: =E34*E37 -> -5988.2646 | F38: =F34*F37 -> -9514.084 | G38: =G34*G37 -> -23562.072 | H38: =H34*H37 -> -47321.109 | I38: =I34*I37 -> -59129.819 | ... M38: =M34*M37 -> -12126.922 | N38: =SUM(B38:L38) -> -302410.97
A39: CUMULATIVE HEDGE VS ACTUAL COSTS | B39: =B38 -> 5724.6446 | C39: =C38+B39 -> 8934.1641 | D39: =D38+C39 -> 1396.4623 | E39: =E38+D39 -> -4591.8022 | F39: =F38+E39 -> -14105.886 | G39: =G38+F39 -> -37667.958 | H39: =H38+G39 -> -84989.068 | I39: =I38+H39 -> -144118.89 | J39: =J38+I39 -> -218703.88 | ... M39: =M38+L39 -> -314537.89
A41: Moore, Flossie - DPU
A42: Edwards, Yolanda W. - DPU
A43: Cunningham, Carolyn G. - DPU

Sheet YR SUMMARIES
A1: Factor
A2: 1000000
A3: =CELL("FILENAME",A1) -> H:\Gaspurch\GasCosts\Annual\FY1214\[1214pgcFYendrevised27Aug12.xlsx]YR SUMMARIES
A4: City of Richmond
A5: Department of Public Utilities
A6: Gas Cost Summary
A7: NYMEX Settlement: | B7: =NOW()-1 -> 41148.357
E9: 11-12 | F9: 11-12 | G9: 11-12 | I9: 12-13 | J9: 12-13 | K9: 12-13 | M9: 13-14 | N9: 13-14 | O9: 13-14
E10: Total ($M) | F10: MMcf | G10: $/Mcf | H10: vs 1011 | I10: Total ($M) | J10: MMcf | K10: $/Mcf | L10: vs 1112 | M10: Total ($M) | N10: MMcf | O10: $/Mcf | P10: vs 1213
A11: Total | E11: =+'YR REPORTS'!P25/'YR SUMMARIES'!$A$2 -> 69.454091 | F11: =+'YR REPORTS'!P14/'YR SUMMARIES'!$A$2 -> 12.757644 | G11: =E11/F11 -> 5.4441157 | I11: ='YR REPORTS'!AG25/'YR SUMMARIES'!A2 -> 78.04061 | J11: =+'YR REPORTS'!AG14/'YR SUMMARIES'!A2 -> 14.361308 | K11: =I11/J11 -> 5.4340879 | M11: ='YR REPORTS'!AW25/'YR SUMMARIES'!A2 -> 84.928848 | N11: =+'YR REPORTS'!AW14/'YR SUMMARIES'!A2 -> 14.640412 | O11: =M11/N11 -> 5.8009875
A12: PGC | E12: =SUM('YR REPORTS'!P35,'YR REPORTS'!P37,'YR REPORTS'!P60)/$A$2 -> 54.767863 | F12: =+'YR REPORTS'!P12/'YR SUMMARIES'!$A$2 -> 9.3091727 | G12: =E12/F12 -> 5.8832148 | H12: =(G12-'[2]YR SUMMARIES'!$I$12)/'[2]YR SUMMARIES'!$I$12 -> -0.076345826 | I12: =SUM('YR REPORTS'!AG35,'YR REPORTS'!AG37,'YR REPORTS'!AG60)/A2 -> 62.083715 | J12: =+'YR REPORTS'!AG12/'YR SUMMARIES'!A2 -> 10.648628 | K12: =I12/J12 -> 5.8302079 | L12: =(K12-G12)/G12 -> -0.0090098599 | M12: =SUM('YR REPORTS'!AW35,'YR REPORTS'!AW37,'YR REPORTS'!AW60)/A2 -> 66.313287 | N12: =+'YR REPORTS'!AW12/'YR SUMMARIES'!A2 -> 10.799412 | O12: =M12/N12 -> 6.1404534 | P12: =(O12-K12)/K12 -> 0.053213468
A13: Non-PGC | E13: =+'YR REPORTS'!P72/'YR SUMMARIES'!$A$2 -> 14.686229 | F13: =+'YR REPORTS'!P13/'YR SUMMARIES'!$A$2 -> 3.4484716 | G13: =E13/F13 -> 4.2587645 | I13: =+'YR REPORTS'!AG72/'YR SUMMARIES'!A2 -> 15.956895 | J13: =+'YR REPORTS'!AG67/'YR SUMMARIES'!A2 -> 3.71268 | K13: =I13/J13 -> 4.2979451 | M13: =+'YR REPORTS'!AW72/'YR SUMMARIES'!A2 -> 18.615561 | N13: =+'YR REPORTS'!AW67/'YR SUMMARIES'!A2 -> 3.841 | O13: =M13/N13 -> 4.8465402
E15: 11-12 | F15: 11-12 | G15: 11-12 | I15: 12-13 | J15: 12-13 | K15: 12-13
E16: Total ($M) | F16: MMcf | G16: $/Mcf | I16: Total ($M) | J16: MMcf | K16: $/Mcf
A17: Total Hedge Status | E17: =SUM(E18:E19) -> -3.182439 | F17: =SUM(F18:F19) -> 4.1409609 | G17: =E17/F17 -> -0.76852669 | I17: =SUM(I18:I19) -> -0.24421 | J17: =SUM(J18:J19) -> 1.7589844 | K17: =I17/J17 -> -0.1388358
A18: PGC Hedge Status | E18: =+'HEDGE REPORT'!J8/'YR SUMMARIES'!A2 -> -1.87678 | F18: =+('HEDGE REPORT'!E8/A2/1.04*(1-0.05))*(1-0.025) -> 3.1906641 | G18: =E18/F18 -> -0.58820984 | I18: =+'HEDGE REPORT'!J27/'YR SUMMARIES'!A2 -> -0.24421 | J18: =+('HEDGE REPORT'!E27/A2/1.04*(1-0.05))*(1-0.025) -> 1.7589844 | K18: =I18/J18 -> -0.1388358
A19: Non-PGC Hedge Status | E19: ='HEDGE REPORT'!J20/'YR SUMMARIES'!A2 -> -1.305659 | F19: =+('HEDGE REPORT'!E20/A2/1.04*(1-0.05))*(1-0.025) -> 0.95029687 | G19: =E19/F19 -> -1.3739485
E21: 11-12 | F21: 11-12 | G21: 11-12 | I21: 12-13 | J21: 12-13 | K21: 12-13
E22: Total ($M) | F22: MMcf | G22: $/Mcf | I22: Total ($M) | J22: MMcf | K22: $/Mcf
A23: PGC Storage | E23: =+'HEDGE REPORT'!J12/A2 -> -4.6346203 | F23: =+'HEDGE REPORT'!E12/A2*(1-0.025)/1.04 -> 2.90625 | G23: =E23/F23 -> -1.5947081 | I23: =+'HEDGE REPORT'!J31/A2 -> 0.76976865 | J23: =+'HEDGE REPORT'!E31/A2*(1-0.025)/1.04 -> 2.90625 | K23: =I23/J23 -> 0.26486663
A24: PGC Hedge and Storage | E24: =SUM(E18,E23) -> -6.5114003 | F24: =SUM(F18,F23) -> 6.0969141 | G24: =E24/F24 -> -1.067983 | I24: =SUM(I18,I23) -> 0.52555865 | J24: =SUM(J18,J23) -> 4.6652344 | K24: =I24/J24 -> 0.11265429
A25: PGC w/o Hedge and Storage | E25: =SUM(E12,E24) -> 48.256462 | F25: =F12 -> 9.3091727 | G25: =E25/F25 -> 5.1837541 | H25: =(G25-G12)/G12 -> -0.1188909 | I25: =SUM(I12,I24) -> 62.609273 | J25: =J12 -> 10.648628 | K25: =I25/J25 -> 5.8795624 | L25: =(K25-K12)/K12 -> 0.0084653223
A27: PGC Rate | G27: =+'YR REPORTS'!P77 -> 5.9199454 | K27: =+'YR REPORTS'!AG77 -> 5 | O27: =+'YR REPORTS'!AW77 -> 5
A28: PGC Cumulative Recovery | C28: =+'YR REPORTS'!B91/'YR SUMMARIES'!A2 -> 8.3582289 | E28: =+'YR REPORTS'!O91/'YR SUMMARIES'!A2 -> 7.6615928 | I28: =+'YR REPORTS'!AF91/'YR SUMMARIES'!A2 -> -2.1503628 | M28: =+'YR REPORTS'!AV91/A2 -> -15.43797
A29: Yr Change | E29: =E28-C28 -> -0.69663614 | I29: =I28-E28 -> -9.8119556 | M29: =M28-I28 -> -13.287608
A36: Prepayment Discounts | E36: $M | F36: MMDth | G36: $/Dth | H36: Tot $% | I36: Tot MMDth%
A37: Transco Yr Base (10K/day) - Future | E37: =F37*G37 -> 1.9018421 | F37: =9.9*365/1000/0.95 -> 3.8036842 | G37: 0.5 | H37: =E37/$E$11 -> 0.027382723 | I37: =F37/(MCFS!$P$17/1000000) -> 0.23406594 | K37: FUTURE Deal
A38: MGAG Columbia Winter Base | E38: =F38*G38 -> 1.0315789 | F38: =(10*(30+31)+15*(31+31+28))/1000/0.95 -> 2.0631579 | G38: 0.5 | H38: =E38/$E$11 -> 0.014852674 | I38: =F38/(MCFS!$P$17/1000000) -> 0.1269598 | J38: =I38+I39 -> 0.25003308 | K38: MGAG Deal 1
A39: MGAG Columbia Storage | E39: =F39*G39 -> 1 | F39: =2 -> 2 | G39: 0.5 | H39: =E39/$E$11 -> 0.014398 | I39: =F39/(MCFS!$P$17/1000000) -> 0.12307328
A40: Total | E40: =SUM(E37:E39) -> 3.9334211 | F40: =SUM(F37:F39) -> 7.8668421 | H40: =SUM(H37:H39) -> 0.056633396 | I40: =SUM(I37:I39) -> 0.48409902 | J40: RMI 10% to 50%
H42: PGC $% | I42: PGC MMDth%
A43: Transco Yr Base (10K/day) - Future | E43: =E37 -> 1.9018421 | F43: =F37 -> 3.8036842 | H43: =E43/E12 -> 0.034725513 | I43: =F43/(MCFS!$P$13/1000000) -> 0.31241973
A44: MGAG Columbia Winter Base | E44: =E38 -> 1.0315789 | F44: =F38 -> 2.0631579 | H44: =E44/E12 -> 0.018835479 | I44: =F44/(MCFS!$P$13/1000000) -> 0.16945971
A45: MGAG Columbia Storage | E45: =E39 -> 1 | F45: =F39 -> 2 | H45: =E45/E12 -> 0.018258883 | I45: =F45/(MCFS!$P$13/1000000) -> 0.16427217
A46: Total | E46: =SUM(E43:E45) -> 3.9334211 | F46: =SUM(F43:F45) -> 7.8668421 | H46: =SUM(H43:H45) -> 0.071819875 | I46: =SUM(I43:I45) -> 0.64615162
A48: Other Supply | F48: MMDth | I48: Tot MMDth%
A49: Columbia Yr Baseload | F49: =13.5*365/1000/0.95 -> 5.1868421 | I49: =F49/(MCFS!$P$17/1000000) -> 0.31918083
A50: DTI Winter Base | F50: =(5*(30+31)+7.5*(31+31+28))/1000/0.97 -> 1.0103093 | I50: =F50/(MCFS!$P$17/1000000) -> 0.062171036
A51: DTI Storage | F51: =1.1 -> 1.1 | I51: =F51/(MCFS!$P$17/1000000) -> 0.067690302
A52: Total | F52: =SUM(F49:F51) -> 7.2971514
F54: MMDth | I54: Tot MMDth%
A55: Total Baseload Supply | F55: =SUM(F40,F52) -> 15.163993 | I55: =F55/(MCFS!$P$17/1000000) -> 0.93314118
A57: Warm Year Swing Supply | F57: =15.9-F55 -> 0.73600651 | I57: =F57/(MCFS!$P$17/1000000) -> 0.045291366
A58: Columbia | C58: 0.5 | F58: =C58*F57 -> 0.36800326 | I58: =F58/(MCFS!$P$17/1000000) -> 0.022645683
A59: DTI | C59: 0.5 | F59: =C59*F57 -> 0.36800326 | I59: =F59/(MCFS!$P$17/1000000) -> 0.022645683
A61: Normal Year Swing Supply | F61: =18.3-F55 -> 3.1360065 | I61: =F61/(MCFS!$P$17/1000000) -> 0.1929793
A62: Columbia | C62: 0.5 | F62: =C62*F61 -> 1.5680033 | I62: =F62/(MCFS!$P$17/1000000) -> 0.096489649
A63: DTI | C63: 0.5 | F63: =C63*F61 -> 1.5680033 | I63: =F63/(MCFS!$P$17/1000000) -> 0.096489649
A65: Cold Year Swing | F65: =20.1-F55 -> 4.9360065 | I65: =F65/(MCFS!$P$17/1000000) -> 0.30374525
A66: Columbia | C66: 0.5 | F66: =C66*F65 -> 2.4680033 | I66: =F66/(MCFS!$P$17/1000000) -> 0.15187262
A67: DTI | C67: 0.5 | F67: =C67*F65 -> 2.4680033 | I67: =F67/(MCFS!$P$17/1000000) -> 0.15187262

Sheet YR REPORTS
C1: Factor
C2: 1000000
C3: =CELL("FILENAME",A3) -> H:\Gaspurch\GasCosts\Annual\FY1214\[1214pgcFYendrevised27Aug12.xlsx]YR REPORTS | T3: =CELL("FILENAME",O3) -> H:\Gaspurch\GasCosts\Annual\FY1214\[1214pgcFYendrevised27Aug12.xlsx]YR REPORTS | AJ3: =CELL("FILENAME",AF3) -> H:\Gaspurch\GasCosts\Annual\FY1214\[1214pgcFYendrevised27Aug12.xlsx]YR REPORTS
C4: City of Richmond | T4: City of Richmond | AJ4: City of Richmond
C5: Department of Public Utilities | T5: Department of Public Utilities | AJ5: Department of Public Utilities
C6: Projected Gas Costs and PGC Recovery | T6: Projected Gas Costs and PGC Recovery | AJ6: Projected Gas Costs and PGC Recovery
C7: =NOW() -> 41149.357 | D7: HURRICANE | E7: HURRICANE | F7: HURRICANE | G7: HURRICANE | H7: HURRICANE | T7: =NOW() -> 41149.357 | U7: HURRICANE | V7: HURRICANE | W7: HURRICANE | X7: HURRICANE | Y7: HURRICANE | AJ7: =NOW() -> 41149.357 | AK7: HURRICANE | AL7: HURRICANE | AM7: HURRICANE | AN7: HURRICANE | AO7: HURRICANE
D8: A C T U A L S | E8: A C T U A L S | F8: A C T U A L S | G8: A C T U A L S | H8: A C T U A L S | I8: A C T U A L S | J8: A C T U A L S | K8: A C T U A L S | L8: A C T U A L S | M8: A C T U A L S | N8: A C T U A L S | O8: A C T U A L S | U8: P L A N | V8: P L A N | W8: P L A N | X8: P L A N | Y8: P L A N | Z8: P L A N | AA8: P L A N | AB8: P L A N | AC8: P L A N | AD8: P L A N | AE8: P L A N | AF8: P L A N | AK8: P L A N | AL8: P L A N | AM8: P L A N | AN8: P L A N | AO8: P L A N | AP8: P L A N | AQ8: P L A N | AR8: P L A N | AS8: P L A N | AT8: P L A N | AU8: P L A N | AV8: P L A N
D9: 40725 | E9: 40756 | F9: 40787 | G9: 40817 | H9: 40848 | I9: 40878 | J9: 40909 | K9: 40940 | L9: 40969 | M9: 41000 | N9: 41030 | O9: 41061 | P9: 1112 TOTALS | U9: 41091 | V9: 41122 | W9: 41153 | X9: 41183 | Y9: 41214 | Z9: 41244 | AA9: 41275 | AB9: 41306 | AC9: 41334 | AD9: 41365 | AE9: 41395 | AF9: 41426 | AG9: 1213 TOTALS | AH9: vs Prior FY | AK9: 41456 | AL9: 41487 | AM9: 41518 | AN9: 41548 | AO9: 41579 | AP9: 41609 | AQ9: 41640 | AR9: 41671 | AS9: 41699 | AT9: 41730 | AU9: 41760 | AV9: 41791 | AW9: 1314 TOTALS | AX9: vs Prior FY
C10: RS,GS,MS Mcfs | D10: =D12-D11 -> 181842.4 | E10: =E12-E11 -> 211961.9 | F10: =F12-F11 -> 237016.8 | G10: =G12-G11 -> 450304.8 | H10: =H12-H11 -> 888782 | I10: =I12-I11 -> 1330964.4 | J10: =J12-J11 -> 1532639.5 | K10: =K12-K11 -> 1365526.7 | ... O10: =O12-O11 -> 211776 | P10: =SUM(D10:O10) -> 7809150.7 | T10: RS,GS,MS Mcfs | U10: =U12-U11 -> 206212 | V10: =V12-V11 -> 206212 | W10: =W12-W11 -> 246191 | X10: =X12-X11 -> 572086 | Y10: =Y12-Y11 -> 992287 | Z10: =Z12-Z11 -> 1542369.5 | AA10: =AA12-AA11 -> 1705578 | AB10: =AB12-AB11 -> 1396868.5 | ... AG10: =AG12-AG11 -> 9175127 | AH10: =AG10-P10 -> 1365976.3 | AJ10: RS,GS,MS Mcfs | AK10: =AK12-AK11 -> 210056 | AL10: =AL12-AL11 -> 210056 | AM10: =AM12-AM11 -> 250640.3 | AN10: =AN12-AN11 -> 581652.2 | AO10: =AO12-AO11 -> 1008405.1 | AP10: =AP12-AP11 -> 1567110.8 | AQ10: =AQ12-AQ11 -> 1732871.8 | AR10: =AR12-AR11 -> 1419274.2 | ... AW10: =AW12-AW11 -> 9325911.1 | AX10: =AW10-AG10 -> 150784.1
C11: CIS Mcfs | D11: =+MCFS!D81 -> 55553.9 | E11: =+MCFS!E81 -> 64381.4 | F11: =+MCFS!F81 -> 73763.7 | G11: =+MCFS!G81 -> 105069.8 | H11: =+MCFS!H81 -> 152859.6 | I11: =+MCFS!I81 -> 207520.1 | J11: =+MCFS!J81 -> 226153.4 | K11: =+MCFS!K81 -> 199813.2 | ... O11: =+MCFS!O81 -> 69948.1 | P11: =SUM(D11:O11) -> 1500022 | T11: CIS Mcfs | U11: =+MCFS!T46 -> 62682 | V11: =+MCFS!U46 -> 62682 | W11: =+MCFS!V46 -> 65743 | X11: =+MCFS!W46 -> 102564 | Y11: =+MCFS!X46 -> 147071 | Z11: =+MCFS!Y46 -> 208329.5 | AA11: =+MCFS!Z46 -> 226120 | AB11: =+MCFS!AA46 -> 188578.5 | ... AF11: =+MCFS!AE46 -> 61637.5 | AG11: =SUM(U11:AF11) -> 1473501 | AH11: =AG11-P11 -> -26521 | AJ11: CIS Mcfs | AK11: =+MCFS!AJ46 -> 62682 | AL11: =+MCFS!AK46 -> 62682 | AM11: =+MCFS!AL46 -> 65743 | AN11: =+MCFS!AM46 -> 102564 | AO11: =+MCFS!AN46 -> 147071 | AP11: =+MCFS!AO46 -> 208329.5 | AQ11: =+MCFS!AP46 -> 226120 | AR11: =+MCFS!AQ46 -> 188578.5 | ... AV11: =+MCFS!AU46 -> 61637.5 | AW11: =SUM(AK11:AV11) -> 1473501 | AX11: =AW11-AG11 -> 0
C12: PGC Mcfs | D12: =+MCFS!D89 -> 237396.3 | E12: =+MCFS!E89 -> 276343.3 | F12: =+MCFS!F89 -> 310780.5 | G12: =+MCFS!G89 -> 555374.6 | H12: =+MCFS!H89 -> 1041641.6 | I12: =+MCFS!I89 -> 1538484.5 | J12: =+MCFS!J89 -> 1758792.9 | K12: =+MCFS!K89 -> 1565339.9 | ... O12: =+MCFS!O89 -> 281724.1 | P12: =SUM(D12:O12) -> 9309172.7 | T12: PGC Mcfs | U12: =+MCFS!T52 -> 268894 | V12: =+MCFS!U52 -> 268894 | W12: =+MCFS!V52 -> 311934 | X12: =+MCFS!W52 -> 674650 | Y12: =+MCFS!X52 -> 1139358 | Z12: =+MCFS!Y52 -> 1750699 | AA12: =+MCFS!Z52 -> 1931698 | AB12: =+MCFS!AA52 -> 1585447 | ... AF12: =+MCFS!AE52 -> 270165 | AG12: =SUM(U12:AF12) -> 10648628 | AH12: =AG12-P12 -> 1339455.3 | AJ12: PGC Mcfs | AK12: =+MCFS!AJ52 -> 272738 | AL12: =+MCFS!AK52 -> 272738 | AM12: =+MCFS!AL52 -> 316383.3 | AN12: =+MCFS!AM52 -> 684216.2 | AO12: =+MCFS!AN52 -> 1155476.1 | AP12: =+MCFS!AO52 -> 1775440.2 | AQ12: =+MCFS!AP52 -> 1958991.8 | AR12: =+MCFS!AQ52 -> 1607852.8 | ... AV12: =+MCFS!AU52 -> 274025.25 | AW12: =SUM(AK12:AV12) -> 10799412 | AX12: =AW12-AG12 -> 150784.1
C13: Non-PGC Mcfs | D13: =+MCFS!D103 -> 216811.1 | E13: =+MCFS!E103 -> 240336.4 | F13: =+MCFS!F103 -> 255779.8 | G13: =+MCFS!G103 -> 275439.8 | H13: =+MCFS!H103 -> 330773.9 | I13: =+MCFS!I103 -> 357854.1 | J13: =+MCFS!J103 -> 372037 | K13: =+MCFS!K103 -> 352315.7 | ... O13: =+MCFS!O103 -> 229430.5 | P13: =SUM(D13:O13) -> 3448471.6 | T13: Non-PGC Mcfs | U13: =+MCFS!T64 -> 224940 | V13: =+MCFS!U64 -> 239240 | W13: =+MCFS!V64 -> 254540 | X13: =+MCFS!W64 -> 278940 | Y13: =+MCFS!X64 -> 336440 | Z13: =+MCFS!Y64 -> 427440 | AA13: =+MCFS!Z64 -> 449440 | AB13: =+MCFS!AA64 -> 367440 | ... AF13: =+MCFS!AE64 -> 249440 | AG13: =SUM(U13:AF13) -> 3712680 | AH13: =AG13-P13 -> 264208.4 | AJ13: Non-PGC Mcfs | AK13: =+MCFS!AJ64 -> 236500 | AL13: =+MCFS!AK64 -> 251500 | AM13: =+MCFS!AL64 -> 257200 | AN13: =+MCFS!AM64 -> 291700 | AO13: =+MCFS!AN64 -> 346200 | AP13: =+MCFS!AO64 -> 445200 | AQ13: =+MCFS!AP64 -> 466200 | AR13: =+MCFS!AQ64 -> 373200 | ... AV13: =+MCFS!AU64 -> 257200 | AW13: =SUM(AK13:AV13) -> 3841000 | AX13: =AW13-AG13 -> 128320
C14: Total Mcfs | D14: =SUM(D12:D13) -> 454207.4 | E14: =SUM(E12:E13) -> 516679.7 | F14: =SUM(F12:F13) -> 566560.3 | G14: =SUM(G12:G13) -> 830814.4 | H14: =SUM(H12:H13) -> 1372415.5 | I14: =SUM(I12:I13) -> 1896338.6 | J14: =SUM(J12:J13) -> 2130829.9 | K14: =SUM(K12:K13) -> 1917655.6 | ... O14: =SUM(O12:O13) -> 511154.6 | P14: =SUM(D14:O14) -> 12757644 | T14: Total Mcfs | U14: =SUM(U12:U13) -> 493834 | V14: =SUM(V12:V13) -> 508134 | W14: =SUM(W12:W13) -> 566474 | X14: =SUM(X12:X13) -> 953590 | Y14: =SUM(Y12:Y13) -> 1475798 | Z14: =SUM(Z12:Z13) -> 2178139 | AA14: =SUM(AA12:AA13) -> 2381138 | AB14: =SUM(AB12:AB13) -> 1952887 | ... AF14: =SUM(AF12:AF13) -> 519605 | AG14: =SUM(U14:AF14) -> 14361308 | AH14: =AG14-P14 -> 1603663.7 | AJ14: Total Mcfs | AK14: =SUM(AK12:AK13) -> 509238 | AL14: =SUM(AL12:AL13) -> 524238 | AM14: =SUM(AM12:AM13) -> 573583.3 | AN14: =SUM(AN12:AN13) -> 975916.2 | AO14: =SUM(AO12:AO13) -> 1501676.1 | AP14: =SUM(AP12:AP13) -> 2220640.2 | AQ14: =SUM(AQ12:AQ13) -> 2425191.8 | AR14: =SUM(AR12:AR13) -> 1981052.8 | ... AV14: =SUM(AV12:AV13) -> 531225.25 | AW14: =SUM(AK14:AV14) -> 14640412 | AX14: =AW14-AG14 -> 279104.1
C15: Citygate Dths based on Sales (Btu 1.04) | D15: =D14*1.04/0.95 -> 497237.57 | E15: =E14*1.04/0.95 -> 565628.3 | F15: =F14*1.04/0.95 -> 620234.43 | G15: =G14*1.04/0.95 -> 909523.13 | H15: =H14*1.04/0.95 -> 1502433.8 | I15: =I14*1.04/0.95 -> 2075991.7 | J15: =J14*1.04/0.95 -> 2332698 | K15: =K14*1.04/0.95 -> 2099328.2 | ... O15: =O14*1.04/0.95 -> 559579.77 | P15: =SUM(D15:O15) -> 13966263 | U15: =U20-'[3]YR REPORTS'!AK14 -> -4073554.7 | V15: =V20-'[3]YR REPORTS'!AL14 -> -4012813 | W15: =W20-'[3]YR REPORTS'!AM14 -> -3716818.9 | X15: =X20-'[3]YR REPORTS'!AN14 -> -5348088.1 | Y15: =Y20-'[3]YR REPORTS'!AO14 -> -7674781.4 | Z15: =Z20-'[3]YR REPORTS'!AP14 -> -6928519.3 | AA15: =AA20-'[3]YR REPORTS'!AQ14 -> -8395246.8 | AB15: =AB20-'[3]YR REPORTS'!AR14 -> -7855508.7 | ... AF15: =AF20-'[3]YR REPORTS'!AV14 -> -4299072.3 | AG15: =SUM(U15:AF15) -> -71367872 | AH15: =AG15-P15 -> -85334135
C16: Gas Control CG Dths less TS | D16: 483450.3 | E16: 531090.5 | F16: 583937.6 | G16: 949333.5 | H16: 1404054.8 | I16: 1959405 | J16: 2341272 | K16: 2000269 | L16: 1149243 | M16: 912145.5 | N16: 588725 | O16: 541188.1 | P16: =SUM(D16:O16) -> 13444114
C17: Difference | D17: =D15-D16 -> 13787.275 | E17: =E15-E16 -> 34537.803 | F17: =F15-F16 -> 36296.834 | G17: =G15-G16 -> -39810.367 | H17: =H15-H16 -> 98379.011 | I17: =I15-I16 -> 116586.73 | J17: =J15-J16 -> -8574.0042 | K17: =K15-K16 -> 99059.236 | ... O17: =O15-O16 -> 18391.673 | P17: =SUM(D17:O17) -> 522148.93
C18: % Difference | D18: =D17/D15 -> 0.027727741 | E18: =E17/E15 -> 0.061060953 | F18: =F17/F15 -> 0.058521152 | G18: =G17/G15 -> -0.043770594 | H18: =H17/H15 -> 0.065479763 | I18: =I17/I15 -> 0.056159535 | J18: =J17/J15 -> -0.003675574 | K18: =K17/K15 -> 0.047186159 | ... P18: =P17/P15 -> 0.037386445
C20: Total Projected Commodity Costs (Storage injections not expensed) | D20: =('FT GAS'!G39*'FT GAS'!G117) -> 4806068.2 | E20: =('FT GAS'!H39*'FT GAS'!H117) -> 4395544.7 | F20: =('FT GAS'!I39*'FT GAS'!I117) -> 3850779.6 | G20: =('FT GAS'!J39*'FT GAS'!J117) -> 4955145.4 | H20: =('FT GAS'!K39*'FT GAS'!K117) -> 5478980.8 | I20: =('FT GAS'!L39*'FT GAS'!L117) -> 5909982.1 | J20: =('FT GAS'!M39*'FT GAS'!M117) -> 5381126.5 | K20: =('FT GAS'!N39*'FT GAS'!N117) -> 4548668.7 | ... O20: =('FT GAS'!R39*'FT GAS'!R117) -> 2620779.3 | P20: =SUM(D20:O20) -> 52363891 | T20: Total Projected Commodity Costs (Storage injections not expensed) | U20: =+'FT GAS'!X39*'FT GAS'!X117 -> 3133989.8 | V20: =+'FT GAS'!Y39*'FT GAS'!Y117 -> 3542720 | W20: =+'FT GAS'!Z39*'FT GAS'!Z117 -> 3336917.3 | X20: =+'FT GAS'!AA39*'FT GAS'!AA117 -> 4479117.2 | Y20: =+'FT GAS'!AB39*'FT GAS'!AB117 -> 5660168.4 | Z20: =+'FT GAS'!AC39*'FT GAS'!AC117 -> 5737018.1 | AA20: =+'FT GAS'!AD39*'FT GAS'!AD117 -> 6303341.4 | AB20: =+'FT GAS'!AE39*'FT GAS'!AE117 -> 5208952.5 | ... AF20: =+'FT GAS'!AI39*'FT GAS'!AI117 -> 3810125.4 | AG20: =SUM(U20:AF20) -> 56960554 | AJ20: Total Projected Commodity Costs (Storage injections not expensed) | AK20: =+'FT GAS'!AO39*'FT GAS'!AO117 -> 3857997.9 | AL20: =+'FT GAS'!AP39*'FT GAS'!AP117 -> 4043747.5 | AM20: =+'FT GAS'!AQ39*'FT GAS'!AQ117 -> 3735631.8 | AN20: =+'FT GAS'!AR39*'FT GAS'!AR117 -> 5080940.8 | AO20: =+'FT GAS'!AS39*'FT GAS'!AS117 -> 6502484.3 | AP20: =+'FT GAS'!AT39*'FT GAS'!AT117 -> 6574093.4 | AQ20: =+'FT GAS'!AU39*'FT GAS'!AU117 -> 7176197.2 | AR20: =+'FT GAS'!AV39*'FT GAS'!AV117 -> 5833991.6 | ... AV20: =+'FT GAS'!AZ39*'FT GAS'!AZ117 -> 4354305.2 | AW20: =SUM(AK20:AV20) -> 64598015
C21: Total Commodity Costs of Sales | D21: =D25-D22 -> 1969527.2 | E21: =E25-E22 -> 2264279.8 | F21: =F25-F22 -> 2206774.5 | G21: =G25-G22 -> 3638947.1 | H21: =H25-H22 -> 5113363.8 | I21: =I25-I22 -> 7659362.5 | J21: =J25-J22 -> 9185293.9 | K21: =K25-K22 -> 7309195.1 | ... O21: =O25-O22 -> 1273463.9 | P21: =SUM(D21:O21) -> 48638876 | Q21: =P21+P22 -> 69454091 | T21: Total Commodity Costs of Sales | U21: =('FT GAS'!X7*'FT GAS'!X117) -> 1681234.6 | V21: =('FT GAS'!Y7*'FT GAS'!Y117) -> 1876641.8 | W21: =('FT GAS'!Z7*'FT GAS'!Z117) -> 2119432.6 | X21: =('FT GAS'!AA7*'FT GAS'!AA117) -> 3602657.1 | Y21: =('FT GAS'!AB39*'FT GAS'!AB117)-'STORAGE TOT'!S12 -> 5660168.4 | Z21: =('FT GAS'!AC39*'FT GAS'!AC117)-'STORAGE TOT'!T12 -> 8683611.9 | AA21: =('FT GAS'!AD39*'FT GAS'!AD117)-'STORAGE TOT'!U12 -> 9691419.1 | AB21: =('FT GAS'!AE39*'FT GAS'!AE117)-'STORAGE TOT'!V12 -> 7975429.9 | AC21: =('FT GAS'!AF39*'FT GAS'!AF117)-'STORAGE TOT'!W12 -> 6723496.2 | AD21: =('FT GAS'!AG7*'FT GAS'!AG117) -> 4346237.4 | AE21: =('FT GAS'!AH7*'FT GAS'!AH117) -> 2587544.9 | AF21: =('FT GAS'!AI7*'FT GAS'!AI117) -> 2040161.2 | AG21: =SUM(U21:AF21) -> 56988035 | AJ21: Total Commodity Costs of Sales | AK21: =('FT GAS'!AO7*'FT GAS'!AO117) -> 2089724.4 | AL21: =('FT GAS'!AP7*'FT GAS'!AP117) -> 2164146.9 | AM21: =('FT GAS'!AQ7*'FT GAS'!AQ117) -> 2373046 | AN21: =('FT GAS'!AR7*'FT GAS'!AR117) -> 4091191.7 | AO21: =('FT GAS'!AS39*'FT GAS'!AS117)-'STORAGE TOT'!AE12 -> 6502484.3 | AP21: =('FT GAS'!AT39*'FT GAS'!AT117)-'STORAGE TOT'!AF12 -> 9689645.3 | AQ21: =('FT GAS'!AU39*'FT GAS'!AU117)-'STORAGE TOT'!AG12 -> 10754460 | AR21: =('FT GAS'!AV39*'FT GAS'!AV117)-'STORAGE TOT'!AH12 -> 8756084.7 | AS21: =('FT GAS'!AW39*'FT GAS'!AW117)-'STORAGE TOT'!AI12 -> 7389876.7 | AT21: =('FT GAS'!AX7*'FT GAS'!AX117) -> 4707741.6 | AU21: =('FT GAS'!AY7*'FT GAS'!AY117) -> 3002505 | AV21: =('FT GAS'!AZ7*'FT GAS'!AZ117) -> 2355366.6 | AW21: =SUM(AK21:AV21) -> 63876274
C22: Total Demand Costs | D22: =+DEMAND!B107 -> 1691092.2 | E22: =+DEMAND!C107 -> 1681164.2 | F22: =+DEMAND!D107 -> 1686606.5 | G22: =+DEMAND!E107 -> 1837705.2 | H22: =+DEMAND!F107 -> 1801014.8 | I22: =+DEMAND!G107 -> 1820496.4 | J22: =+DEMAND!H107 -> 1816123.6 | K22: =+DEMAND!I107 -> 1801543.7 | ... O22: =+DEMAND!M107 -> 1617542.4 | P22: =SUM(D22:O22) -> 20815215 | Q22: =P22-P71 -> 19037018 | T22: Total Demand Costs | U22: =+DEMAND!T107 -> 1665344.9 | V22: =+DEMAND!U107 -> 1665344.9 | W22: =+DEMAND!V107 -> 1665344.9 | X22: =+DEMAND!W107 -> 1803738.3 | Y22: =+DEMAND!X107 -> 1851353.4 | Z22: =+DEMAND!Y107 -> 1851353.4 | AA22: =+DEMAND!Z107 -> 1851353.4 | AB22: =+DEMAND!AA107 -> 1851353.4 | ... AF22: =+DEMAND!AE107 -> 1665344.9 | AG22: =SUM(U22:AF22) -> 21052574 | AJ22: Total Demand Costs | AK22: =+DEMAND!AL107 -> 1665344.9 | AL22: =+DEMAND!AM107 -> 1665344.9 | AM22: =+DEMAND!AN107 -> 1665344.9 | AN22: =+DEMAND!AO107 -> 1803738.3 | AO22: =+DEMAND!AP107 -> 1851353.4 | AP22: =+DEMAND!AQ107 -> 1851353.4 | AQ22: =+DEMAND!AR107 -> 1851353.4 | AR22: =+DEMAND!AS107 -> 1851353.4 | ... AV22: =+DEMAND!AW107 -> 1665344.9 | AW22: =SUM(AK22:AV22) -> 21052574
C23: Total Projected Costs (Storage injections not expensed) - Cash Reqs | D23: =SUM(D20,D22) -> 6497160.4 | E23: =SUM(E20,E22) -> 6076708.9 | F23: =SUM(F20,F22) -> 5537386.1 | G23: =SUM(G20,G22) -> 6792850.6 | H23: =SUM(H20,H22) -> 7279995.6 | I23: =SUM(I20,I22) -> 7730478.5 | J23: =SUM(J20,J22) -> 7197250.1 | K23: =SUM(K20,K22) -> 6350212.4 | ... O23: =SUM(O20,O22) -> 4238321.7 | P23: =SUM(D23:O23) -> 73179106 | T23: Total Projected Costs (Storage injections not expensed) - Cash Reqs | U23: =SUM(U20,U22) -> 4799334.7 | V23: =SUM(V20,V22) -> 5208064.9 | W23: =SUM(W20,W22) -> 5002262.2 | X23: =SUM(X20,X22) -> 6282855.5 | Y23: =SUM(Y20,Y22) -> 7511521.8 | Z23: =SUM(Z20,Z22) -> 7588371.5 | AA23: =SUM(AA20,AA22) -> 8154694.7 | AB23: =SUM(AB20,AB22) -> 7060305.9 | ... AF23: =SUM(AF20,AF22) -> 5475470.3 | AG23: =SUM(U23:AF23) -> 78013128 | AJ23: Total Projected Costs (Storage injections not expensed) - Cash Reqs | AK23: =SUM(AK20,AK22) -> 5523342.8 | AL23: =SUM(AL20,AL22) -> 5709092.4 | AM23: =SUM(AM20,AM22) -> 5400976.7 | AN23: =SUM(AN20,AN22) -> 6884679 | AO23: =SUM(AO20,AO22) -> 8353837.7 | AP23: =SUM(AP20,AP22) -> 8425446.8 | AQ23: =SUM(AQ20,AQ22) -> 9027550.5 | AR23: =SUM(AR20,AR22) -> 7685344.9 | ... AV23: =SUM(AV20,AV22) -> 6019650.1 | AW23: =SUM(AK23:AV23) -> 85650589
C24: Total Actual Costs (Storage injections not expensed) - Cash Reqs | D24: 6142694.1 | E24: 6007953.2 | F24: 5406680.1 | G24: 6049140.6 | H24: 6876970.9 | I24: 6344228.8 | J24: 6523322.7 | K24: 5986010.1 | L24: 4723897.4 | M24: 3955772.1 | N24: 3914646.1 | O24: 4103375.6 | P24: =SUM(D24:O24) -> 66034692 | T24: Total Actual Costs (Storage injections not expensed) - Cash Reqs | AJ24: Total Actual Costs (Storage injections not expensed) - Cash Reqs
C25: Total Cost of Sales | D25: 3660619.3 | E25: 3945444 | F25: 3893381 | G25: 5476652.3 | H25: 6914378.6 | I25: 9479859 | J25: 11001418 | K25: 9110738.8 | L25: 5915500.2 | M25: 4319663.1 | N25: 2845431 | O25: 2891006.3 | P25: =SUM(D25:O25) -> 69454091 | Q25: =Q21-P25 -> 0 | T25: Total Cost of Sales | U25: =SUM(U21:U22) -> 3346579.5 | V25: =SUM(V21:V22) -> 3541986.7 | W25: =SUM(W21:W22) -> 3784777.5 | X25: =SUM(X21:X22) -> 5406395.3 | Y25: =SUM(Y21:Y22) -> 7511521.8 | Z25: =SUM(Z21:Z22) -> 10534965 | AA25: =SUM(AA21:AA22) -> 11542772 | AB25: =SUM(AB21:AB22) -> 9826783.2 | ... AF25: =SUM(AF21:AF22) -> 3705506.1 | AG25: =SUM(U25:AF25) -> 78040610 | AJ25: Total Cost of Sales | AK25: =SUM(AK21:AK22) -> 3755069.3 | AL25: =SUM(AL21:AL22) -> 3829491.8 | AM25: =SUM(AM21:AM22) -> 4038390.9 | AN25: =SUM(AN21:AN22) -> 5894930 | AO25: =SUM(AO21:AO22) -> 8353837.7 | AP25: =SUM(AP21:AP22) -> 11540999 | AQ25: =SUM(AQ21:AQ22) -> 12605814 | AR25: =SUM(AR21:AR22) -> 10607438 | ... AV25: =SUM(AV21:AV22) -> 4020711.5 | AW25: =SUM(AK25:AV25) -> 84928848
C26: Monthly Cost of Sales Budgeted | P26: =SUM(D26:O26) -> 0 | AG26: =SUM(U26:AF26) -> 0
C27: Cumulative Total Cost of Sales | D27: =D25 -> 3660619.3 | E27: =D27+E25 -> 7606063.4 | F27: =E27+F25 -> 11499444 | G27: =F27+G25 -> 16976097 | H27: =G27+H25 -> 23890475 | I27: =H27+I25 -> 33370334 | J27: =I27+J25 -> 44371752 | K27: =J27+K25 -> 53482491 | L27: =K27+L25 -> 59397991 | ... O27: =N27+O25 -> 69454091 | T27: Cumulative Total Cost of Sales | U27: =U25 -> 3346579.5 | V27: =U27+V25 -> 6888566.3 | W27: =V27+W25 -> 10673344 | X27: =W27+X25 -> 16079739 | Y27: =X27+Y25 -> 23591261 | Z27: =Y27+Z25 -> 34126226 | AA27: =Z27+AA25 -> 45668998 | AB27: =AA27+AB25 -> 55495782 | AC27: =AB27+AC25 -> 64070631 | ... AF27: =AE27+AF25 -> 78040610 | AJ27: Cumulative Total Cost of Sales | AK27: =AK25 -> 3755069.3 | AL27: =AK27+AL25 -> 7584561.1 | AM27: =AL27+AM25 -> 11622952 | AN27: =AM27+AN25 -> 17517882 | AO27: =AN27+AO25 -> 25871720 | AP27: =AO27+AP25 -> 37412718 | AQ27: =AP27+AQ25 -> 50018532 | AR27: =AQ27+AR25 -> 60625970 | AS27: =AR27+AS25 -> 69867200 | ... AV27: =AU27+AV25 -> 84928848
C28: Average Cost of Sales ($/Mcf) | D28: =D25/D14 -> 8.0593565 | E28: =E25/E14 -> 7.6361507 | F28: =F25/F14 -> 6.8719623 | G28: =G25/G14 -> 6.5919083 | H28: =H25/H14 -> 5.0381088 | I28: =I25/I14 -> 4.9990329 | J28: =J25/J14 -> 5.1629731 | K28: =K25/K14 -> 4.7509776 | ... P28: =P25/P14 -> 5.4441157 | T28: Average Cost of Sales ($/Mcf) | U28: =U25/U14 -> 6.7767297 | V28: =V25/V14 -> 6.9705762 | W28: =W25/W14 -> 6.6812907 | X28: =X25/X14 -> 5.6695176 | Y28: =Y25/Y14 -> 5.0898035 | Z28: =Z25/Z14 -> 4.8366818 | AA28: =AA25/AA14 -> 4.8475865 | AB28: =AB25/AB14 -> 5.0319262 | ... AG28: =AG25/AG14 -> 5.4340879 | AJ28: Average Cost of Sales ($/Mcf) | AK28: =AK25/AK14 -> 7.3738985 | AL28: =AL25/AL14 -> 7.3048726 | AM28: =AM25/AM14 -> 7.0406355 | AN28: =AN25/AN14 -> 6.0404059 | AO28: =AO25/AO14 -> 5.563009 | AP28: =AP25/AP14 -> 5.1971492 | AQ28: =AQ25/AQ14 -> 5.1978626 | AR28: =AR25/AR14 -> 5.354445 | ... AW28: =AW25/AW14 -> 5.8009875
C30: Total Revenue | D30: =SUM(D79,D84,D60,D72) -> 2844064.2 | E30: =SUM(E79,E84,E60,E72) -> 3214262.3 | F30: =SUM(F79,F84,F60,F72) -> 3407988.3 | G30: =SUM(G79,G84,G60,G72) -> 5028834 | H30: =SUM(H79,H84,H60,H72) -> 8305682.6 | I30: =SUM(I79,I84,I60,I72) -> 10782785 | J30: =SUM(J79,J84,J60,J72) -> 12031325 | K30: =SUM(K79,K84,K60,K72) -> 10669146 | ... O30: =SUM(O79,O84,O60,O72) -> 2267762.2 | P30: =SUM(D30:O30) -> 69937455 | Q30: =P30/P14 -> 5.4820038 | T30: Total Revenue | U30: =SUM(U79,U84,U60,U72) -> 2285715.2 | V30: =SUM(V79,V84,V60,V72) -> 2412819.1 | W30: =SUM(W79,W84,W60,W72) -> 2676759 | X30: =SUM(X79,X84,X60,X72) -> 4537884.9 | Y30: =SUM(Y79,Y84,Y60,Y72) -> 7065530.7 | Z30: =SUM(Z79,Z84,Z60,Z72) -> 10498872 | AA30: =SUM(AA79,AA84,AA60,AA72) -> 11535885 | AB30: =SUM(AB79,AB84,AB60,AB72) -> 9515286.8 | ... AF30: =SUM(AF79,AF84,AF60,AF72) -> 2589399.6 | AG30: =SUM(U30:AF30) -> 69408654 | AJ30: Total Revenue | AK30: =SUM(AK79,AK84,AK60,AK72) -> 2560616.3 | AL30: =SUM(AL79,AL84,AL60,AL72) -> 2628258.3 | AM30: =SUM(AM79,AM84,AM60,AM72) -> 2868010.5 | AN30: =SUM(AN79,AN84,AN60,AN72) -> 4820281.4 | AO30: =SUM(AO79,AO84,AO60,AO72) -> 7398660.6 | AP30: =SUM(AP79,AP84,AP60,AP72) -> 10958014 | AQ30: =SUM(AQ79,AQ84,AQ60,AQ72) -> 12009491 | AR30: =SUM(AR79,AR84,AR60,AR72) -> 9854950.3 | ... AV30: =SUM(AV79,AV84,AV60,AV72) -> 2736494.6 | AW30: =SUM(AK30:AV30) -> 72821240
C31: YTD Revenue | D31: =D30 -> 2844064.2 | E31: =D31+E30 -> 6058326.5 | F31: =E31+F30 -> 9466314.8 | G31: =F31+G30 -> 14495149 | H31: =G31+H30 -> 22800831 | I31: =H31+I30 -> 33583616 | J31: =I31+J30 -> 45614941 | K31: =J31+K30 -> 56284086 | L31: =K31+L30 -> 61421226 | ... O31: =N31+O30 -> 69937455 | T31: Cumulative Revenue | U31: =U30 -> 2285715.2 | V31: =U31+V30 -> 4698534.4 | W31: =V31+W30 -> 7375293.3 | X31: =W31+X30 -> 11913178 | Y31: =X31+Y30 -> 18978709 | Z31: =Y31+Z30 -> 29477581 | AA31: =Z31+AA30 -> 41013466 | AB31: =AA31+AB30 -> 50528753 | AC31: =AB31+AC30 -> 58440456 | ... AF31: =AE31+AF30 -> 69408654 | AJ31: Cumulative Revenue | AK31: =AK30 -> 2560616.3 | AL31: =AK31+AL30 -> 5188874.6 | AM31: =AL31+AM30 -> 8056885.1 | AN31: =AM31+AN30 -> 12877167 | AO31: =AN31+AO30 -> 20275827 | AP31: =AO31+AP30 -> 31233841 | AQ31: =AP31+AQ30 -> 43243332 | AR31: =AQ31+AR30 -> 53098283 | AS31: =AR31+AS30 -> 61310727 | ... AV31: =AU31+AV30 -> 72821240
C32: Total Revenue vs Total Costs | D32: =D30-D25 -> -816555.18 | E32: =E30-E25 -> -731181.71 | F32: =F30-F25 -> -485392.68 | G32: =G30-G25 -> -447818.32 | H32: =H30-H25 -> 1391304 | I32: =I30-I25 -> 1302925.6 | J32: =J30-J25 -> 1029907.1 | K32: =K30-K25 -> 1558406.8 | ... O32: =O30-O25 -> -623244.07 | P32: =SUM(D32:O32) -> 483363.86 | T32: Total Revenue vs Total Costs | U32: =U30-U25 -> -1060864.3 | V32: =V30-V25 -> -1129167.6 | W32: =W30-W25 -> -1108018.5 | X32: =X30-X25 -> -868510.42 | Y32: =Y30-Y25 -> -445991.08 | Z32: =Z30-Z25 -> -36093.234 | AA32: =AA30-AA25 -> -6887.3668 | AB32: =AB30-AB25 -> -311496.4 | ... AF32: =AF30-AF25 -> -1116106.5 | AG32: =SUM(U32:AF32) -> -8631955.6 | AJ32: Total Revenue vs Total Costs | AK32: =AK30-AK25 -> -1194453 | AL32: =AL30-AL25 -> -1201233.5 | AM32: =AM30-AM25 -> -1170380.4 | AN32: =AN30-AN25 -> -1074648.6 | AO32: =AO30-AO25 -> -955177.1 | AP32: =AP30-AP25 -> -582984.71 | AQ32: =AQ30-AQ25 -> -596322.3 | AR32: =AR30-AR25 -> -752487.8 | ... AV32: =AV30-AV25 -> -1284216.9
C33: YTD Revenue vs YTD Costs | D33: =D31-D27 -> -816555.18 | E33: =E31-E27 -> -1547736.9 | F33: =F31-F27 -> -2033129.6 | G33: =G31-G27 -> -2480947.9 | H33: =H31-H27 -> -1089643.9 | I33: =I31-I27 -> 213281.66 | J33: =J31-J27 -> 1243188.8 | K33: =K31-K27 -> 2801595.6 | ... O33: =O31-O27 -> 483363.86 | T33: Cumulative Revenue vs Cumulative Costs | U33: =U31-U27 -> -1060864.3 | V33: =V31-V27 -> -2190031.9 | W33: =W31-W27 -> -3298050.5 | X33: =X31-X27 -> -4166560.9 | Y33: =Y31-Y27 -> -4612552 | Z33: =Z31-Z27 -> -4648645.2 | AA33: =AA31-AA27 -> -4655532.6 | AB33: =AB31-AB27 -> -4967029 | ... AF33: =AF31-AF27 -> -8631955.6 | AJ33: Cumulative Revenue vs Cumulative Costs | AK33: =AK31-AK27 -> -1194453 | AL33: =AL31-AL27 -> -2395686.6 | AM33: =AM31-AM27 -> -3566067 | AN33: =AN31-AN27 -> -4640715.5 | AO33: =AO31-AO27 -> -5595892.6 | AP33: =AP31-AP27 -> -6178877.3 | AQ33: =AQ31-AQ27 -> -6775199.6 | AR33: =AR31-AR27 -> -7527687.4 | ... AV33: =AV31-AV27 -> -12107608
C35: PGC Commodity Costs (RS,GS,MS,CIS) | D35: =D21-D70 -> 911919.02 | E35: =E21-E70 -> 1100600.2 | F35: =F21-F70 -> 1076730.7 | G35: =G21-G70 -> 2443663.3 | H35: =H21-H70 -> 3734598.5 | I35: =I21-I70 -> 6206899.8 | J35: =J21-J70 -> 7764596.5 | K35: =K21-K70 -> 6083521.4 | ... O35: =O21-O70 -> 638778.24 | P35: =SUM(D35:O35) -> 35730845 | Q35: =P37+P60 -> 19037018 | T35: PGC Commodity Costs (RS,GS,MS,CIS) | U35: =U21-U70 -> 972292.84 | V35: =V21-V70 -> 1040596.2 | W35: =W21-W70 -> 1231341.2 | X35: =X21-X70 -> 2627253 | Y35: =Y21-Y70 -> 4432591 | Z35: =Z21-Z70 -> 7013239 | AA35: =AA21-AA70 -> 7869814.4 | AB35: =AB21-AB70 -> 6483713.3 | ... AF35: =AF21-AF70 -> 1035018.1 | AG35: =SUM(U35:AF35) -> 42831140 | AJ35: PGC Commodity Costs (RS,GS,MS,CIS) | AK35: =AK21-AK70 -> 1125101.6 | AL35: =AL21-AL70 -> 1131882.1 | AM35: =AM21-AM70 -> 1315949.6 | AN35: =AN21-AN70 -> 2881222.2 | AO35: =AO21-AO70 -> 5022367.6 | AP35: =AP21-AP70 -> 7683836.8 | AQ35: =AQ21-AQ70 -> 8595718.3 | AR35: =AR21-AR70 -> 7036733.4 | ... AV35: =AV21-AV70 -> 1222429.8 | AW35: =SUM(AK35:AV35) -> 47060713
C36: PGC Unit Commodity Costs $/Mcf | D36: =D35/D12 -> 3.8413363 | E36: =E35/E12 -> 3.9827278 | F36: =F35/F12 -> 3.464602 | G36: =G35/G12 -> 4.4000272 | H36: =H35/H12 -> 3.5853008 | I36: =I35/I12 -> 4.0344247 | J36: =J35/J12 -> 4.4147304 | K36: =K35/K12 -> 3.8863901 | ... P36: =P35/P12 -> 3.8382406 | T36: PGC Unit Commodity Costs $/Mcf | U36: =U35/U12 -> 3.6158964 | V36: =V35/V12 -> 3.8699122 | W36: =W35/W12 -> 3.9474414 | X36: =X35/X12 -> 3.894246 | Y36: =Y35/Y12 -> 3.8904287 | Z36: =Z35/Z12 -> 4.0059651 | AA36: =AA35/AA12 -> 4.0740397 | AB36: =AB35/AB12 -> 4.0895175 | ... AG36: =AG35/AG12 -> 4.0222215 | AJ36: PGC Unit Commodity Costs $/Mcf | AK36: =AK35/AK12 -> 4.1252102 | AL36: =AL35/AL12 -> 4.150071 | AM36: =AM35/AM12 -> 4.1593521 | AN36: =AN35/AN12 -> 4.2109821 | AO36: =AO35/AO12 -> 4.3465785 | AP36: =AP35/AP12 -> 4.3278487 | AQ36: =AQ35/AQ12 -> 4.3878276 | AR36: =AR35/AR12 -> 4.3764788 | ... AW36: =AW35/AW12 -> 4.3577106
C37: RS,GS,MS Demand Costs | D37: =D22-D71-D60 -> 1387713.9 | E37: =E22-E71-E60 -> 1357281.1 | F37: =F22-F71-F60 -> 1349070.4 | G37: =G22-G71-G60 -> 1500614.5 | H37: =H22-H71-H60 -> 1479679.6 | I37: =I22-I71-I60 -> 1496959.9 | J37: =J22-J71-J60 -> 1514008.1 | K37: =K22-K71-K60 -> 1534312.9 | ... O37: =O22-O71-O60 -> 1317542.4 | P37: =SUM(D37:O37) -> 17206553 | Q37: =P37/P54 -> 0.32503587 | T37: RS,GS,MS Demand Costs | U37: =U22-U71-U60 -> 1365344.9 | V37: =V22-V71-V60 -> 1365344.9 | W37: =W22-W71-W60 -> 1365344.9 | X37: =X22-X71-X60 -> 1503738.3 | Y37: =Y22-Y71-Y60 -> 1551353.4 | Z37: =Z22-Z71-Z60 -> 1551353.4 | AA37: =AA22-AA71-AA60 -> 1551353.4 | AB37: =AB22-AB71-AB60 -> 1551353.4 | ... AF37: =AF22-AF71-AF60 -> 1365344.9 | AG37: =SUM(U37:AF37) -> 17452574 | AJ37: RS,GS,MS Demand Costs | AK37: =AK22-AK71-AK60 -> 1365344.9 | AL37: =AL22-AL71-AL60 -> 1365344.9 | AM37: =AM22-AM71-AM60 -> 1365344.9 | AN37: =AN22-AN71-AN60 -> 1503738.3 | AO37: =AO22-AO71-AO60 -> 1551353.4 | AP37: =AP22-AP71-AP60 -> 1551353.4 | AQ37: =AQ22-AQ71-AQ60 -> 1551353.4 | AR37: =AR22-AR71-AR60 -> 1551353.4 | ... AV37: =AV22-AV71-AV60 -> 1365344.9 | AW37: =SUM(AK37:AV37) -> 17452574
C38: RS,GS,MS Unit Demand Costs $/Mcf | D38: =D37/D10 -> 7.6314099 | E38: =E37/E10 -> 6.4034201 | F38: =F37/F10 -> 5.6918767 | G38: =G37/G10 -> 3.3324417 | H38: =H37/H10 -> 1.6648397 | I38: =I37/I10 -> 1.1247182 | J38: =J37/J10 -> 0.98784359 | K38: =K37/K10 -> 1.1236052 | ... P38: =P37/P10 -> 2.2033834 | T38: RS,GS,MS Unit Demand Costs $/Mcf | U38: =U37/U10 -> 6.6210739 | V38: =V37/V10 -> 6.6210739 | W38: =W37/W10 -> 5.5458766 | X38: =X37/X10 -> 2.6285178 | Y38: =Y37/Y10 -> 1.5634119 | Z38: =Z37/Z10 -> 1.0058247 | AA38: =AA37/AA10 -> 0.90957631 | AB38: =AB37/AB10 -> 1.1105937 | ... AG38: =AG37/AG10 -> 1.9021616 | AJ38: RS,GS,MS Unit Demand Costs $/Mcf | AK38: =AK37/AK10 -> 6.4999091 | AL38: =AL37/AL10 -> 6.4999091 | AM38: =AM37/AM10 -> 5.4474277 | AN38: =AN37/AN10 -> 2.5852877 | AO38: =AO37/AO10 -> 1.5384228 | AP38: =AP37/AP10 -> 0.98994494 | AQ38: =AQ37/AQ10 -> 0.89524993 | AR38: =AR37/AR10 -> 1.093061 | ... AW38: =AW37/AW10 -> 1.8714069
C39: RS,GS,MS Unit PGC$/Mcf | D39: =D36+D38 -> 11.472746 | E39: =E36+E38 -> 10.386148 | F39: =F36+F38 -> 9.1564787 | G39: =G36+G38 -> 7.7324689 | H39: =H36+H38 -> 5.2501405 | I39: =I36+I38 -> 5.1591429 | J39: =J36+J38 -> 5.402574 | K39: =K36+K38 -> 5.0099953 | ... P39: =P36+P38 -> 6.041624 | T39: RS,GS,MS Unit PGC$/Mcf | U39: =U36+U38 -> 10.23697 | V39: =V36+V38 -> 10.490986 | W39: =W36+W38 -> 9.493318 | X39: =X36+X38 -> 6.5227638 | Y39: =Y36+Y38 -> 5.4538406 | Z39: =Z36+Z38 -> 5.0117898 | AA39: =AA36+AA38 -> 4.9836161 | AB39: =AB36+AB38 -> 5.2001112 | ... AG39: =AG36+AG38 -> 5.9243831 | AJ39: RS,GS,MS Unit PGC$/Mcf | AK39: =AK36+AK38 -> 10.625119 | AL39: =AL36+AL38 -> 10.64998 | AM39: =AM36+AM38 -> 9.6067798 | AN39: =AN36+AN38 -> 6.7962698 | AO39: =AO36+AO38 -> 5.8850013 | AP39: =AP36+AP38 -> 5.3177936 | AQ39: =AQ36+AQ38 -> 5.2830776 | AR39: =AR36+AR38 -> 5.4695398 | ... AW39: =AW36+AW38 -> 6.2291175
C40: RS,GS,MS Mcfs - Projected | D40: =MCFS!D52-MCFS!D46 -> 202957 | E40: =MCFS!E52-MCFS!E46 -> 202957 | F40: =MCFS!F52-MCFS!F46 -> 242444.3 | G40: =MCFS!G52-MCFS!G46 -> 564149.2 | H40: =MCFS!H52-MCFS!H46 -> 978993.1 | I40: =MCFS!I52-MCFS!I46 -> 1522016.8 | J40: =MCFS!J52-MCFS!J46 -> 1683136.8 | K40: =MCFS!K52-MCFS!K46 -> 1415618.8 | ... O40: =MCFS!O52-MCFS!O46 -> 205262.75 | P40: =SUM(D40:O40) -> 9087645.6 | T40: RS,GS,MS Mcfs - Projected | AJ40: RS,GS,MS Mcfs - Projected
C41: RS,GS,MS Average Unit Demand Cost - Projected | D41: =$P$37/$P$40 -> 1.8934005 | E41: =$P$37/$P$40 -> 1.8934005 | F41: =$P$37/$P$40 -> 1.8934005 | G41: =$P$37/$P$40 -> 1.8934005 | H41: =$P$37/$P$40 -> 1.8934005 | I41: =$P$37/$P$40 -> 1.8934005 | J41: =$P$37/$P$40 -> 1.8934005 | K41: =$P$37/$P$40 -> 1.8934005 | ... P41: =$P$37/$P$40 -> 1.8934005 | Q41: RS & GS COUNT | T41: RS,GS,MS Average Unit Demand Cost | U41: =$AG$37/$AG$10 -> 1.9021616 | V41: =$AG$37/$AG$10 -> 1.9021616 | W41: =$AG$37/$AG$10 -> 1.9021616 | X41: =$AG$37/$AG$10 -> 1.9021616 | Y41: =$AG$37/$AG$10 -> 1.9021616 | Z41: =$AG$37/$AG$10 -> 1.9021616 | AA41: =$AG$37/$AG$10 -> 1.9021616 | AB41: =$AG$37/$AG$10 -> 1.9021616 | ... AG41: =$AG$37/$AG$10 -> 1.9021616 | AJ41: RS,GS,MS Average Unit Demand Cost - Projected | AK41: =$AW$37/$AW$10 -> 1.8714069 | AL41: =$AW$37/$AW$10 -> 1.8714069 | AM41: =$AW$37/$AW$10 -> 1.8714069 | AN41: =$AW$37/$AW$10 -> 1.8714069 | AO41: =$AW$37/$AW$10 -> 1.8714069 | AP41: =$AW$37/$AW$10 -> 1.8714069 | AQ41: =$AW$37/$AW$10 -> 1.8714069 | AR41: =$AW$37/$AW$10 -> 1.8714069 | ... AW41: =$AW$37/$AW$10 -> 1.8714069
C42: RS,GS,MS Demand Revenue ($1.50/Mcf) - Projected | D42: =D40*D41 -> 384278.89 | E42: =E40*E41 -> 384278.89 | F42: =F40*F41 -> 459044.16 | G42: =G40*G41 -> 1068160.4 | H42: =H40*H41 -> 1853626 | I42: =I40*I41 -> 2881787.3 | J42: =J40*J41 -> 3186852.1 | K42: =K40*K41 -> 2680333.4 | ... O42: =O40*O41 -> 388644.6 | P42: =SUM(D42:O42) -> 17206553 | Q42: 109000 | T42: RS,GS,MS Demand Revenue ($1.48/Mcf) | U42: =1.48*U10 -> 305193.76 | V42: =1.48*V10 -> 305193.76 | W42: =1.48*W10 -> 364362.68 | X42: =1.48*X10 -> 846687.28 | Y42: =1.48*Y10 -> 1468584.8 | Z42: =1.48*Z10 -> 2282706.9 | AA42: =1.48*AA10 -> 2524255.4 | AB42: =1.48*AB10 -> 2067365.4 | ... AF42: =1.48*AF10 -> 308620.7 | AG42: =SUM(U42:AF42) -> 13579188 | AJ42: RS,GS,MS Demand Revenue ($1.44/Mcf) - Projected | AK42: =AK41*AK10 -> 393100.25 | AL42: =AL41*AL10 -> 393100.25 | AM42: =AM41*AM10 -> 469049.99 | AN42: =AN41*AN10 -> 1088507.9 | AO42: =AO41*AO10 -> 1887136.3 | AP42: =AP41*AP10 -> 2932701.9 | AQ42: =AQ41*AQ10 -> 3242908.2 | AR42: =AR41*AR10 -> 2656039.6 | ... AV42: =AV41*AV10 -> 397463.9 | AW42: =SUM(AK42:AV42) -> 17452574
C43: RS,GS,MS Mcfs - Actual | D43: =+MCFS!D89-MCFS!D81 -> 181842.4 | E43: =+MCFS!E89-MCFS!E81 -> 211961.9 | F43: =+MCFS!F89-MCFS!F81 -> 237016.8 | G43: =+MCFS!G89-MCFS!G81 -> 450304.8 | H43: =+MCFS!H89-MCFS!H81 -> 888782 | I43: =+MCFS!I89-MCFS!I81 -> 1330964.4 | J43: =+MCFS!J89-MCFS!J81 -> 1532639.5 | K43: =+MCFS!K89-MCFS!K81 -> 1365526.7 | ... N43: =+MCFS!N89-MCFS!N81 -> 282740.9 | T43: RS,GS,MS Mcfs - Actual | AJ43: RS,GS,MS Mcfs - Actual
C44: RS,GS,MS Mcfs - Actual vs Projected | D44: =D43-D40 -> -21114.6 | E44: =E43-E40 -> 9004.9 | F44: =F43-F40 -> -5427.5 | G44: =G43-G40 -> -113844.4 | H44: =H43-H40 -> -90211.1 | I44: =I43-I40 -> -191052.35 | J44: =J43-J40 -> -150497.3 | K44: =K43-K40 -> -50092.1 | ... N44: =N43-N40 -> -51236.8 | T44: RS,GS,MS Mcfs - Actual vs Projected | AJ44: RS,GS,MS Mcfs - Actual vs Projected
C45: RS,GS,MS - Actual vs Projected Demand Revenue | D45: =D44*D41 -> -39978.394 | E45: =E44*E41 -> 17049.882 | F45: =F44*F41 -> -10276.431 | G45: =G44*G41 -> -215553.04 | H45: =H44*H41 -> -170805.74 | I45: =I44*I41 -> -361738.62 | J45: =J44*J41 -> -284951.66 | K45: =K44*K41 -> -94844.408 | ... N45: =N44*N41 -> -97011.783 | T45: RS,GS,MS - Actual vs Projected Demand Revenue | AJ45: RS,GS,MS - Actual vs Projected Demand Revenue
C46: RS,GS,MS - Actual vs Projected Cumlative Demand Revenue | D46: =D45 -> -39978.394 | E46: =D46+E45 -> -22928.512 | F46: =E46+F45 -> -33204.943 | G46: =F46+G45 -> -248757.99 | H46: =G46+H45 -> -419563.73 | I46: =H46+I45 -> -781302.35 | J46: =I46+J45 -> -1066254 | K46: =J46+K45 -> -1161098.4 | L46: =K46+L45 -> -2022213.5 | ... N46: =M46+N45 -> -2433035.2 | T46: RS,GS,MS - Actual vs Projected Cumlative Demand Revenue | AJ46: RS,GS,MS - Actual vs Projected Cumlative Demand Revenue
C47: RS,GS,MS Average Unit Demand Cost + PGC Unit Commodity Costs $/Mcf | D47: =D36+D41 -> 5.7347368 | E47: =E36+E41 -> 5.8761284 | F47: =F36+F41 -> 5.3580025 | G47: =G36+G41 -> 6.2934277 | H47: =H36+H41 -> 5.4787013 | I47: =I36+I41 -> 5.9278252 | J47: =J36+J41 -> 6.3081309 | K47: =K36+K41 -> 5.7797906 | ... P47: =P36+P41 -> 5.7316411 | Q47: YR$/CUSTOMER | T47: RS,GS,MS Average Unit Demand Cost + PGC Unit Commodity Costs $/Mcf | U47: =U36+U41 -> 5.518058 | V47: =V36+V41 -> 5.7720738 | W47: =W36+W41 -> 5.849603 | X47: =X36+X41 -> 5.7964076 | Y47: =Y36+Y41 -> 5.7925903 | Z47: =Z36+Z41 -> 5.9081267 | AA47: =AA36+AA41 -> 5.9762014 | AB47: =AB36+AB41 -> 5.9916791 | ... AG47: =AG36+AG41 -> 5.9243831 | AJ47: RS,GS,MS Average Unit Demand Cost + PGC Unit Commodity Costs $/Mcf | AK47: =AK36+AK41 -> 5.9966171 | AL47: =AL36+AL41 -> 6.0214779 | AM47: =AM36+AM41 -> 6.030759 | AN47: =AN36+AN41 -> 6.082389 | AO47: =AO36+AO41 -> 6.2179854 | AP47: =AP36+AP41 -> 6.1992556 | AQ47: =AQ36+AQ41 -> 6.2592345 | AR47: =AR36+AR41 -> 6.2478857 | ... AW47: =AW36+AW41 -> 6.2291175
C48: RS,GS,MS PGC Costs | D48: =(D35-D52)+D37 -> 2086231.7 | E48: =(E35-E52)+E37 -> 2201467.6 | F48: =(F35-F52)+F37 -> 2170239.3 | G48: =(G35-G52)+G37 -> 3481967.9 | H48: =(H35-H52)+H37 -> 4666230.4 | I48: =(I35-I52)+I37 -> 6866635.5 | J48: =(J35-J52)+J37 -> 8280198.3 | K48: =(K35-K52)+K37 -> 6841282.3 | ... O48: =(O35-O52)+O37 -> 1797721 | P48: =SUM(D48:O48) -> 47321861 | Q48: =P42/Q42 -> 157.85828 | T48: RS,GS,MS PGC Costs | U48: =(U35-U52)+U37 -> 2110986.1 | V48: =(V35-V52)+V37 -> 2163367.2 | W48: =(W35-W52)+W37 -> 2337169.5 | X48: =(X35-X52)+X37 -> 3731581.9 | Y48: =(Y35-Y52)+Y37 -> 5411775.2 | Z48: =(Z35-Z52)+Z37 -> 7730031.7 | AA48: =(AA35-AA52)+AA37 -> 8499945.9 | AB48: =(AB35-AB52)+AB37 -> 7263871.5 | ... AF48: =(AF35-AF52)+AF37 -> 2164226.1 | AG48: =SUM(U48:AF48) -> 54385256 | AJ48: RS,GS,MS PGC Costs | AK48: =(AK35-AK52)+AK37 -> 2231870.1 | AL48: =(AL35-AL52)+AL37 -> 2237092.2 | AM48: =(AM35-AM52)+AM37 -> 2407846.2 | AN48: =(AN35-AN52)+AN37 -> 3953065.3 | AO48: =(AO35-AO52)+AO37 -> 5934465.3 | AP48: =(AP35-AP52)+AP37 -> 8333571.6 | AQ48: =(AQ35-AQ52)+AQ37 -> 9154896.1 | AR48: =(AR35-AR52)+AR37 -> 7762777 | ... AV48: =(AV35-AV52)+AV37 -> 2312809.1 | AW48: =SUM(AK48:AV48) -> 58107082
C49: RS,GS,MS PGC YTD Costs | D49: =D48 -> 2086231.7 | E49: =D49+E48 -> 4287699.4 | F49: =E49+F48 -> 6457938.6 | G49: =F49+G48 -> 9939906.5 | H49: =G49+H48 -> 14606137 | I49: =H49+I48 -> 21472772 | J49: =I49+J48 -> 29752971 | K49: =J49+K48 -> 36594253 | L49: =K49+L48 -> 40682942 | ... O49: =N49+O48 -> 47321861 | Q49: MTH$/CUSTOMER | T49: RS,GS,MS PGC Cumulative Costs | U49: =U48 -> 2110986.1 | V49: =U49+V48 -> 4274353.3 | W49: =V49+W48 -> 6611522.8 | X49: =W49+X48 -> 10343105 | Y49: =X49+Y48 -> 15754880 | Z49: =Y49+Z48 -> 23484911 | AA49: =Z49+AA48 -> 31984857 | AB49: =AA49+AB48 -> 39248729 | AC49: =AB49+AC48 -> 45519253 | ... AF49: =AE49+AF48 -> 54385256 | AJ49: RS,GS,MS PGC Cumulative Costs | AK49: =AK48 -> 2231870.1 | AL49: =AK49+AL48 -> 4468962.3 | AM49: =AL49+AM48 -> 6876808.4 | AN49: =AM49+AN48 -> 10829874 | AO49: =AN49+AO48 -> 16764339 | AP49: =AO49+AP48 -> 25097911 | AQ49: =AP49+AQ48 -> 34252807 | AR49: =AQ49+AR48 -> 42015584 | AS49: =AR49+AS48 -> 48695775 | ... AV49: =AU49+AV48 -> 58107082
C51: CIS Unit Commodity Costs $/Mcf | D51: =D36 -> 3.8413363 | E51: =E36 -> 3.9827278 | F51: =F36 -> 3.464602 | G51: =G36 -> 4.4000272 | H51: =H36 -> 3.5853008 | I51: =I36 -> 4.0344247 | J51: =J36 -> 4.4147304 | K51: =K36 -> 3.8863901 | ... P51: =P36 -> 3.8382406 | Q51: =Q48/12 -> 13.154857 | T51: CIS Unit Commodity Costs $/Mcf | U51: =U36 -> 3.6158964 | V51: =V36 -> 3.8699122 | W51: =W36 -> 3.9474414 | X51: =X36 -> 3.894246 | Y51: =Y36 -> 3.8904287 | Z51: =Z36 -> 4.0059651 | AA51: =AA36 -> 4.0740397 | AB51: =AB36 -> 4.0895175 | ... AG51: =AG36 -> 4.0222215 | AJ51: CIS Unit Commodity Costs $/Mcf | AK51: =AK36 -> 4.1252102 | AL51: =AL36 -> 4.150071 | AM51: =AM36 -> 4.1593521 | AN51: =AN36 -> 4.2109821 | AO51: =AO36 -> 4.3465785 | AP51: =AP36 -> 4.3278487 | AQ51: =AQ36 -> 4.3878276 | AR51: =AR36 -> 4.3764788 | ... AW51: =AW36 -> 4.3577106
C52: CIS Commodity Costs | D52: =D51*D11 -> 213401.21 | E52: =E51*E11 -> 256413.59 | F52: =F51*F11 -> 255561.86 | G52: =G51*G11 -> 462309.97 | H52: =H51*H11 -> 548047.65 | I52: =I51*I11 -> 837224.21 | J52: =J51*J11 -> 998406.29 | K52: =K51*K11 -> 776552.03 | ... O52: =O51*O11 -> 158599.58 | P52: =SUM(D52:O52) -> 5615536.6 | T52: CIS Commodity Costs | U52: =U51*U11 -> 226651.62 | V52: =V51*V11 -> 242573.83 | W52: =W51*W11 -> 259516.64 | X52: =X51*X11 -> 399409.44 | Y52: =Y51*Y11 -> 572169.24 | Z52: =Z51*Z11 -> 834560.7 | AA52: =AA51*AA11 -> 921221.87 | AB52: =AB51*AB11 -> 771195.08 | ... AF52: =AF51*AF11 -> 236136.91 | AG52: =SUM(U52:AF52) -> 5898458.7 | AJ52: CIS Commodity Costs | AK52: =AK51*AK11 -> 258576.43 | AL52: =AL51*AL11 -> 260134.75 | AM52: =AM51*AM11 -> 273448.29 | AN52: =AN51*AN11 -> 431895.17 | AO52: =AO51*AO11 -> 639255.65 | AP52: =AP51*AP11 -> 901618.55 | AQ52: =AQ51*AQ11 -> 992175.58 | AR52: =AR51*AR11 -> 825309.8 | ... AV52: =AV51*AV11 -> 274965.59 | AW52: =SUM(AK52:AV52) -> 6406205.6
C53: CIS YTD Commodity Costs | D53: =D52 -> 213401.21 | E53: =D53+E52 -> 469814.81 | F53: =E53+F52 -> 725376.67 | G53: =F53+G52 -> 1187686.6 | H53: =G53+H52 -> 1735734.3 | I53: =H53+I52 -> 2572958.5 | J53: =I53+J52 -> 3571364.8 | K53: =J53+K52 -> 4347916.8 | L53: =K53+L52 -> 4907882.9 | ... O53: =N53+O52 -> 5615536.6 | T53: CIS Cumulative Commodity Costs | U53: =U52 -> 226651.62 | V53: =U53+V52 -> 469225.45 | W53: =V53+W52 -> 728742.09 | X53: =W53+X52 -> 1128151.5 | Y53: =X53+Y52 -> 1700320.8 | Z53: =Y53+Z52 -> 2534881.5 | AA53: =Z53+AA52 -> 3456103.3 | AB53: =AA53+AB52 -> 4227298.4 | AC53: =AB53+AC52 -> 4909632.4 | ... AF53: =AE53+AF52 -> 5898458.7 | AJ53: CIS Cumulative Commodity Costs | AK53: =AK52 -> 258576.43 | AL53: =AK53+AL52 -> 518711.18 | AM53: =AL53+AM52 -> 792159.46 | AN53: =AM53+AN52 -> 1224054.6 | AO53: =AN53+AO52 -> 1863310.3 | AP53: =AO53+AP52 -> 2764928.8 | AQ53: =AP53+AQ52 -> 3757104.4 | AR53: =AQ53+AR52 -> 4582414.2 | AS53: =AR53+AS52 -> 5312168.2 | ... AV53: =AU53+AV52 -> 6406205.6
C54: Total PGC Costs (w/o CIS Demand) | D54: =SUM(D35,D37) -> 2299632.9 | E54: =SUM(E35,E37) -> 2457881.2 | F54: =SUM(F35,F37) -> 2425801.1 | G54: =SUM(G35,G37) -> 3944277.8 | H54: =SUM(H35,H37) -> 5214278.1 | I54: =SUM(I35,I37) -> 7703859.7 | J54: =SUM(J35,J37) -> 9278604.6 | K54: =SUM(K35,K37) -> 7617834.3 | ... O54: =SUM(O35,O37) -> 1956320.6 | P54: =SUM(D54:O54) -> 52937398 | T54: Total PGC Costs (w/o CIS Demand) | U54: =SUM(U35,U37) -> 2337637.7 | V54: =SUM(V35,V37) -> 2405941.1 | W54: =SUM(W35,W37) -> 2596686.1 | X54: =SUM(X35,X37) -> 4130991.3 | Y54: =SUM(Y35,Y37) -> 5983944.4 | Z54: =SUM(Z35,Z37) -> 8564592.4 | AA54: =SUM(AA35,AA37) -> 9421167.8 | AB54: =SUM(AB35,AB37) -> 8035066.6 | ... AF54: =SUM(AF35,AF37) -> 2400363 | AG54: =SUM(U54:AF54) -> 60283715 | AJ54: Total PGC Costs (w/o CIS Demand) | AK54: =SUM(AK35,AK37) -> 2490446.5 | AL54: =SUM(AL35,AL37) -> 2497227 | AM54: =SUM(AM35,AM37) -> 2681294.5 | AN54: =SUM(AN35,AN37) -> 4384960.4 | AO54: =SUM(AO35,AO37) -> 6573720.9 | AP54: =SUM(AP35,AP37) -> 9235190.1 | AQ54: =SUM(AQ35,AQ37) -> 10147072 | AR54: =SUM(AR35,AR37) -> 8588086.8 | ... AV54: =SUM(AV35,AV37) -> 2587774.7 | AW54: =SUM(AK54:AV54) -> 64513287
C55: PGC YTD Costs (w/o CIS Demand) | D55: =D54 -> 2299632.9 | E55: =E54+D55 -> 4757514.2 | F55: =F54+E55 -> 7183315.3 | G55: =G54+F55 -> 11127593 | H55: =H54+G55 -> 16341871 | I55: =I54+H55 -> 24045731 | J55: =J54+I55 -> 33324336 | K55: =K54+J55 -> 40942170 | L55: =L54+K55 -> 45590825 | ... O55: =O54+N55 -> 52937398 | T55: PGC YTD Costs (w/o CIS Demand) | U55: =U54 -> 2337637.7 | V55: =V54+U55 -> 4743578.8 | W55: =W54+V55 -> 7340264.9 | X55: =X54+W55 -> 11471256 | Y55: =Y54+X55 -> 17455201 | Z55: =Z54+Y55 -> 26019793 | AA55: =AA54+Z55 -> 35440961 | AB55: =AB54+AA55 -> 43476027 | AC55: =AC54+AB55 -> 50428885 | ... AF55: =AF54+AE55 -> 60283715 | AJ55: PGC YTD Costs (w/o CIS Demand) | AK55: =AK54 -> 2490446.5 | AL55: =AL54+AK55 -> 4987673.4 | AM55: =AM54+AL55 -> 7668967.9 | AN55: =AN54+AM55 -> 12053928 | AO55: =AO54+AN55 -> 18627649 | AP55: =AP54+AO55 -> 27862839 | AQ55: =AQ54+AP55 -> 38009911 | AR55: =AR54+AQ55 -> 46597998 | AS55: =AS54+AR55 -> 54007943 | ... AV55: =AV54+AU55 -> 64513287
C56: PGC Billed and Uncollected | D56: 200000 | E56: 220000 | F56: 100000 | G56: 60000 | H56: 30000 | I56: 0 | J56: 0 | K56: 0 | L56: 40000 | M56: 155000 | N56: 185000 | O56: 190000 | P56: =SUM(D56:O56) -> 1180000 | T56: PGC Billed and Uncollected | U56: 200000 | V56: 220000 | W56: 100000 | X56: 60000 | Y56: 30000 | Z56: 0 | AA56: 0 | AB56: 0 | AC56: 40000 | AD56: 155000 | AE56: 185000 | AF56: 190000 | AG56: =SUM(U56:AF56) -> 1180000 | AJ56: PGC Billed and Uncollected | AK56: 200000 | AL56: 220000 | AM56: 100000 | AN56: 60000 | AO56: 30000 | AP56: 0 | AQ56: 0 | AR56: 0 | AS56: 40000 | AT56: 155000 | AU56: 185000 | AV56: 190000 | AW56: =SUM(AK56:AV56) -> 1180000
C57: YTD PGC Billed and Uncollected | D57: =D56 -> 200000 | E57: =D57+E56 -> 420000 | F57: =E57+F56 -> 520000 | G57: =F57+G56 -> 580000 | H57: =G57+H56 -> 610000 | I57: =H57+I56 -> 610000 | J57: =I57+J56 -> 610000 | K57: =J57+K56 -> 610000 | L57: =K57+L56 -> 650000 | ... O57: =N57+O56 -> 1180000 | T57: YTD PGC Billed and Uncollected | U57: =U56 -> 200000 | V57: =U57+V56 -> 420000 | W57: =V57+W56 -> 520000 | X57: =W57+X56 -> 580000 | Y57: =X57+Y56 -> 610000 | Z57: =Y57+Z56 -> 610000 | AA57: =Z57+AA56 -> 610000 | AB57: =AA57+AB56 -> 610000 | AC57: =AB57+AC56 -> 650000 | ... AF57: =AE57+AF56 -> 1180000 | AJ57: YTD PGC Billed and Uncollected | AK57: =AK56 -> 200000 | AL57: =AK57+AL56 -> 420000 | AM57: =AL57+AM56 -> 520000 | AN57: =AM57+AN56 -> 580000 | AO57: =AN57+AO56 -> 610000 | AP57: =AO57+AP56 -> 610000 | AQ57: =AP57+AQ56 -> 610000 | AR57: =AQ57+AR56 -> 610000 | AS57: =AR57+AS56 -> 650000 | ... AV57: =AU57+AV56 -> 1180000
C58: Total PGC Costs (w/o CIS Demand) and PGC Billed and Uncollected | D58: =D54+D56 -> 2499632.9 | E58: =E54+E56 -> 2677881.2 | F58: =F54+F56 -> 2525801.1 | G58: =G54+G56 -> 4004277.8 | H58: =H54+H56 -> 5244278.1 | I58: =I54+I56 -> 7703859.7 | J58: =J54+J56 -> 9278604.6 | K58: =K54+K56 -> 7617834.3 | ... O58: =O54+O56 -> 2146320.6 | P58: =SUM(D58:O58) -> 54117398 | T58: Total PGC Costs (w/o CIS Demand) and PGC Billed and Uncollected | U58: =U54+U56 -> 2537637.7 | V58: =V54+V56 -> 2625941.1 | W58: =W54+W56 -> 2696686.1 | X58: =X54+X56 -> 4190991.3 | Y58: =Y54+Y56 -> 6013944.4 | Z58: =Z54+Z56 -> 8564592.4 | AA58: =AA54+AA56 -> 9421167.8 | AB58: =AB54+AB56 -> 8035066.6 | ... AF58: =AF54+AF56 -> 2590363 | AJ58: Total PGC Costs (w/o CIS Demand) and PGC Billed and Uncollected | AK58: =AK54+AK56 -> 2690446.5 | AL58: =AL54+AL56 -> 2717227 | AM58: =AM54+AM56 -> 2781294.5 | AN58: =AN54+AN56 -> 4444960.4 | AO58: =AO54+AO56 -> 6603720.9 | AP58: =AP54+AP56 -> 9235190.1 | AQ58: =AQ54+AQ56 -> 10147072 | AR58: =AR54+AR56 -> 8588086.8 | ... AV58: =AV54+AV56 -> 2777774.7
C59: PGC YTD Costs (w/o CIS Demand) and PGC Billed and Uncollected | D59: =D55+D57 -> 2499632.9 | E59: =E55+E57 -> 5177514.2 | F59: =F55+F57 -> 7703315.3 | G59: =G55+G57 -> 11707593 | H59: =H55+H57 -> 16951871 | I59: =I55+I57 -> 24655731 | J59: =J55+J57 -> 33934336 | K59: =K55+K57 -> 41552170 | ... O59: =O55+O57 -> 54117398 | T59: PGC YTD Costs (w/o CIS Demand) and PGC Billed and Uncollected | U59: =U55+U57 -> 2537637.7 | V59: =V55+V57 -> 5163578.8 | W59: =W55+W57 -> 7860264.9 | X59: =X55+X57 -> 12051256 | Y59: =Y55+Y57 -> 18065201 | Z59: =Z55+Z57 -> 26629793 | AA59: =AA55+AA57 -> 36050961 | AB59: =AB55+AB57 -> 44086027 | ... AF59: =AF55+AF57 -> 61463715 | AJ59: PGC YTD Costs (w/o CIS Demand) and PGC Billed and Uncollected | AK59: =AK55+AK57 -> 2690446.5 | AL59: =AL55+AL57 -> 5407673.4 | AM59: =AM55+AM57 -> 8188967.9 | AN59: =AN55+AN57 -> 12633928 | AO59: =AO55+AO57 -> 19237649 | AP59: =AP55+AP57 -> 28472839 | AQ59: =AQ55+AQ57 -> 38619911 | AR59: =AR55+AR57 -> 47207998 | ... AV59: =AV55+AV57 -> 65693287
C60: CIS Demand Costs | D60: 155656.86 | E60: 166031.69 | F60: 176229.64 | G60: 171951.19 | H60: 166741.39 | I60: 170871.49 | J60: 152869.35 | K60: 129335.56 | L60: 134635.11 | M60: 128146.62 | N60: 127996 | O60: 150000 | P60: =SUM(D60:O60) -> 1830464.9 | T60: CIS Demand Costs | U60: 150000 | V60: 150000 | W60: 150000 | X60: 150000 | Y60: 150000 | Z60: 150000 | AA60: 150000 | AB60: 150000 | AC60: 150000 | AD60: 150000 | AE60: 150000 | AF60: 150000 | AG60: =SUM(U60:AF60) -> 1800000 | AJ60: CIS Demand Costs | AK60: 150000 | AL60: 150000 | AM60: 150000 | AN60: 150000 | AO60: 150000 | AP60: 150000 | AQ60: 150000 | AR60: 150000 | AS60: 150000 | AT60: 150000 | AU60: 150000 | AV60: 150000 | AW60: =SUM(AK60:AV60) -> 1800000
C61: Total PGC Costs (with CIS Demand) | D61: =D54+D60 -> 2455289.8 | E61: =E54+E60 -> 2623912.9 | F61: =F54+F60 -> 2602030.8 | G61: =G54+G60 -> 4116229 | H61: =H54+H60 -> 5381019.4 | I61: =I54+I60 -> 7874731.2 | J61: =J54+J60 -> 9431473.9 | K61: =K54+K60 -> 7747169.9 | ... O61: =O54+O60 -> 2106320.6 | P61: =SUM(D61:O61) -> 54767863 | T61: Total PGC Costs (with CIS Demand) | U61: =U54+U60 -> 2487637.7 | V61: =V54+V60 -> 2555941.1 | W61: =W54+W60 -> 2746686.1 | X61: =X54+X60 -> 4280991.3 | Y61: =Y54+Y60 -> 6133944.4 | Z61: =Z54+Z60 -> 8714592.4 | AA61: =AA54+AA60 -> 9571167.8 | AB61: =AB54+AB60 -> 8185066.6 | ... AF61: =AF54+AF60 -> 2550363 | AG61: =SUM(U61:AF61) -> 62083715 | AJ61: Total PGC Costs (with CIS Demand) | AK61: =AK54+AK60 -> 2640446.5 | AL61: =AL54+AL60 -> 2647227 | AM61: =AM54+AM60 -> 2831294.5 | AN61: =AN54+AN60 -> 4534960.4 | AO61: =AO54+AO60 -> 6723720.9 | AP61: =AP54+AP60 -> 9385190.1 | AQ61: =AQ54+AQ60 -> 10297072 | AR61: =AR54+AR60 -> 8738086.8 | ... AV61: =AV54+AV60 -> 2737774.7 | AW61: =SUM(AK61:AV61) -> 66313287
C62: PGC YTD Costs (with CIS Demand) | D62: =D61 -> 2455289.8 | E62: =D62+E61 -> 5079202.7 | F62: =E62+F61 -> 7681233.5 | G62: =F62+G61 -> 11797463 | H62: =G62+H61 -> 17178482 | I62: =H62+I61 -> 25053213 | J62: =I62+J61 -> 34484687 | K62: =J62+K61 -> 42231857 | L62: =K62+L61 -> 47015148 | ... O62: =N62+O61 -> 54767863 | T62: PGC YTD Costs (with CIS Demand) | U62: =U61 -> 2487637.7 | V62: =U62+V61 -> 5043578.8 | W62: =V62+W61 -> 7790264.9 | X62: =W62+X61 -> 12071256 | Y62: =X62+Y61 -> 18205201 | Z62: =Y62+Z61 -> 26919793 | AA62: =Z62+AA61 -> 36490961 | AB62: =AA62+AB61 -> 44676027 | AC62: =AB62+AC61 -> 51778885 | ... AF62: =AE62+AF61 -> 62083715 | AJ62: PGC Cumulative Costs (with CIS Demand) | AK62: =AK61 -> 2640446.5 | AL62: =AK62+AL61 -> 5287673.4 | AM62: =AL62+AM61 -> 8118967.9 | AN62: =AM62+AN61 -> 12653928 | AO62: =AN62+AO61 -> 19377649 | AP62: =AO62+AP61 -> 28762839 | AQ62: =AP62+AQ61 -> 39059911 | AR62: =AQ62+AR61 -> 47797998 | AS62: =AR62+AS61 -> 55357943 | ... AV62: =AU62+AV61 -> 66313287
C64: Non-PGC Hedge Mcfs | D64: =+'NON-PGC HEDGE '!B27 -> 41207.7 | E64: =+'NON-PGC HEDGE '!C27 -> 49269.5 | F64: =+'NON-PGC HEDGE '!D27 -> 42827.6 | G64: =+'NON-PGC HEDGE '!E27 -> 53890.9 | H64: =+'NON-PGC HEDGE '!F33 -> 81000 | I64: =+'NON-PGC HEDGE '!G33 -> 97650 | J64: =+'NON-PGC HEDGE '!H33 -> 97650 | K64: =+'NON-PGC HEDGE '!I33 -> 91350 | L64: =+'NON-PGC HEDGE '!J33 -> 83700 | M64: 0 | N64: 0 | O64: 0 | P64: =SUM(D64:O64) -> 638545.7 | T64: Non-PGC Hedge Mcfs | U64: 0 | V64: 0 | W64: 0 | X64: 0 | Y64: 0 | Z64: 0 | AA64: 0 | AB64: 0 | AC64: 0 | AD64: 0 | AE64: 0 | AF64: 0 | AG64: =SUM(U64:AF64) -> 0 | AJ64: Non-PGC Hedge Mcfs | AK64: 0 | AL64: 0 | AM64: 0 | AN64: 0 | AO64: 0 | AP64: 0 | AQ64: 0 | AR64: 0 | AS64: 0 | AT64: 0 | AU64: 0 | AV64: 0 | AW64: =SUM(AK64:AV64) -> 0
C65: Non-PGC Hedge $/Mcf | D65: =+'NON-PGC HEDGE '!B35 -> 4.7 | E65: =+'NON-PGC HEDGE '!C35 -> 4.7 | F65: =+'NON-PGC HEDGE '!D35 -> 4.7 | G65: =+'NON-PGC HEDGE '!E35 -> 4.7 | H65: 4.72 | I65: 4.72 | J65: 4.72 | K65: 4.72 | L65: 4.72 | T65: Non-PGC Hedge $/Mcf | AJ65: Non-PGC Hedge $/Mcf
C66: Non-PGC Hedge Costs | D66: =D64*D65 -> 193676.19 | E66: =E64*E65 -> 231566.65 | F66: =F64*F65 -> 201289.72 | G66: =G64*G65 -> 253287.23 | H66: =H64*H65 -> 382320 | I66: =I64*I65 -> 460908 | J66: =J64*J65 -> 460908 | K66: =K64*K65 -> 431172 | ... O66: =O64*O65 -> 0 | P66: =SUM(D66:O66) -> 3010191.8 | T66: Non-PGC Hedge Costs | U66: =U64*U65 -> 0 | V66: =V64*V65 -> 0 | W66: =W64*W65 -> 0 | X66: =X64*X65 -> 0 | Y66: =Y64*Y65 -> 0 | Z66: =Z64*Z65 -> 0 | AA66: =AA64*AA65 -> 0 | AB66: =AB64*AB65 -> 0 | ... AF66: =AF64*AF65 -> 0 | AG66: =SUM(U66:AF66) -> 0 | AJ66: Non-PGC Hedge Costs | AK66: =AK64*AK65 -> 0 | AL66: =AL64*AL65 -> 0 | AM66: =AM64*AM65 -> 0 | AN66: =AN64*AN65 -> 0 | AO66: =AO64*AO65 -> 0 | AP66: =AP64*AP65 -> 0 | AQ66: =AQ64*AQ65 -> 0 | AR66: =AR64*AR65 -> 0 | ... AV66: =AV64*AV65 -> 0 | AW66: =SUM(AK66:AV66) -> 0
C67: Non-PGC WACOG Mcfs | D67: =D13-D64 -> 175603.4 | E67: =E13-E64 -> 191066.9 | F67: =F13-F64 -> 212952.2 | G67: =G13-G64 -> 221548.9 | H67: =H13-H64 -> 249773.9 | I67: =I13-I64 -> 260204.1 | J67: =J13-J64 -> 274387 | K67: =K13-K64 -> 260965.7 | ... O67: =O13-O64 -> 229430.5 | P67: =SUM(D67:O67) -> 2809925.9 | T67: Non-PGC WACOG Mcfs | U67: =U13-U64 -> 224940 | V67: =V13-V64 -> 239240 | W67: =W13-W64 -> 254540 | X67: =X13-X64 -> 278940 | Y67: =Y13-Y64 -> 336440 | Z67: =Z13-Z64 -> 427440 | AA67: =AA13-AA64 -> 449440 | AB67: =AB13-AB64 -> 367440 | ... AF67: =AF13-AF64 -> 249440 | AG67: =SUM(U67:AF67) -> 3712680 | AJ67: Non-PGC WACOG Mcfs | AK67: =AK13-AK64 -> 236500 | AL67: =AL13-AL64 -> 251500 | AM67: =AM13-AM64 -> 257200 | AN67: =AN13-AN64 -> 291700 | AO67: =AO13-AO64 -> 346200 | AP67: =AP13-AP64 -> 445200 | AQ67: =AQ13-AQ64 -> 466200 | AR67: =AR13-AR64 -> 373200 | ... AV67: =AV13-AV64 -> 257200 | AW67: =SUM(AK67:AV67) -> 3841000
C68: Non-PGC WACOG $/Mcf | D68: =+'FT GAS'!G123 -> 4.9197906 | E68: =+'FT GAS'!H123 -> 4.8784642 | F68: =+'FT GAS'!I123 -> 4.3613264 | G68: =+'FT GAS'!J123 -> 4.2518674 | H68: =+'FT GAS'!K123 -> 3.9893892 | I68: =+'FT GAS'!L123 -> 3.8106806 | J68: =+'FT GAS'!M123 -> 3.4979407 | K68: =+'FT GAS'!N123 -> 3.0444677 | ... O68: =+'FT GAS'!R123 -> 2.7663525 | P68: =P69/P67 -> 3.5224558 | T68: Non-PGC WACOG $/Mcf | U68: =+'FT GAS'!X123 -> 3.1516928 | V68: =+'FT GAS'!Y123 -> 3.4945899 | W68: =+'FT GAS'!Z123 -> 3.4890052 | X68: =+'FT GAS'!AA123 -> 3.4968237 | Y68: =+'FT GAS'!AB123 -> 3.648726 | Z68: =+'FT GAS'!AC123 -> 3.9078534 | AA68: =+'FT GAS'!AD123 -> 4.0530541 | AB68: =+'FT GAS'!AE123 -> 4.0597557 | ... AF68: =+'FT GAS'!AI123 -> 4.0295986 | AG68: =AG69/AG67 -> 3.8131202 | AJ68: Non-PGC WACOG $/Mcf | AK68: =+'FT GAS'!AO123 -> 4.0787435 | AL68: =+'FT GAS'!AP123 -> 4.1044328 | AM68: =+'FT GAS'!AQ123 -> 4.1100175 | AN68: =+'FT GAS'!AR123 -> 4.147993 | AO68: =+'FT GAS'!AS123 -> 4.2753229 | AP68: =+'FT GAS'!AT123 -> 4.5054101 | AQ68: =+'FT GAS'!AU123 -> 4.6305061 | AR68: =+'FT GAS'!AV123 -> 4.6070506 | ... AV68: =+'FT GAS'!AZ123 -> 4.4048866 | AW68: =AW69/AW67 -> 4.3779123
C69: Non-PGC WACOG Costs | D69: =D67*D68 -> 863931.95 | E69: =E67*E68 -> 932113.04 | F69: =F67*F68 -> 928754.04 | G69: =G67*G68 -> 941996.54 | H69: =H67*H68 -> 996445.29 | I69: =I67*I68 -> 991554.72 | J69: =J67*J68 -> 959789.44 | K69: =K67*K68 -> 794501.65 | ... O69: =O67*O68 -> 634685.64 | P69: =SUM(D69:O69) -> 9897839.7 | T69: Non-PGC WACOG Costs | U69: =U67*U68 -> 708941.79 | V69: =V67*V68 -> 836045.68 | W69: =W67*W68 -> 888091.39 | X69: =X67*X68 -> 975404.01 | Y69: =Y67*Y68 -> 1227577.4 | Z69: =Z67*Z68 -> 1670372.9 | AA69: =AA67*AA68 -> 1821604.6 | AB69: =AB67*AB68 -> 1491716.6 | ... AF69: =AF67*AF68 -> 1005143.1 | AG69: =SUM(U69:AF69) -> 14156895 | AJ69: Non-PGC WACOG Costs | AK69: =AK67*AK68 -> 964622.83 | AL69: =AL67*AL68 -> 1032264.9 | AM69: =AM67*AM68 -> 1057096.5 | AN69: =AN67*AN68 -> 1209969.6 | AO69: =AO67*AO68 -> 1480116.8 | AP69: =AP67*AP68 -> 2005808.6 | AQ69: =AQ67*AQ68 -> 2158741.9 | AR69: =AR67*AR68 -> 1719351.3 | ... AV69: =AV67*AV68 -> 1132936.8 | AW69: =SUM(AK69:AV69) -> 16815561
C70: Non-PGC Commodity Costs | D70: =SUM(D66,D69) -> 1057608.1 | E70: =SUM(E66,E69) -> 1163679.7 | F70: =SUM(F66,F69) -> 1130043.8 | G70: =SUM(G66,G69) -> 1195283.8 | H70: =SUM(H66,H69) -> 1378765.3 | I70: =SUM(I66,I69) -> 1452462.7 | J70: =SUM(J66,J69) -> 1420697.4 | K70: =SUM(K66,K69) -> 1225673.6 | ... O70: =SUM(O66,O69) -> 634685.64 | P70: =SUM(D70:O70) -> 12908031 | T70: Non-PGC Commodity Costs | U70: =SUM(U66,U69) -> 708941.79 | V70: =SUM(V66,V69) -> 836045.68 | W70: =SUM(W66,W69) -> 888091.39 | X70: =SUM(X66,X69) -> 975404.01 | Y70: =SUM(Y66,Y69) -> 1227577.4 | Z70: =SUM(Z66,Z69) -> 1670372.9 | AA70: =SUM(AA66,AA69) -> 1821604.6 | AB70: =SUM(AB66,AB69) -> 1491716.6 | ... AF70: =SUM(AF66,AF69) -> 1005143.1 | AG70: =SUM(U70:AF70) -> 14156895 | AJ70: Non-PGC Commodity Costs | AK70: =SUM(AK66,AK69) -> 964622.83 | AL70: =SUM(AL66,AL69) -> 1032264.9 | AM70: =SUM(AM66,AM69) -> 1057096.5 | AN70: =SUM(AN66,AN69) -> 1209969.6 | AO70: =SUM(AO66,AO69) -> 1480116.8 | AP70: =SUM(AP66,AP69) -> 2005808.6 | AQ70: =SUM(AQ66,AQ69) -> 2158741.9 | AR70: =SUM(AR66,AR69) -> 1719351.3 | ... AV70: =SUM(AV66,AV69) -> 1132936.8 | AW70: =SUM(AK70:AV70) -> 16815561
C71: Non-PGC Demand Costs (LVS) | D71: 147721.43 | E71: 157851.42 | F71: 161306.47 | G71: 165139.52 | H71: 154593.85 | I71: 152665.02 | J71: 149246.17 | K71: 137895.24 | L71: 134729.33 | M71: 133822.38 | N71: 133226.27 | O71: 150000 | P71: =SUM(D71:O71) -> 1778197.1 | T71: Non-PGC Demand Costs (LVS) | U71: 150000 | V71: 150000 | W71: 150000 | X71: 150000 | Y71: 150000 | Z71: 150000 | AA71: 150000 | AB71: 150000 | AC71: 150000 | AD71: 150000 | AE71: 150000 | AF71: 150000 | AG71: =SUM(U71:AF71) -> 1800000 | AJ71: Non-PGC Demand Costs (LVS) | AK71: 150000 | AL71: 150000 | AM71: 150000 | AN71: 150000 | AO71: 150000 | AP71: 150000 | AQ71: 150000 | AR71: 150000 | AS71: 150000 | AT71: 150000 | AU71: 150000 | AV71: 150000 | AW71: =SUM(AK71:AV71) -> 1800000
C72: Total Non-PGC Costs | D72: =SUM(D70:D71) -> 1205329.6 | E72: =SUM(E70:E71) -> 1321531.1 | F72: =SUM(F70:F71) -> 1291350.2 | G72: =SUM(G70:G71) -> 1360423.3 | H72: =SUM(H70:H71) -> 1533359.1 | I72: =SUM(I70:I71) -> 1605127.7 | J72: =SUM(J70:J71) -> 1569943.6 | K72: =SUM(K70:K71) -> 1363568.9 | ... O72: =SUM(O70:O71) -> 784685.64 | P72: =SUM(D72:O72) -> 14686229 | T72: Total Non-PGC Costs | U72: =SUM(U70:U71) -> 858941.79 | V72: =SUM(V70:V71) -> 986045.68 | W72: =SUM(W70:W71) -> 1038091.4 | X72: =SUM(X70:X71) -> 1125404 | Y72: =SUM(Y70:Y71) -> 1377577.4 | Z72: =SUM(Z70:Z71) -> 1820372.9 | AA72: =SUM(AA70:AA71) -> 1971604.6 | AB72: =SUM(AB70:AB71) -> 1641716.6 | ... AF72: =SUM(AF70:AF71) -> 1155143.1 | AG72: =SUM(U72:AF72) -> 15956895 | AJ72: Total Non-PGC Costs | AK72: =SUM(AK70:AK71) -> 1114622.8 | AL72: =SUM(AL70:AL71) -> 1182264.9 | AM72: =SUM(AM70:AM71) -> 1207096.5 | AN72: =SUM(AN70:AN71) -> 1359969.6 | AO72: =SUM(AO70:AO71) -> 1630116.8 | AP72: =SUM(AP70:AP71) -> 2155808.6 | AQ72: =SUM(AQ70:AQ71) -> 2308741.9 | AR72: =SUM(AR70:AR71) -> 1869351.3 | ... AV72: =SUM(AV70:AV71) -> 1282936.8 | AW72: =SUM(AK72:AV72) -> 18615561
C73: Non-PGC Billed and Uncollected | T73: Non-PGC Billed and Uncollected
C74: Total Non-PGC Costs with Billed and Uncollected | D74: =D72+D73 -> 1205329.6 | E74: =E72+E73 -> 1321531.1 | F74: =F72+F73 -> 1291350.2 | G74: =G72+G73 -> 1360423.3 | H74: =H72+H73 -> 1533359.1 | I74: =I72+I73 -> 1605127.7 | J74: =J72+J73 -> 1569943.6 | K74: =K72+K73 -> 1363568.9 | ... O74: =O72+O73 -> 784685.64 | T74: Total Non-PGC Costs with Billed and Uncollected | U74: =U72+U73 -> 858941.79 | V74: =V72+V73 -> 986045.68 | W74: =W72+W73 -> 1038091.4 | X74: =X72+X73 -> 1125404 | Y74: =Y72+Y73 -> 1377577.4 | Z74: =Z72+Z73 -> 1820372.9 | AA74: =AA72+AA73 -> 1971604.6 | AB74: =AB72+AB73 -> 1641716.6 | ... AF74: =AF72+AF73 -> 1155143.1
C76: NYMEX | D76: =+'FT GAS'!G109 -> 4.357 | E76: =+'FT GAS'!H109 -> 4.32 | F76: =+'FT GAS'!I109 -> 3.857 | G76: =+'FT GAS'!J109 -> 3.759 | H76: =+'FT GAS'!K109 -> 3.524 | I76: =+'FT GAS'!L109 -> 3.364 | J76: =+'FT GAS'!M109 -> 3.084 | K76: =+'FT GAS'!N109 -> 2.678 | ... O76: =+'FT GAS'!R109 -> 2.429
C77: RS,GS,MS PGC Rate | D77: 6.5 | E77: 6.5 | F77: 6.5 | G77: 6.5 | H77: 6.5 | I77: 6 | J77: 6 | K77: 6 | L77: 5 | M77: 5 | N77: 5 | O77: 5 | P77: =P79/P10 -> 5.9199454 | T77: RS,GS,MS PGC Rate | U77: 5 | V77: 5 | W77: 5 | X77: 5 | Y77: 5 | Z77: 5 | AA77: 5 | AB77: 5 | AC77: 5 | AD77: 5 | AE77: 5 | AF77: 5 | AG77: =AG79/AG10 -> 5 | AJ77: RS,GS,MS PGC Rate | AK77: 5 | AL77: 5 | AM77: 5 | AN77: 5 | AO77: 5 | AP77: 5 | AQ77: 5 | AR77: 5 | AS77: 5 | AT77: 5 | AU77: 5 | AV77: 5 | AW77: =AW79/AW10 -> 5
C78: RS,GS,MS PGC Rate % Change | E78: =(E77-D77)/D77 -> 0 | F78: =(F77-E77)/E77 -> 0 | G78: =(G77-F77)/F77 -> 0 | H78: =(H77-G77)/G77 -> 0 | I78: =(I77-H77)/H77 -> -0.076923077 | J78: =(J77-I77)/I77 -> 0 | K78: =(K77-J77)/J77 -> 0 | L78: =(L77-K77)/K77 -> -0.16666667 | ... O78: =(O77-N77)/N77 -> 0 | T78: RS,GS,MS PGC Rate % Change | U78: =(U77-P77)/O77 -> -0.18398908 | V78: =(V77-U77)/U77 -> 0 | W78: =(W77-V77)/V77 -> 0 | X78: =(X77-W77)/W77 -> 0 | Y78: =(Y77-X77)/X77 -> 0 | Z78: =(Z77-Y77)/Y77 -> 0 | AA78: =(AA77-Z77)/Z77 -> 0 | AB78: =(AB77-AA77)/AA77 -> 0 | AC78: =(AC77-AB77)/AB77 -> 0 | ... AF78: =(AF77-AE77)/AE77 -> 0 | AJ78: RS,GS,MS PGC Rate % Change | AL78: =(AL77-AK77)/AK77 -> 0 | AM78: =(AM77-AL77)/AL77 -> 0 | AN78: =(AN77-AM77)/AM77 -> 0 | AO78: =(AO77-AN77)/AN77 -> 0 | AP78: =(AP77-AO77)/AO77 -> 0 | AQ78: =(AQ77-AP77)/AP77 -> 0 | AR78: =(AR77-AQ77)/AQ77 -> 0 | AS78: =(AS77-AR77)/AR77 -> 0 | ... AV78: =(AV77-AU77)/AU77 -> 0
C79: RS,GS,MS PGC Revenue | D79: =D77*D10 -> 1181975.6 | E79: =E77*E10 -> 1377752.4 | F79: =F77*F10 -> 1540609.2 | G79: =G77*G10 -> 2926981.2 | H79: =H77*H10 -> 5777083 | I79: =I77*I10 -> 7985786.4 | J79: =J77*J10 -> 9195837 | K79: =K77*K10 -> 8193160.2 | ... O79: =O77*O10 -> 1058880 | P79: =SUM(D79:O79) -> 46229746 | T79: RS,GS,MS PGC Revenue | U79: =U77*U10 -> 1031060 | V79: =V77*V10 -> 1031060 | W79: =W77*W10 -> 1230955 | X79: =X77*X10 -> 2860430 | Y79: =Y77*Y10 -> 4961435 | Z79: =Z77*Z10 -> 7711847.5 | AA79: =AA77*AA10 -> 8527890 | AB79: =AB77*AB10 -> 6984342.5 | ... AF79: =AF77*AF10 -> 1042637.5 | AG79: =SUM(U79:AF79) -> 45875635 | AJ79: RS,GS,MS PGC Revenue | AK79: =AK77*AK10 -> 1050280 | AL79: =AL77*AL10 -> 1050280 | AM79: =AM77*AM10 -> 1253201.5 | AN79: =AN77*AN10 -> 2908261 | AO79: =AO77*AO10 -> 5042025.5 | AP79: =AP77*AP10 -> 7835553.8 | AQ79: =AQ77*AQ10 -> 8664359 | AR79: =AR77*AR10 -> 7096371.2 | ... AV79: =AV77*AV10 -> 1061938.8 | AW79: =SUM(AK79:AV79) -> 46629556
C80: RS,GS,MS PGC YTD Revenue | D80: =D79 -> 1181975.6 | E80: =D80+E79 -> 2559728 | F80: =E80+F79 -> 4100337.2 | G80: =F80+G79 -> 7027318.4 | H80: =G80+H79 -> 12804401 | I80: =H80+I79 -> 20790188 | J80: =I80+J79 -> 29986025 | K80: =J80+K79 -> 38179185 | L80: =K80+L79 -> 41479145 | ... O80: =N80+O79 -> 46229746 | T80: RS,GS,MS PGC Cumulative Revenue | U80: =U79 -> 1031060 | V80: =U80+V79 -> 2062120 | W80: =V80+W79 -> 3293075 | X80: =W80+X79 -> 6153505 | Y80: =X80+Y79 -> 11114940 | Z80: =Y80+Z79 -> 18826788 | AA80: =Z80+AA79 -> 27354678 | AB80: =AA80+AB79 -> 34339020 | AC80: =AB80+AC79 -> 39988342 | ... AF80: =AE80+AF79 -> 45875635 | AJ80: RS,GS,MS PGC Cumulative Revenue | AK80: =AK79 -> 1050280 | AL80: =AK80+AL79 -> 2100560 | AM80: =AL80+AM79 -> 3353761.5 | AN80: =AM80+AN79 -> 6262022.5 | AO80: =AN80+AO79 -> 11304048 | AP80: =AO80+AP79 -> 19139602 | AQ80: =AP80+AQ79 -> 27803961 | AR80: =AQ80+AR79 -> 34900332 | AS80: =AR80+AS79 -> 40641103 | ... AV80: =AU80+AV79 -> 46629556
C81: RS,GS,MS Mth Revenue vs Cost | D81: =D79-D48 -> -904256.1 | E81: =E79-E48 -> -823715.3 | F81: =F79-F48 -> -629630.07 | G81: =G79-G48 -> -554986.66 | H81: =H79-H48 -> 1110852.6 | I81: =I79-I48 -> 1119150.9 | J81: =J79-J48 -> 915638.7 | K81: =K79-K48 -> 1351877.9 | ... O81: =O79-O48 -> -738841.04 | P81: =SUM(D81:O81) -> -1092115.1 | T81: RS,GS,MS Mth Revenue vs Cost | U81: =U79-U48 -> -1079926.1 | V81: =V79-V48 -> -1132307.2 | W81: =W79-W48 -> -1106214.5 | X81: =X79-X48 -> -871151.86 | Y81: =Y79-Y48 -> -450340.16 | Z81: =Z79-Z48 -> -18184.176 | AA81: =AA79-AA48 -> 27944.099 | AB81: =AB79-AB48 -> -279529.04 | ... AF81: =AF79-AF48 -> -1121588.6 | AG81: =SUM(U81:AF81) -> -8509620.8 | AJ81: RS,GS,MS Mth Revenue vs Cost | AK81: =AK79-AK48 -> -1181590.1 | AL81: =AL79-AL48 -> -1186812.2 | AM81: =AM79-AM48 -> -1154644.7 | AN81: =AN79-AN48 -> -1044804.3 | AO81: =AO79-AO48 -> -892439.78 | AP81: =AP79-AP48 -> -498017.8 | AQ81: =AQ79-AQ48 -> -490537.12 | AR81: =AR79-AR48 -> -666405.72 | ... AV81: =AV79-AV48 -> -1250870.3 | AW81: =SUM(AK81:AV81) -> -11477526
B82: CIS Difference | C82: RS,GS,MS YTD PGC Recovery | D82: =D81 -> -904256.1 | E82: =D82+E81 -> -1727971.4 | F82: =E82+F81 -> -2357601.5 | G82: =F82+G81 -> -2912588.1 | H82: =G82+H81 -> -1801735.5 | I82: =H82+I81 -> -682584.66 | J82: =I82+J81 -> 233054.03 | K82: =J82+K81 -> 1584931.9 | L82: =K82+L81 -> 796203.02 | ... O82: =N82+O81 -> -1092115.1 | S82: CIS Difference | T82: RS,GS,MS Cumulative PGC Recovery | U82: =U81 -> -1079926.1 | V82: =U82+V81 -> -2212233.3 | W82: =V82+W81 -> -3318447.8 | X82: =W82+X81 -> -4189599.7 | Y82: =X82+Y81 -> -4639939.8 | Z82: =Y82+Z81 -> -4658124 | AA82: =Z82+AA81 -> -4630179.9 | AB82: =AA82+AB81 -> -4909708.9 | AC82: =AB82+AC81 -> -5530910.5 | ... AF82: =AE82+AF81 -> -8509620.8 | AI82: CIS Difference | AJ82: RS,GS,MS Cumulative PGC Recovery | AK82: =AK81 -> -1181590.1 | AL82: =AK82+AL81 -> -2368402.3 | AM82: =AL82+AM81 -> -3523046.9 | AN82: =AM82+AN81 -> -4567851.2 | AO82: =AN82+AO81 -> -5460291 | AP82: =AO82+AP81 -> -5958308.8 | AQ82: =AP82+AQ81 -> -6448845.9 | AR82: =AQ82+AR81 -> -7115251.6 | AS82: =AR82+AS81 -> -8054671.9 | ... AV82: =AU82+AV81 -> -11477526
B83: 1.08 | C83: CIS PGC Rate | D83: =D77-$B$83 -> 5.42 | E83: =E77-$B$83 -> 5.42 | F83: =F77-$B$83 -> 5.42 | G83: =G77-$B$83 -> 5.42 | H83: =H77-$B$83 -> 5.42 | I83: =I77-$B$83 -> 4.92 | J83: =J77-$B$83 -> 4.92 | K83: =K77-$B$83 -> 4.92 | ... O83: =O77-$B$83 -> 3.92 | P83: =P84/P11 -> 4.79394 | S83: 1.08 | T83: CIS PGC Rate | U83: =U77-$S$83 -> 3.92 | V83: =V77-$S$83 -> 3.92 | W83: =W77-$S$83 -> 3.92 | X83: =X77-$S$83 -> 3.92 | Y83: =Y77-$S$83 -> 3.92 | Z83: =Z77-$S$83 -> 3.92 | AA83: =AA77-$S$83 -> 3.92 | AB83: =AB77-$S$83 -> 3.92 | ... AF83: =AF77-$S$83 -> 3.92 | AG83: =AG84/AG11 -> 3.92 | AI83: 1.08 | AJ83: CIS PGC Rate | AK83: =AK77-$S$83 -> 3.92 | AL83: =AL77-$S$83 -> 3.92 | AM83: =AM77-$S$83 -> 3.92 | AN83: =AN77-$S$83 -> 3.92 | AO83: =AO77-$S$83 -> 3.92 | AP83: =AP77-$S$83 -> 3.92 | AQ83: =AQ77-$S$83 -> 3.92 | AR83: =AR77-$S$83 -> 3.92 | ... AV83: =AV77-$S$83 -> 3.92 | AW83: =AW84/AW11 -> 3.92
B84: =D77-B83 -> 5.42 | C84: CIS PGC Revenue | D84: =D83*D11 -> 301102.14 | E84: =E83*E11 -> 348947.19 | F84: =F83*F11 -> 399799.25 | G84: =G83*G11 -> 569478.32 | H84: =H83*H11 -> 828499.03 | I84: =I83*I11 -> 1020998.9 | J84: =J83*J11 -> 1112674.7 | K84: =K83*K11 -> 983080.94 | ... O84: =O83*O11 -> 274196.55 | P84: =SUM(D84:O84) -> 7191015.5 | T84: CIS PGC Revenue | U84: =U83*U11 -> 245713.44 | V84: =V83*V11 -> 245713.44 | W84: =W83*W11 -> 257712.56 | X84: =X83*X11 -> 402050.88 | Y84: =Y83*Y11 -> 576518.32 | Z84: =Z83*Z11 -> 816651.64 | AA84: =AA83*AA11 -> 886390.4 | AB84: =AB83*AB11 -> 739227.72 | ... AF84: =AF83*AF11 -> 241619 | AG84: =SUM(U84:AF84) -> 5776123.9 | AJ84: CIS PGC Revenue | AK84: =AK83*AK11 -> 245713.44 | AL84: =AL83*AL11 -> 245713.44 | AM84: =AM83*AM11 -> 257712.56 | AN84: =AN83*AN11 -> 402050.88 | AO84: =AO83*AO11 -> 576518.32 | AP84: =AP83*AP11 -> 816651.64 | AQ84: =AQ83*AQ11 -> 886390.4 | AR84: =AR83*AR11 -> 739227.72 | ... AV84: =AV83*AV11 -> 241619 | AW84: =SUM(AK84:AV84) -> 5776123.9
C85: CIS PGC YTD Revenue | D85: =D84 -> 301102.14 | E85: =D85+E84 -> 650049.33 | F85: =E85+F84 -> 1049848.6 | G85: =F85+G84 -> 1619326.9 | H85: =G85+H84 -> 2447825.9 | I85: =H85+I84 -> 3468824.8 | J85: =I85+J84 -> 4581499.5 | K85: =J85+K84 -> 5564580.5 | L85: =K85+L84 -> 6134915 | ... O85: =N85+O84 -> 7191015.5 | T85: CIS PGC Cumulative Revenue | U85: =U84 -> 245713.44 | V85: =U85+V84 -> 491426.88 | W85: =V85+W84 -> 749139.44 | X85: =W85+X84 -> 1151190.3 | Y85: =X85+Y84 -> 1727708.6 | Z85: =Y85+Z84 -> 2544360.3 | AA85: =Z85+AA84 -> 3430750.7 | AB85: =AA85+AB84 -> 4169978.4 | AC85: =AB85+AC84 -> 4810367.2 | ... AF85: =AE85+AF84 -> 5776123.9 | AJ85: CIS PGC Cumulative Revenue | AK85: =AK84 -> 245713.44 | AL85: =AK85+AL84 -> 491426.88 | AM85: =AL85+AM84 -> 749139.44 | AN85: =AM85+AN84 -> 1151190.3 | AO85: =AN85+AO84 -> 1727708.6 | AP85: =AO85+AP84 -> 2544360.3 | AQ85: =AP85+AQ84 -> 3430750.7 | AR85: =AQ85+AR84 -> 4169978.4 | AS85: =AR85+AS84 -> 4810367.2 | ... AV85: =AU85+AV84 -> 5776123.9
C86: CIS Mth PGC Revenue vs Cost | D86: =D84-D52 -> 87700.926 | E86: =E84-E52 -> 92533.594 | F86: =F84-F52 -> 144237.39 | G86: =G84-G52 -> 107168.34 | H86: =H84-H52 -> 280451.39 | I86: =I84-I52 -> 183774.68 | J86: =J84-J52 -> 114268.44 | K86: =K84-K52 -> 206528.91 | ... O86: =O84-O52 -> 115596.97 | P86: =SUM(D86:O86) -> 1575479 | T86: CIS Mth PGC Revenue vs Cost | U86: =U84-U52 -> 19061.824 | V86: =V84-V52 -> 3139.6064 | W86: =W84-W52 -> -1804.0812 | X86: =X84-X52 -> 2641.4356 | Y86: =Y84-Y52 -> 4349.0826 | Z86: =Z84-Z52 -> -17909.058 | AA86: =AA84-AA52 -> -34831.466 | AB86: =AB84-AB52 -> -31967.358 | ... AF86: =AF84-AF52 -> 5482.0917 | AG86: =SUM(U86:AF86) -> -122334.81 | AJ86: CIS Mth PGC Revenue vs Cost | AK86: =AK84-AK52 -> -12862.985 | AL86: =AL84-AL52 -> -14421.311 | AM86: =AM84-AM52 -> -15735.727 | AN86: =AN84-AN52 -> -29844.29 | AO86: =AO84-AO52 -> -62737.327 | AP86: =AP84-AP52 -> -84966.913 | AQ86: =AQ84-AQ52 -> -105785.18 | AR86: =AR84-AR52 -> -86082.081 | ... AV86: =AV84-AV52 -> -33346.592 | AW86: =SUM(AK86:AV86) -> -630081.64
C87: CIS YTD PGC Recovery | D87: =D86 -> 87700.926 | E87: =D87+E86 -> 180234.52 | F87: =E87+F86 -> 324471.91 | G87: =F87+G86 -> 431640.25 | H87: =G87+H86 -> 712091.64 | I87: =H87+I86 -> 895866.32 | J87: =I87+J86 -> 1010134.8 | K87: =J87+K86 -> 1216663.7 | L87: =K87+L86 -> 1227032.1 | ... O87: =N87+O86 -> 1575479 | T87: CIS Cumulative PGC Recovery | U87: =U86 -> 19061.824 | V87: =U87+V86 -> 22201.43 | W87: =V87+W86 -> 20397.349 | X87: =W87+X86 -> 23038.785 | Y87: =X87+Y86 -> 27387.867 | Z87: =Y87+Z86 -> 9478.8094 | AA87: =Z87+AA86 -> -25352.656 | AB87: =AA87+AB86 -> -57320.014 | AC87: =AB87+AC86 -> -99265.168 | ... AF87: =AE87+AF86 -> -122334.81 | AJ87: CIS Cumulative PGC Recovery | AK87: =AK86 -> -12862.985 | AL87: =AK87+AL86 -> -27284.297 | AM87: =AL87+AM86 -> -43020.023 | AN87: =AM87+AN86 -> -72864.313 | AO87: =AN87+AO86 -> -135601.64 | AP87: =AO87+AP86 -> -220568.55 | AQ87: =AP87+AQ86 -> -326353.74 | AR87: =AQ87+AR86 -> -412435.82 | AS87: =AR87+AS86 -> -501800.92 | ... AV87: =AU87+AV86 -> -630081.64
C88: Total PGC Revenue (RS,GS,MS,CIS) | D88: =SUM(D79,D84) -> 1483077.7 | E88: =SUM(E79,E84) -> 1726699.5 | F88: =SUM(F79,F84) -> 1940408.5 | G88: =SUM(G79,G84) -> 3496459.5 | H88: =SUM(H79,H84) -> 6605582 | I88: =SUM(I79,I84) -> 9006785.3 | J88: =SUM(J79,J84) -> 10308512 | K88: =SUM(K79,K84) -> 9176241.1 | ... O88: =SUM(O79,O84) -> 1333076.6 | P88: =SUM(D88:O88) -> 53420761 | T88: Total PGC Revenue (RS,GS,MS,CIS) | U88: =SUM(U79,U84) -> 1276773.4 | V88: =SUM(V79,V84) -> 1276773.4 | W88: =SUM(W79,W84) -> 1488667.6 | X88: =SUM(X79,X84) -> 3262480.9 | Y88: =SUM(Y79,Y84) -> 5537953.3 | Z88: =SUM(Z79,Z84) -> 8528499.1 | AA88: =SUM(AA79,AA84) -> 9414280.4 | AB88: =SUM(AB79,AB84) -> 7723570.2 | ... AF88: =SUM(AF79,AF84) -> 1284256.5 | AG88: =SUM(U88:AF88) -> 51651759 | AJ88: Total PGC Revenue (RS,GS,MS,CIS) | AK88: =SUM(AK79,AK84) -> 1295993.4 | AL88: =SUM(AL79,AL84) -> 1295993.4 | AM88: =SUM(AM79,AM84) -> 1510914.1 | AN88: =SUM(AN79,AN84) -> 3310311.9 | AO88: =SUM(AO79,AO84) -> 5618543.8 | AP88: =SUM(AP79,AP84) -> 8652205.4 | AQ88: =SUM(AQ79,AQ84) -> 9550749.4 | AR88: =SUM(AR79,AR84) -> 7835599 | ... AV88: =SUM(AV79,AV84) -> 1303557.8 | AW88: =SUM(AK88:AV88) -> 52405679
C89: Total PGC YTD Revenue | D89: =D88 -> 1483077.7 | E89: =E88+D89 -> 3209777.3 | F89: =F88+E89 -> 5150185.7 | G89: =G88+F89 -> 8646645.2 | H89: =H88+G89 -> 15252227 | I89: =I88+H89 -> 24259013 | J89: =J88+I89 -> 34567524 | K89: =K88+J89 -> 43743765 | L89: =L88+K89 -> 47614060 | ... O89: =O88+N89 -> 53420761 | T89: Total PGC Cumulative Revenue | U89: =U88 -> 1276773.4 | V89: =V88+U89 -> 2553546.9 | W89: =W88+V89 -> 4042214.4 | X89: =X88+W89 -> 7304695.3 | Y89: =Y88+X89 -> 12842649 | Z89: =Z88+Y89 -> 21371148 | AA89: =AA88+Z89 -> 30785428 | AB89: =AB88+AA89 -> 38508998 | AC89: =AC88+AB89 -> 44798710 | ... AF89: =AF88+AE89 -> 51651759 | AJ89: Total PGC Cumulative Revenue | AK89: =AK88 -> 1295993.4 | AL89: =AL88+AK89 -> 2591986.9 | AM89: =AM88+AL89 -> 4102900.9 | AN89: =AN88+AM89 -> 7413212.8 | AO89: =AO88+AN89 -> 13031757 | AP89: =AP88+AO89 -> 21683962 | AQ89: =AQ88+AP89 -> 31234711 | AR89: =AR88+AQ89 -> 39070310 | AS89: =AS88+AR89 -> 45451470 | ... AV89: =AV88+AU89 -> 52405679
C90: Total PGC Revenue vs Cost | D90: =D88-D58 -> -1016555.2 | E90: =E88-E58 -> -951181.71 | F90: =F88-F58 -> -585392.68 | G90: =G88-G58 -> -507818.32 | H90: =H88-H58 -> 1361304 | I90: =I88-I58 -> 1302925.6 | J90: =J88-J58 -> 1029907.1 | K90: =K88-K58 -> 1558406.8 | ... O90: =O88-O58 -> -813244.07 | P90: =SUM(D90:O90) -> -696636.14 | T90: Total PGC Revenue vs Cost | U90: =U88-U58 -> -1260864.3 | V90: =V88-V58 -> -1349167.6 | W90: =W88-W58 -> -1208018.5 | X90: =X88-X58 -> -928510.42 | Y90: =Y88-Y58 -> -475991.08 | Z90: =Z88-Z58 -> -36093.234 | AA90: =AA88-AA58 -> -6887.3668 | AB90: =AB88-AB58 -> -311496.4 | ... AF90: =AF88-AF58 -> -1306106.5 | AG90: =SUM(U90:AF90) -> -9811955.6 | AJ90: Total PGC Revenue vs Cost | AK90: =AK88-AK58 -> -1394453 | AL90: =AL88-AL58 -> -1421233.5 | AM90: =AM88-AM58 -> -1270380.4 | AN90: =AN88-AN58 -> -1134648.6 | AO90: =AO88-AO58 -> -985177.1 | AP90: =AP88-AP58 -> -582984.71 | AQ90: =AQ88-AQ58 -> -596322.3 | AR90: =AR88-AR58 -> -752487.8 | ... AV90: =AV88-AV58 -> -1474216.9 | AW90: =SUM(AK90:AV90) -> -13287608
B91: =+'[2]YR REPORTS'!$O$90 -> 8358228.9 | C91: Cumulative PGC Recovery | D91: =B91+B57+D90 -> 7341673.8 | E91: =D91+E90 -> 6390492.1 | F91: =E91+F90 -> 5805099.4 | G91: =F91+G90 -> 5297281.1 | H91: =G91+H90 -> 6658585 | I91: =H91+I90 -> 7961510.6 | J91: =I91+J90 -> 8991417.7 | K91: =J91+K90 -> 10549825 | L91: =K91+L90 -> 9731464 | ... O91: =N91+O90 -> 7661592.8 | P91: =O91-'[4]YR REPORTS'!$O$91 -> -15259.386 | T91: Cumulative PGC Recovery | U91: =O91+U90 -> 6400728.5 | V91: =U91+V90 -> 5051560.9 | W91: =V91+W90 -> 3843542.4 | X91: =W91+X90 -> 2915031.9 | Y91: =X91+Y90 -> 2439040.9 | Z91: =Y91+Z90 -> 2402947.6 | AA91: =Z91+AA90 -> 2396060.3 | AB91: =AA91+AB90 -> 2084563.9 | AC91: =AB91+AC90 -> 1381417.2 | ... AF91: =AE91+AF90 -> -2150362.8 | AG91: =AG90/AG12 -> -0.92142909 | AJ91: Cumulative PGC Recovery | AK91: =AF91+AK90 -> -3544815.9 | AL91: =AK91+AL90 -> -4966049.4 | AM91: =AL91+AM90 -> -6236429.8 | AN91: =AM91+AN90 -> -7371078.3 | AO91: =AN91+AO90 -> -8356255.4 | AP91: =AO91+AP90 -> -8939240.2 | AQ91: =AP91+AQ90 -> -9535562.5 | AR91: =AQ91+AR90 -> -10288050 | AS91: =AR91+AS90 -> -11356836 | ... AV91: =AU91+AV90 -> -15437970
C92: Cumulative PGC Recovery % of Total PGC Costs (w/o CIS Demand) | D92: =D91/$P$54 -> 0.13868596 | E92: =E91/$P$54 -> 0.12071791 | F92: =F91/$P$54 -> 0.1096597 | G92: =G91/$P$54 -> 0.1000669 | H92: =H91/$P$54 -> 0.12578225 | I92: =I91/$P$54 -> 0.15039482 | J92: =J91/$P$54 -> 0.16985001 | K92: =K91/$P$54 -> 0.19928869 | ... O92: =O91/$P$54 -> 0.14472931 | T92: Cumulative PGC Recovery % of Total PGC Costs (w/o CIS Demand) | U92: =U91/$AG$54 -> 0.10617674 | V92: =V91/$AG$54 -> 0.083796444 | W92: =W91/$AG$54 -> 0.063757557 | X92: =X91/$AG$54 -> 0.048355214 | Y92: =Y91/$AG$54 -> 0.040459366 | Z92: =Z91/$AG$54 -> 0.039860643 | AA92: =AA91/$AG$54 -> 0.039746394 | AB92: =AB91/$AG$54 -> 0.03457922 | ... AF92: =AF91/$AG$54 -> -0.035670709 | AJ92: Cumulative PGC Recovery % of Total PGC Costs (w/o CIS Demand) | AK92: =AK91/$AW$54 -> -0.054947066 | AL92: =AL91/$AW$54 -> -0.076977157 | AM92: =AM91/$AW$54 -> -0.09666892 | AN92: =AN91/$AW$54 -> -0.11425675 | AO92: =AO91/$AW$54 -> -0.12952767 | AP92: =AP91/$AW$54 -> -0.13856433 | AQ92: =AQ91/$AW$54 -> -0.14780773 | AR92: =AR91/$AW$54 -> -0.1594718 | ... AV92: =AV91/$AW$54 -> -0.23929908
C93: Cumulative PGC Recovery % of Total PGC Costs (w/o CIS Demand) Change | E93: =E92-D92 -> -0.017968048 | F93: =F92-E92 -> -0.011058207 | G93: =G92-F92 -> -0.0095928085 | H93: =H92-G92 -> 0.025715355 | I93: =I92-H92 -> 0.024612573 | J93: =J92-I92 -> 0.01945519 | K93: =K92-J92 -> 0.029438675 | L93: =L92-K92 -> -0.015459024 | ... O93: =O92-N92 -> -0.015362373 | T93: Cumulative PGC Recovery % of Total PGC Costs (w/o CIS Demand) Change | U93: =U92-O92 -> -0.038552562 | V93: =V92-U92 -> -0.0223803 | W93: =W92-V92 -> -0.020038887 | X93: =X92-W92 -> -0.015402343 | Y93: =Y92-X92 -> -0.0078958485 | Z93: =Z92-Y92 -> -0.00059872279 | AA93: =AA92-Z92 -> -0.00011424921 | AB93: =AB92-AA92 -> -0.0051671733 | AC93: =AC92-AB92 -> -0.011663957 | ... AF93: =AF92-AE92 -> -0.021665992 | AJ93: Cumulative PGC Recovery % of Total PGC Costs (w/o CIS Demand) Change | AK93: =AK92-AF92 -> -0.019276358 | AL93: =AL92-AK92 -> -0.02203009 | AM93: =AM92-AL92 -> -0.019691763 | AN93: =AN92-AM92 -> -0.017587827 | AO93: =AO92-AN92 -> -0.015270918 | AP93: =AP92-AO92 -> -0.0090366611 | AQ93: =AQ92-AP92 -> -0.0092434028 | AR93: =AR92-AQ92 -> -0.011664075 | AS93: =AS92-AR92 -> -0.016566903 | ... AV93: =AV92-AU92 -> -0.022851369
C103: Total Commodity Cost of Sales/Total Mcfs (Index, Daily, Hedge, STOW) | D103: =D21/D14 -> 4.3361847 | E103: =E21/E14 -> 4.3823666 | F103: =F21/F14 -> 3.8950391 | G103: =G21/G14 -> 4.3799759 | H103: =H21/H14 -> 3.7258132 | I103: =I21/I14 -> 4.0390269 | J103: =J21/J14 -> 4.310665 | K103: =K21/K14 -> 3.8115265 | ... P103: =P21/P14 -> 3.812528 | T103: Total Commodity Cost of Sales/Total Mcfs (Index, Daily, Hedge, STOW) | U103: =U21/U14 -> 3.404453 | V103: =V21/V14 -> 3.6932027 | W103: =W21/W14 -> 3.7414472 | X103: =X21/X14 -> 3.7779938 | Y103: =Y21/Y14 -> 3.8353273 | Z103: =Z21/Z14 -> 3.9867115 | AA103: =AA21/AA14 -> 4.0700787 | AB103: =AB21/AB14 -> 4.0839178 | ... AG103: =AG21/AG14 -> 3.9681647 | AJ103: Total Commodity Cost of Sales/Total Mcfs (Index, Daily, Hedge, STOW) | AK103: =AK21/AK14 -> 4.1036301 | AL103: =AL21/AL14 -> 4.1281764 | AM103: =AM21/AM14 -> 4.13723 | AN103: =AN21/AN14 -> 4.1921548 | AO103: =AO21/AO14 -> 4.3301511 | AP103: =AP21/AP14 -> 4.3634467 | AQ103: =AQ21/AQ14 -> 4.4344783 | AR103: =AR21/AR14 -> 4.419915 | ... AW103: =AW21/AW14 -> 4.3630106
C104: Non-PGC - COR Wacog $/Mcf Index only (COR L&U 2.5%) | D104: =+D68 -> 4.9197906 | E104: =+E68 -> 4.8784642 | F104: =+F68 -> 4.3613264 | G104: =+G68 -> 4.2518674 | H104: =+H68 -> 3.9893892 | I104: =+I68 -> 3.8106806 | J104: =+J68 -> 3.4979407 | K104: =+K68 -> 3.0444677 | ... P104: =+P68 -> 3.5224558 | T104: Non-PGC WACOG $/Mcf - COR WACOG Index only | U104: =+U68 -> 3.1516928 | V104: =+V68 -> 3.4945899 | W104: =+W68 -> 3.4890052 | X104: =+X68 -> 3.4968237 | Y104: =+Y68 -> 3.648726 | Z104: =+Z68 -> 3.9078534 | AA104: =+AA68 -> 4.0530541 | AB104: =+AB68 -> 4.0597557 | ... AG104: =+AG68 -> 3.8131202 | AJ104: Non-PGC WACOG $/Mcf - COR WACOG Index only | AK104: =+AK68 -> 4.0787435 | AL104: =+AL68 -> 4.1044328 | AM104: =+AM68 -> 4.1100175 | AN104: =+AN68 -> 4.147993 | AO104: =+AO68 -> 4.2753229 | AP104: =+AP68 -> 4.5054101 | AQ104: =+AQ68 -> 4.6305061 | AR104: =+AR68 -> 4.6070506 | ... AW104: =+AW68 -> 4.3779123
A105: Loss | C105: FT GAS Wacog $/Dth (@GULF) NYMEX Settlement & Hedge | D105: =+'FT GAS'!G117 -> 4.2911933 | E105: =+'FT GAS'!H117 -> 4.2486851 | F105: =+'FT GAS'!I117 -> 3.8483804 | G105: =+'FT GAS'!J117 -> 3.7961077 | H105: =+'FT GAS'!K117 -> 3.5658413 | I105: =+'FT GAS'!L117 -> 3.4336291 | J105: =+'FT GAS'!M117 -> 3.2432037 | K105: =+'FT GAS'!N117 -> 2.9708611 | ... P105: =+'FT GAS'!S117 -> 3.244749 | R105: Loss | T105: FT WACOG $/Dth (@GULF) Hedge & Index | U105: =+'FT GAS'!X117 -> 2.9892578 | V105: =+'FT GAS'!Y117 -> 3.2440823 | W105: =+'FT GAS'!Z117 -> 3.2846288 | X105: =+'FT GAS'!AA117 -> 3.3032753 | Y105: =+'FT GAS'!AB117 -> 3.3478223 | Z105: =+'FT GAS'!AC117 -> 3.5837456 | AA105: =+'FT GAS'!AD117 -> 3.7059386 | AB105: =+'FT GAS'!AE117 -> 3.7242308 | ... AG105: =+'FT GAS'!AJ117 -> 3.4750669 | AH105: Loss | AJ105: FT WACOG $/Dth (@GULF) Hedge & Index | AK105: =+'FT GAS'!AO117 -> 3.604 | AL105: =+'FT GAS'!AP117 -> 3.627 | AM105: =+'FT GAS'!AQ117 -> 3.632 | AN105: =+'FT GAS'!AR117 -> 3.666 | AO105: =+'FT GAS'!AS117 -> 3.78 | AP105: =+'FT GAS'!AT117 -> 3.986 | AQ105: =+'FT GAS'!AU117 -> 4.098 | AR105: =+'FT GAS'!AV117 -> 4.077 | ... AW105: =+'FT GAS'!BA117 -> 3.8617863
A106: 0.055 | B106: 0.05 | C106: FT GAS Wacog $/Dth (@COR CG) NYMEX Settlement & Hedge | D106: =D105/(1-$A$106)+$B$106 -> 4.5909453 | E106: =E105/(1-$A$106)+$B$106 -> 4.545963 | F106: =F105/(1-$A$106)+$B$106 -> 4.1223602 | G106: =G105/(1-$A$106)+$B$106 -> 4.0670452 | H106: =H105/(1-$A$106)+$B$106 -> 3.8233771 | I106: =I105/(1-$A$106)+$B$106 -> 3.6834699 | J106: =J105/(1-$A$106)+$B$106 -> 3.4819616 | K106: =K105/(1-$A$106)+$B$106 -> 3.1937684 | ... P106: =P105/(1-$A$106)+$B$106 -> 3.4835968 | R106: 0.055 | S106: 0.05 | T106: FT WACOG $/Dth (@COR CG) Hedge & Index | U106: =U105/(1-$R$106)+$S$106 -> 3.2132358 | V106: =V105/(1-$R$106)+$S$106 -> 3.4828913 | W106: =W105/(1-$R$106)+$S$106 -> 3.5257977 | X106: =X105/(1-$R$106)+$S$106 -> 3.5455294 | Y106: =Y105/(1-$R$106)+$S$106 -> 3.5926691 | Z106: =Z105/(1-$R$106)+$S$106 -> 3.8423234 | AA106: =AA105/(1-$R$106)+$S$106 -> 3.9716281 | AB106: =AB105/(1-$R$106)+$S$106 -> 3.990985 | ... AG106: =AG105/(1-$R$106)+$S$106 -> 3.7273195 | AH106: 0.055 | AI106: 0.05 | AJ106: FT WACOG $/Dth (@COR CG) Hedge & Index | AK106: =AK105/(1-$R$106)+$S$106 -> 3.8637566 | AL106: =AL105/(1-$R$106)+$S$106 -> 3.8880952 | AM106: =AM105/(1-$R$106)+$S$106 -> 3.8933862 | AN106: =AN105/(1-$R$106)+$S$106 -> 3.9293651 | AO106: =AO105/(1-$R$106)+$S$106 -> 4.05 | AP106: =AP105/(1-$R$106)+$S$106 -> 4.2679894 | AQ106: =AQ105/(1-$R$106)+$S$106 -> 4.3865079 | AR106: =AR105/(1-$R$106)+$S$106 -> 4.3642857 | ... AW106: =AW105/(1-$R$106)+$S$106 -> 4.1365464
A107: 0.025 | B107: 1.04 | C107: FT GAS Wacog $/Mcf (@BURNER) NYMEX Settlement & Hedge | D107: =(D106*$B$107)/(1-$A$107) -> 4.8970083 | E107: =(E106*$B$107)/(1-$A$107) -> 4.8490272 | F107: =(F106*$B$107)/(1-$A$107) -> 4.3971842 | G107: =(G106*$B$107)/(1-$A$107) -> 4.3381815 | H107: =(H106*$B$107)/(1-$A$107) -> 4.0782689 | I107: =(I106*$B$107)/(1-$A$107) -> 3.9290346 | J107: =(J106*$B$107)/(1-$A$107) -> 3.7140924 | K107: =(K106*$B$107)/(1-$A$107) -> 3.4066863 | ... P107: =(P106*$B$107)/(1-$A$107) -> 3.7158366 | R107: 0.025 | S107: 1.04 | T107: FT WACOG $/Mcf (@BURNER) Hedge & Index | U107: =(U106*$S$107)/(1-$R$107) -> 3.4274515 | V107: =(V106*$S$107)/(1-$R$107) -> 3.715084 | W107: =(W106*$S$107)/(1-$R$107) -> 3.7608509 | X107: =(X106*$S$107)/(1-$R$107) -> 3.781898 | Y107: =(Y106*$S$107)/(1-$R$107) -> 3.8321803 | Z107: =(Z106*$S$107)/(1-$R$107) -> 4.0984783 | AA107: =(AA106*$S$107)/(1-$R$107) -> 4.2364033 | AB107: =(AB106*$S$107)/(1-$R$107) -> 4.2570507 | ... AG107: =(AG106*$S$107)/(1-$R$107) -> 3.9758075 | AH107: 0.025 | AI107: 1.04 | AJ107: FT WACOG $/Mcf (@BURNER) Hedge & Index | AK107: =(AK106*$S$107)/(1-$R$107) -> 4.1213404 | AL107: =(AL106*$S$107)/(1-$R$107) -> 4.1473016 | AM107: =(AM106*$S$107)/(1-$R$107) -> 4.1529453 | AN107: =(AN106*$S$107)/(1-$R$107) -> 4.1913228 | AO107: =(AO106*$S$107)/(1-$R$107) -> 4.32 | AP107: =(AP106*$S$107)/(1-$R$107) -> 4.552522 | AQ107: =(AQ106*$S$107)/(1-$R$107) -> 4.6789418 | AR107: =(AR106*$S$107)/(1-$R$107) -> 4.6552381 | ... AW107: =(AW106*$S$107)/(1-$R$107) -> 4.4123161
C108: FT GAS Wacog vs Total Commodity Unit Cost $/Mcf | D108: =D107-D103 -> 0.5608236 | E108: =E107-E103 -> 0.46666067 | F108: =F107-F103 -> 0.50214513 | G108: =G107-G103 -> -0.041794436 | H108: =H107-H103 -> 0.35245571 | I108: =I107-I103 -> -0.10999225 | J108: =J107-J103 -> -0.59657261 | K108: =K107-K103 -> -0.4048402 | ... P108: =P107-P103 -> -0.096691401 | T108: FT WACOG vs Total Commodity Unit Cost | U108: =U107-U103 -> 0.022998501 | V108: =V107-V103 -> 0.021881385 | W108: =W107-W103 -> 0.019403618 | X108: =X107-X103 -> 0.0039042668 | Y108: =Y107-Y103 -> -0.0031470157 | Z108: =Z107-Z103 -> 0.11176673 | AA108: =AA107-AA103 -> 0.16632463 | AB108: =AB107-AB103 -> 0.17313291 | ... AG108: =AG107-AG103 -> 0.0076428146 | AJ108: FT WACOG vs Total Commodity Unit Cost | AK108: =AK107-AK103 -> 0.017710249 | AL108: =AL107-AL103 -> 0.019125225 | AM108: =AM107-AM103 -> 0.015715322 | AN108: =AN107-AN103 -> -0.00083200929 | AO108: =AO107-AO103 -> -0.010151055 | AP108: =AP107-AP103 -> 0.18907536 | AQ108: =AQ107-AQ103 -> 0.24446355 | AR108: =AR107-AR103 -> 0.23532313 | ... AW108: =AW107-AW103 -> 0.0493055
C110: COR Wacog (Mcfs) Index | D110: =D68 -> 4.9197906 | E110: =E68 -> 4.8784642 | F110: =F68 -> 4.3613264 | G110: =G68 -> 4.2518674 | H110: =H68 -> 3.9893892 | I110: =I68 -> 3.8106806 | J110: =J68 -> 3.4979407 | K110: =K68 -> 3.0444677 | ... P110: =P68 -> 3.5224558 | T110: COR Wacog (Mcfs) Index | U110: =U68 -> 3.1516928 | V110: =V68 -> 3.4945899 | W110: =W68 -> 3.4890052 | X110: =X68 -> 3.4968237 | Y110: =Y68 -> 3.648726 | Z110: =Z68 -> 3.9078534 | AA110: =AA68 -> 4.0530541 | AB110: =AB68 -> 4.0597557 | ... AG110: =AG68 -> 3.8131202 | AJ110: COR Wacog (Mcfs) Index | AK110: =AK68 -> 4.0787435 | AL110: =AL68 -> 4.1044328 | AM110: =AM68 -> 4.1100175 | AN110: =AN68 -> 4.147993 | AO110: =AO68 -> 4.2753229 | AP110: =AP68 -> 4.5054101 | AQ110: =AQ68 -> 4.6305061 | AR110: =AR68 -> 4.6070506 | ... AW110: =AW68 -> 4.3779123
C111: PGC Mcfs | D111: =+D12 -> 237396.3 | E111: =+E12 -> 276343.3 | F111: =+F12 -> 310780.5 | G111: =+G12 -> 555374.6 | H111: =+H12 -> 1041641.6 | I111: =+I12 -> 1538484.5 | J111: =+J12 -> 1758792.9 | K111: =+K12 -> 1565339.9 | ... O111: =+O12 -> 281724.1 | P111: =SUM(D111:O111) -> 9309172.7 | T111: PGC Mcfs | U111: =+U12 -> 268894 | V111: =+V12 -> 268894 | W111: =+W12 -> 311934 | X111: =+X12 -> 674650 | Y111: =+Y12 -> 1139358 | Z111: =+Z12 -> 1750699 | AA111: =+AA12 -> 1931698 | AB111: =+AB12 -> 1585447 | ... AF111: =+AF12 -> 270165 | AG111: =SUM(U111:AF111) -> 10648628 | AJ111: PGC Mcfs | AK111: =+AK12 -> 272738 | AL111: =+AL12 -> 272738 | AM111: =+AM12 -> 316383.3 | AN111: =+AN12 -> 684216.2 | AO111: =+AO12 -> 1155476.1 | AP111: =+AP12 -> 1775440.2 | AQ111: =+AQ12 -> 1958991.8 | AR111: =+AR12 -> 1607852.8 | ... AV111: =+AV12 -> 274025.25 | AW111: =SUM(AK111:AV111) -> 10799412
C112: Mth PGC (COR Wacog*Mcfs) | D112: =D110*D111 -> 1167940.1 | E112: =E110*E111 -> 1348130.9 | F112: =F110*F111 -> 1355415.2 | G112: =G110*G111 -> 2361379.1 | H112: =H110*H111 -> 4155513.7 | I112: =I110*I111 -> 5862673.1 | J112: =J110*J111 -> 6152153.2 | K112: =K110*K111 -> 4765626.8 | ... O112: =O110*O111 -> 779348.18 | P112: =SUM(D112:O112) -> 32472318 | T112: Mth PGC (COR Wacog*Mcfs) | U112: =U110*U111 -> 847471.3 | V112: =V110*V111 -> 939674.25 | W112: =W110*W111 -> 1088339.4 | X112: =X110*X111 -> 2359132.1 | Y112: =Y110*Y111 -> 4157205.2 | Z112: =Z110*Z111 -> 6841475 | AA112: =AA110*AA111 -> 7829276.5 | AB112: =AB110*AB111 -> 6436527.5 | ... AF112: =AF110*AF111 -> 1088656.5 | AG112: =SUM(U112:AF112) -> 41366143 | AJ112: Mth PGC (COR Wacog*Mcfs) | AK112: =AK110*AK111 -> 1112428.3 | AL112: =AL110*AL111 -> 1119434.8 | AM112: =AM110*AM111 -> 1300340.9 | AN112: =AN110*AN111 -> 2838124 | AO112: =AO110*AO111 -> 4940033.4 | AP112: =AP110*AP111 -> 7999086.5 | AQ112: =AQ110*AQ111 -> 9071123.5 | AR112: =AR110*AR111 -> 7407459 | ... AV112: =AV110*AV111 -> 1207050.1 | AW112: =SUM(AK112:AV112) -> 48040290
C113: PGC Commodity Costs | D113: =D35 -> 911919.02 | E113: =E35 -> 1100600.2 | F113: =F35 -> 1076730.7 | G113: =G35 -> 2443663.3 | H113: =H35 -> 3734598.5 | I113: =I35 -> 6206899.8 | J113: =J35 -> 7764596.5 | K113: =K35 -> 6083521.4 | ... P113: =P35 -> 35730845 | T113: PGC Commodity Costs | U113: =U35 -> 972292.84 | V113: =V35 -> 1040596.2 | W113: =W35 -> 1231341.2 | X113: =X35 -> 2627253 | Y113: =Y35 -> 4432591 | Z113: =Z35 -> 7013239 | AA113: =AA35 -> 7869814.4 | AB113: =AB35 -> 6483713.3 | ... AG113: =AG35 -> 42831140 | AJ113: PGC Commodity Costs | AK113: =AK35 -> 1125101.6 | AL113: =AL35 -> 1131882.1 | AM113: =AM35 -> 1315949.6 | AN113: =AN35 -> 2881222.2 | AO113: =AO35 -> 5022367.6 | AP113: =AP35 -> 7683836.8 | AQ113: =AQ35 -> 8595718.3 | AR113: =AR35 -> 7036733.4 | ... AW113: =AW35 -> 47060713
C114: PGC Unit Commodity Costs | D114: =D113/D111 -> 3.8413363 | E114: =E113/E111 -> 3.9827278 | F114: =F113/F111 -> 3.464602 | G114: =G113/G111 -> 4.4000272 | H114: =H113/H111 -> 3.5853008 | I114: =I113/I111 -> 4.0344247 | J114: =J113/J111 -> 4.4147304 | K114: =K113/K111 -> 3.8863901 | ... O114: =O113/O111 -> 2.2673894 | T114: PGC Unit Commodity Costs | U114: =U113/U111 -> 3.6158964 | V114: =V113/V111 -> 3.8699122 | W114: =W113/W111 -> 3.9474414 | X114: =X113/X111 -> 3.894246 | Y114: =Y113/Y111 -> 3.8904287 | Z114: =Z113/Z111 -> 4.0059651 | AA114: =AA113/AA111 -> 4.0740397 | AB114: =AB113/AB111 -> 4.0895175 | ... AF114: =AF113/AF111 -> 3.8310591 | AJ114: PGC Unit Commodity Costs | AK114: =AK113/AK111 -> 4.1252102 | AL114: =AL113/AL111 -> 4.150071 | AM114: =AM113/AM111 -> 4.1593521 | AN114: =AN113/AN111 -> 4.2109821 | AO114: =AO113/AO111 -> 4.3465785 | AP114: =AP113/AP111 -> 4.3278487 | AQ114: =AQ113/AQ111 -> 4.3878276 | AR114: =AR113/AR111 -> 4.3764788 | ... AV114: =AV113/AV111 -> 4.4610114
C115: PGC Commodity Cost Diff | D115: =D113-D112 -> -256021.06 | E115: =E113-E112 -> -247530.75 | F115: =F113-F112 -> -278684.45 | G115: =G113-G112 -> 82284.185 | H115: =H113-H112 -> -420915.26 | I115: =I113-I112 -> 344226.73 | J115: =J113-J112 -> 1612443.3 | K115: =K113-K112 -> 1317894.6 | ... P115: =P113-P112 -> 3258527.2 | T115: PGC Commodity Cost Diff | U115: =U113-U112 -> 124821.54 | V115: =V113-V112 -> 100921.91 | W115: =W113-W112 -> 143001.83 | X115: =X113-X112 -> 268120.92 | Y115: =Y113-Y112 -> 275385.89 | Z115: =Z113-Z112 -> 171763.98 | AA115: =AA113-AA112 -> 40537.914 | AB115: =AB113-AB112 -> 47185.82 | ... AG115: =AG113-AG112 -> 1464996.9 | AJ115: PGC Commodity Cost Diff | AK115: =AK113-AK112 -> 12673.245 | AL115: =AL113-AL112 -> 12447.272 | AM115: =AM113-AM112 -> 15608.666 | AN115: =AN113-AN112 -> 43098.159 | AO115: =AO113-AO112 -> 82334.186 | AP115: =AP113-AP112 -> -315249.72 | AQ115: =AQ113-AQ112 -> -475405.15 | AR115: =AR113-AR112 -> -370725.58 | ... AW115: =AW113-AW112 -> -979577.57
C116: Unit Cost Diff | D116: =D115/D111 -> -1.0784543 | E116: =E115/E111 -> -0.89573638 | F116: =F115/F111 -> -0.89672436 | G116: =G115/G111 -> 0.14815979 | H116: =H115/H111 -> -0.40408837 | I116: =I115/I111 -> 0.22374403 | J116: =J115/J111 -> 0.91678974 | K116: =K115/K111 -> 0.84192235 | ... P116: =P115/P111 -> 0.35003402 | T116: Unit Cost Diff | U116: =U115/U111 -> 0.46420353 | V116: =V115/V111 -> 0.37532228 | W116: =W115/W111 -> 0.45843618 | X116: =X115/X111 -> 0.39742224 | Y116: =Y115/Y111 -> 0.24170268 | Z116: =Z115/Z111 -> 0.098111656 | AA116: =AA115/AA111 -> 0.020985638 | AB116: =AB115/AB111 -> 0.02976184 | ... AG116: =AG115/AG111 -> 0.13757612 | AJ116: Unit Cost Diff | AK116: =AK115/AK111 -> 0.046466738 | AL116: =AL115/AL111 -> 0.045638204 | AM116: =AM115/AM111 -> 0.04933467 | AN116: =AN115/AN111 -> 0.062989094 | AO116: =AO115/AO111 -> 0.071255638 | AP116: =AP115/AP111 -> -0.17756144 | AQ116: =AQ115/AQ111 -> -0.24267848 | AR116: =AR115/AR111 -> -0.23057185 | ... AW116: =AW115/AW111 -> -0.090706565
...

Sheet FIN OPS REV VOL VS YR REPORTS
B1: 40725 | C1: 40756 | D1: 40787 | E1: 40817 | F1: 40848 | G1: 40878 | H1: 40909 | I1: 40940 | J1: 40969 | K1: 41000 | L1: 41030 | M1: 41061 | N1: FY YTD
A2: RS,GS,MS PGC Revenue | B2: =+'YR REPORTS'!D79 -> 1181975.6 | C2: =+'YR REPORTS'!E79 -> 1377752.4 | D2: =+'YR REPORTS'!F79 -> 1540609.2 | E2: =+'YR REPORTS'!G79 -> 2926981.2 | F2: =+'YR REPORTS'!H79 -> 5777083 | G2: =+'YR REPORTS'!I79 -> 7985786.4 | H2: =+'YR REPORTS'!J79 -> 9195837 | I2: =+'YR REPORTS'!K79 -> 8193160.2 | ... M2: =+'YR REPORTS'!O79 -> 1058880 | N2: =SUM(B2:M2) -> 46229746
A3: Residental PGA - Fin Ops | B3: 660845.77 | C3: 811553.36 | D3: 894294.67 | E3: 1982062 | F3: 4002972 | G3: 5736378 | H3: 6378855.4 | I3: 5675408.4 | J3: 2233348.2 | K3: 1478830.1 | L3: 832213.23 | M3: 631064.2 | N3: =SUM(B3:M3) -> 31317825
A4: Commercial PGA - Fin Ops | B4: 494097.27 | C4: 537520.88 | D4: 609496.7 | E4: 880400.97 | F4: 1613111.9 | G4: 2115364.5 | H4: 2521478.3 | I4: 2275661.1 | J4: 1127282.6 | K4: 750789.52 | L4: 543585.67 | M4: 402844.73 | N4: =SUM(B4:M4) -> 13871634
A5: Municipal PGA - Fin Ops | B5: 21644.35 | C5: 22429.55 | D5: 32082.7 | E5: 64212.2 | F5: 162559.8 | G5: 220215.2 | H5: 293990.4 | I5: 241167 | J5: 107441.1 | K5: 46462 | L5: 32881 | M5: 23883 | N5: =SUM(B5:M5) -> 1268968.3
A6: RS,GS,MS PGA Revenue Totals | B6: =SUM(B3:B5) -> 1176587.4 | C6: =SUM(C3:C5) -> 1371503.8 | D6: =SUM(D3:D5) -> 1535874.1 | E6: =SUM(E3:E5) -> 2926675.2 | F6: =SUM(F3:F5) -> 5778643.7 | G6: =SUM(G3:G5) -> 8071957.7 | H6: =SUM(H3:H5) -> 9194324.1 | I6: =SUM(I3:I5) -> 8192236.5 | ... M6: =SUM(M3:M5) -> 1057791.9 | N6: =SUM(B6:M6) -> 46458428
A7: Differences | B7: =B6-B2 -> -5388.21 | C7: =C6-C2 -> -6248.56 | D7: =D6-D2 -> -4735.13 | E7: =E6-E2 -> -306.04 | F7: =F6-F2 -> 1560.71 | G7: =G6-G2 -> 86171.34 | H7: =H6-H2 -> -1512.88 | I7: =I6-I2 -> -923.75 | ... M7: =M6-M2 -> -1088.07 | N7: =SUM(B7:M7) -> 228681.87
A9: CIS PGC Revenue | B9: =+'YR REPORTS'!D84 -> 301102.14 | C9: =+'YR REPORTS'!E84 -> 348947.19 | D9: =+'YR REPORTS'!F84 -> 399799.25 | E9: =+'YR REPORTS'!G84 -> 569478.32 | F9: =+'YR REPORTS'!H84 -> 828499.03 | G9: =+'YR REPORTS'!I84 -> 1020998.9 | H9: =+'YR REPORTS'!J84 -> 1112674.7 | I9: =+'YR REPORTS'!K84 -> 983080.94 | ... M9: =+'YR REPORTS'!O84 -> 274196.55 | N9: =SUM(B9:M9) -> 7191015.5
A10: CIS PGC Revenue - Fin Ops | B10: 301102.05 | C10: 349791.66 | D10: 399342.43 | E10: 569478.22 | F10: 828498.96 | G10: 1040184.3 | H10: 1112072.4 | I10: 983080.92 | J10: 623831.61 | K10: 431405.09 | L10: 350499.06 | M10: 274196.54 | N10: =SUM(B10:M10) -> 7263483.3
A11: Differences | B11: =B10-B9 -> -0.088 | C11: =C10-C9 -> 844.472 | D11: =D10-D9 -> -456.824 | E11: =E10-E9 -> -0.096 | F11: =F10-F9 -> -0.072 | G11: =G10-G9 -> 19185.448 | H11: =H10-H9 -> -602.278 | I11: =I10-I9 -> -0.024 | ... M11: =M10-M9 -> -0.012 | N11: =SUM(B11:M11) -> 72467.79
A13: Non-PGC Commodity Costs | B13: =+'YR REPORTS'!D70 -> 1057608.1 | C13: =+'YR REPORTS'!E70 -> 1163679.7 | D13: =+'YR REPORTS'!F70 -> 1130043.8 | E13: =+'YR REPORTS'!G70 -> 1195283.8 | F13: =+'YR REPORTS'!H70 -> 1378765.3 | G13: =+'YR REPORTS'!I70 -> 1452462.7 | H13: =+'YR REPORTS'!J70 -> 1420697.4 | I13: =+'YR REPORTS'!K70 -> 1225673.6 | ... M13: =+'YR REPORTS'!O70 -> 634685.64 | N13: =SUM(C13:M13) -> 11850423
A14: Flex Gas (cog*flex vols)/PGA - Fin Ops | B14: 66435.807 | C14: 9179.1966 | D14: 8467.8565 | E14: 32200.078 | F14: 63943.649 | G14: 70638.982 | H14: 75892.817 | I14: 61622.378 | J14: 39061.377 | K14: 25317.214 | L14: 14010.473 | M14: 6304.9474 | N14: =SUM(C14:M14) -> 406638.97
A15: LVS Gas Cost(gwac) - Fin Ops | B15: 777206.87 | C15: 934586.48 | D15: 942079.37 | E15: 900910.16 | F15: 988206.79 | G15: 1025889.8 | H15: 1013301.3 | I15: 871432.87 | J15: 679244.9 | K15: 543178.44 | L15: 362733.52 | M15: 370709.7 | N15: =SUM(E15:M15) -> 6755607.4
A16: LVS Gas Cost(fwa1) - Fin Ops | B16: 216172.85 | C16: 232048.05 | D16: 223105.53 | E16: 268061.18 | F16: 346157.97 | G16: 348679.61 | H16: 330506.32 | I16: 292942.55 | J16: 241000.06 | K16: 220138.89 | L16: 281227.04 | M16: 236594.08 | N16: =SUM(C16:M16) -> 3020461.3
A17: NGV Gas Cost | B17: 5785.3086 | C17: 7924.9625 | D17: 4407.3792 | E17: 5088.2661 | F17: 5469.9689 | G17: 5383.2525 | H17: 4661.2389 | I17: 3658.1342 | J17: 3728.1974 | K17: 2876.0414 | L17: 3716.474 | M17: 3193.5506 | N17: =SUM(C17:M17) -> 50107.466
A18: Flex and LVS Gas Cost Totals | B18: =SUM(B14:B17) -> 1065600.8 | C18: =SUM(C14:C17) -> 1183738.7 | D18: =SUM(D14:D16) -> 1173652.8 | E18: =SUM(E14:E16) -> 1201171.4 | F18: =SUM(F14:F16) -> 1398308.4 | G18: =SUM(G14:G16) -> 1445208.4 | H18: =SUM(H14:H16) -> 1419700.4 | I18: =SUM(I14:I16) -> 1225997.8 | J18: =SUM(J14:J16) -> 959306.34 | K18: =SUM(K14:K16) -> 788634.54 | ... M18: =SUM(M14:M16) -> 613608.73 | N18: =SUM(B18:M18) -> 13132899
A19: Differences | B19: =B18-B13 -> 7992.693 | C19: =C18-C13 -> 20059.003 | D19: =D18-D13 -> 43608.995 | E19: =E18-E13 -> 5887.6501 | F19: =F18-F13 -> 19543.115 | G19: =G18-G13 -> -7254.3613 | H19: =H18-H13 -> -997.02777 | I19: =I18-I13 -> 324.15039 | ... M19: =M18-M13 -> -21076.917 | N19: =SUM(B19:M19) -> 224867.85
A21: Total PGC Revenue | B21: =SUM(B2,B9,B13) -> 2540685.9 | C21: =SUM(C2,C9,C13) -> 2890379.2 | D21: =SUM(D2,D9,D13) -> 3070452.2 | E21: =SUM(E2,E9,E13) -> 4691743.3 | F21: =SUM(F2,F9,F13) -> 7984347.3 | G21: =SUM(G2,G9,G13) -> 10459248 | H21: =SUM(H2,H9,H13) -> 11729209 | I21: =SUM(I2,I9,I13) -> 10401915 | ... N21: =SUM(N2,N9,N13) -> 65271185
A22: YTD PGC Revenue | B22: =B21 -> 2540685.9 | C22: =B22+C21 -> 5431065.1 | D22: =C22+D21 -> 8501517.3 | E22: =D22+E21 -> 13193261 | F22: =E22+F21 -> 21177608 | G22: =F22+G21 -> 31636856 | H22: =G22+H21 -> 43366065 | I22: =H22+I21 -> 53767980 | J22: =I22+J21 -> 58635755 | ... N22: =M22+N21 -> 1.3159998e+08
A24: Total PGC Revenue - Fin Ops Rev Vol | B24: =SUM(B6,B10,B18) -> 2543290.3 | C24: =SUM(C6,C10,C18) -> 2905034.1 | D24: =SUM(D6,D10,D18) -> 3108869.3 | E24: =SUM(E6,E10,E18) -> 4697324.8 | F24: =SUM(F6,F10,F18) -> 8005451.1 | G24: =SUM(G6,G10,G18) -> 10557350 | H24: =SUM(H6,H10,H18) -> 11726097 | I24: =SUM(I6,I10,I18) -> 10401315 | ... N24: =SUM(N6,N10,N18) -> 66854810
A25: YTD PGC Revenue - Fin Ops Rev Vol | B25: =B24 -> 2543290.3 | C25: =B25+C24 -> 5448324.4 | D25: =C25+D24 -> 8557193.7 | E25: =D25+E24 -> 13254518 | F25: =E25+F24 -> 21259970 | G25: =F25+G24 -> 31817320 | H25: =G25+H24 -> 43543417 | I25: =H25+I24 -> 53944732 | J25: =I25+J24 -> 58995942 | ... N25: =M25+N24 -> 1.3370962e+08
A27: Mth Differences | B27: =B24-B21 -> 2604.395 | C27: =C24-C21 -> 14654.915 | D27: =D24-D21 -> 38417.041 | E27: =E24-E21 -> 5581.5141 | F27: =F24-F21 -> 21103.753 | G27: =G24-G21 -> 98102.427 | H27: =H24-H21 -> -3112.1858 | I27: =I24-I21 -> -599.62361 | ... N27: =N24-N21 -> 1583625.6
A28: YTD Differences | B28: =B25-B22 -> 2604.395 | C28: =C25-C22 -> 17259.31 | D28: =D25-D22 -> 55676.351 | E28: =E25-E22 -> 61257.865 | F28: =F25-F22 -> 82361.619 | G28: =G25-G22 -> 180464.05 | H28: =H25-H22 -> 177351.86 | I28: =I25-I22 -> 176752.24 | ... N28: =N25-N22 -> 2109643.2

Sheet PGC GRAPHS
A1: FACTOR | B1: 1000000 | X1: FACTOR | Y1: 1000000 | AN1: FACTOR | AO1: 1000000
A3: PGC MTH UNIT COSTS & RATES ($M) | B3: 40725 | C3: 40756 | D3: 40787 | E3: 40817 | F3: 40848 | G3: 40878 | H3: 40909 | I3: 40940 | J3: 40969 | K3: 41000 | L3: 41030 | M3: 41061 | N3: 1112 | X3: PGC MTH UNIT COSTS & RATES ($M) | Y3: 41091 | Z3: 41122 | AA3: 41153 | AB3: 41183 | AC3: 41214 | AD3: 41244 | AE3: 41275 | AF3: 41306 | AG3: 41334 | AH3: 41365 | AI3: 41395 | AJ3: 41426 | AK3: 1213 | AN3: PGC MTH UNIT COST & RATE ($M) | AO3: 41456 | AP3: 41487 | AQ3: 41518 | AR3: 41548 | AS3: 41579 | AT3: 41609 | AU3: 41640 | AV3: 41671 | AW3: 41699 | AX3: 41730 | AY3: 41760 | AZ3: 41791 | BA3: 1314
A4: UNIT COMMODITY COST | B4: =+'YR REPORTS'!D36 -> 3.8413363 | C4: =+'YR REPORTS'!E36 -> 3.9827278 | D4: =+'YR REPORTS'!F36 -> 3.464602 | E4: =+'YR REPORTS'!G36 -> 4.4000272 | F4: =+'YR REPORTS'!H36 -> 3.5853008 | G4: =+'YR REPORTS'!I36 -> 4.0344247 | H4: =+'YR REPORTS'!J36 -> 4.4147304 | I4: =+'YR REPORTS'!K36 -> 3.8863901 | ... N4: =+'YR REPORTS'!P36 -> 3.8382406 | X4: PGC UNIT COMMODITY COST | Y4: =+'YR REPORTS'!U36 -> 3.6158964 | Z4: =+'YR REPORTS'!V36 -> 3.8699122 | AA4: =+'YR REPORTS'!W36 -> 3.9474414 | AB4: =+'YR REPORTS'!X36 -> 3.894246 | AC4: =+'YR REPORTS'!Y36 -> 3.8904287 | AD4: =+'YR REPORTS'!Z36 -> 4.0059651 | AE4: =+'YR REPORTS'!AA36 -> 4.0740397 | AF4: =+'YR REPORTS'!AB36 -> 4.0895175 | ... AK4: =+'YR REPORTS'!AG36 -> 4.0222215
A5: UNIT DEMAND COST | B5: =+'YR REPORTS'!D38 -> 7.6314099 | C5: =+'YR REPORTS'!E38 -> 6.4034201 | D5: =+'YR REPORTS'!F38 -> 5.6918767 | E5: =+'YR REPORTS'!G38 -> 3.3324417 | F5: =+'YR REPORTS'!H38 -> 1.6648397 | G5: =+'YR REPORTS'!I38 -> 1.1247182 | H5: =+'YR REPORTS'!J38 -> 0.98784359 | I5: =+'YR REPORTS'!K38 -> 1.1236052 | ... N5: =+'YR REPORTS'!P38 -> 2.2033834 | X5: PGC UNIT DEMAND COST | Y5: =+'YR REPORTS'!U38 -> 6.6210739 | Z5: =+'YR REPORTS'!V38 -> 6.6210739 | AA5: =+'YR REPORTS'!W38 -> 5.5458766 | AB5: =+'YR REPORTS'!X38 -> 2.6285178 | AC5: =+'YR REPORTS'!Y38 -> 1.5634119 | AD5: =+'YR REPORTS'!Z38 -> 1.0058247 | AE5: =+'YR REPORTS'!AA38 -> 0.90957631 | AF5: =+'YR REPORTS'!AB38 -> 1.1105937 | ... AK5: =+'YR REPORTS'!AG38 -> 1.9021616
A6: UNIT COST | B6: =+'YR REPORTS'!D39 -> 11.472746 | C6: =+'YR REPORTS'!E39 -> 10.386148 | D6: =+'YR REPORTS'!F39 -> 9.1564787 | E6: =+'YR REPORTS'!G39 -> 7.7324689 | F6: =+'YR REPORTS'!H39 -> 5.2501405 | G6: =+'YR REPORTS'!I39 -> 5.1591429 | H6: =+'YR REPORTS'!J39 -> 5.402574 | I6: =+'YR REPORTS'!K39 -> 5.0099953 | ... N6: =+'YR REPORTS'!P39 -> 6.041624 | X6: PGC UNIT COST | Y6: =+'YR REPORTS'!U39 -> 10.23697 | Z6: =+'YR REPORTS'!V39 -> 10.490986 | AA6: =+'YR REPORTS'!W39 -> 9.493318 | AB6: =+'YR REPORTS'!X39 -> 6.5227638 | AC6: =+'YR REPORTS'!Y39 -> 5.4538406 | AD6: =+'YR REPORTS'!Z39 -> 5.0117898 | AE6: =+'YR REPORTS'!AA39 -> 4.9836161 | AF6: =+'YR REPORTS'!AB39 -> 5.2001112 | ... AK6: =+'YR REPORTS'!AG39 -> 5.9243831 | AN6: RS UNIT COST | AO6: =+'YR REPORTS'!AK39 -> 10.625119 | AP6: =+'YR REPORTS'!AL39 -> 10.64998 | AQ6: =+'YR REPORTS'!AM39 -> 9.6067798 | AR6: =+'YR REPORTS'!AN39 -> 6.7962698 | AS6: =+'YR REPORTS'!AO39 -> 5.8850013 | AT6: =+'YR REPORTS'!AP39 -> 5.3177936 | AU6: =+'YR REPORTS'!AQ39 -> 5.2830776 | AV6: =+'YR REPORTS'!AR39 -> 5.4695398 | ... AZ6: =+'YR REPORTS'!AV39 -> 10.88956
A7: PROJ AVG UNIT DEMAND COST | B7: =+'YR REPORTS'!D41 -> 1.8934005 | C7: =+'YR REPORTS'!E41 -> 1.8934005 | D7: =+'YR REPORTS'!F41 -> 1.8934005 | E7: =+'YR REPORTS'!G41 -> 1.8934005 | F7: =+'YR REPORTS'!H41 -> 1.8934005 | G7: =+'YR REPORTS'!I41 -> 1.8934005 | H7: =+'YR REPORTS'!J41 -> 1.8934005 | I7: =+'YR REPORTS'!K41 -> 1.8934005 | ... N7: =+'YR REPORTS'!P41 -> 1.8934005 | X7: PROJ AVG UNIT DEMAND COST | Y7: =+'YR REPORTS'!U41 -> 1.9021616 | Z7: =+'YR REPORTS'!V41 -> 1.9021616 | AA7: =+'YR REPORTS'!W41 -> 1.9021616 | AB7: =+'YR REPORTS'!X41 -> 1.9021616 | AC7: =+'YR REPORTS'!Y41 -> 1.9021616 | AD7: =+'YR REPORTS'!Z41 -> 1.9021616 | AE7: =+'YR REPORTS'!AA41 -> 1.9021616 | AF7: =+'YR REPORTS'!AB41 -> 1.9021616 | ... AK7: =+'YR REPORTS'!AG41 -> 1.9021616
A8: PGC RATE | B8: =+'YR REPORTS'!D77 -> 6.5 | C8: =+'YR REPORTS'!E77 -> 6.5 | D8: =+'YR REPORTS'!F77 -> 6.5 | E8: =+'YR REPORTS'!G77 -> 6.5 | F8: =+'YR REPORTS'!H77 -> 6.5 | G8: =+'YR REPORTS'!I77 -> 6 | H8: =+'YR REPORTS'!J77 -> 6 | I8: =+'YR REPORTS'!K77 -> 6 | ... N8: =+'YR REPORTS'!P77 -> 5.9199454 | X8: PGC RATE | Y8: =+'YR REPORTS'!U77 -> 5 | Z8: =+'YR REPORTS'!V77 -> 5 | AA8: =+'YR REPORTS'!W77 -> 5 | AB8: =+'YR REPORTS'!X77 -> 5 | AC8: =+'YR REPORTS'!Y77 -> 5 | AD8: =+'YR REPORTS'!Z77 -> 5 | AE8: =+'YR REPORTS'!AA77 -> 5 | AF8: =+'YR REPORTS'!AB77 -> 5 | ... AK8: =+'YR REPORTS'!AG77 -> 5 | AN8: RS RATE | AO8: =+'YR REPORTS'!AK77 -> 5 | AP8: =+'YR REPORTS'!AL77 -> 5 | AQ8: =+'YR REPORTS'!AM77 -> 5 | AR8: =+'YR REPORTS'!AN77 -> 5 | AS8: =+'YR REPORTS'!AO77 -> 5 | AT8: =+'YR REPORTS'!AP77 -> 5 | AU8: =+'YR REPORTS'!AQ77 -> 5 | AV8: =+'YR REPORTS'!AR77 -> 5 | ... AZ8: =+'YR REPORTS'!AV77 -> 5
A9: PGC UNIT COST (W/ AVG UNIT DEMAND) | B9: =+'YR REPORTS'!D47 -> 5.7347368 | C9: =+'YR REPORTS'!E47 -> 5.8761284 | D9: =+'YR REPORTS'!F47 -> 5.3580025 | E9: =+'YR REPORTS'!G47 -> 6.2934277 | F9: =+'YR REPORTS'!H47 -> 5.4787013 | G9: =+'YR REPORTS'!I47 -> 5.9278252 | H9: =+'YR REPORTS'!J47 -> 6.3081309 | I9: =+'YR REPORTS'!K47 -> 5.7797906 | ... N9: =+'YR REPORTS'!P47 -> 5.7316411 | X9: PGC UNIT COST (W/ AVG UNIT DEMAND) | Y9: =+'YR REPORTS'!U47 -> 5.518058 | Z9: =+'YR REPORTS'!V47 -> 5.7720738 | AA9: =+'YR REPORTS'!W47 -> 5.849603 | AB9: =+'YR REPORTS'!X47 -> 5.7964076 | AC9: =+'YR REPORTS'!Y47 -> 5.7925903 | AD9: =+'YR REPORTS'!Z47 -> 5.9081267 | AE9: =+'YR REPORTS'!AA47 -> 5.9762014 | AF9: =+'YR REPORTS'!AB47 -> 5.9916791 | ... AK9: =+'YR REPORTS'!AG47 -> 5.9243831
A10: NYMEX | B10: =+'FT GAS'!G109 -> 4.357 | C10: =+'FT GAS'!H109 -> 4.32 | D10: =+'FT GAS'!I109 -> 3.857 | E10: =+'FT GAS'!J109 -> 3.759 | F10: =+'FT GAS'!K109 -> 3.524 | G10: =+'FT GAS'!L109 -> 3.364 | H10: =+'FT GAS'!M109 -> 3.084 | I10: =+'FT GAS'!N109 -> 2.678 | ... N10: =+'FT GAS'!S109 -> 3.0968259 | X10: NYMEX | Y10: =+'FT GAS'!X109 -> 2.774 | Z10: =+'FT GAS'!Y109 -> 3.081 | AA10: =+'FT GAS'!Z109 -> 3.076 | AB10: =+'FT GAS'!AA109 -> 3.083 | AC10: =+'FT GAS'!AB109 -> 3.219 | AD10: =+'FT GAS'!AC109 -> 3.451 | AE10: =+'FT GAS'!AD109 -> 3.581 | AF10: =+'FT GAS'!AE109 -> 3.587 | ... AJ10: =+'FT GAS'!AI109 -> 3.56
A11: UNIT COMMODITY COST VS NYMEX | B11: =B4-B10 -> -0.51566372 | C11: =C4-C10 -> -0.33727216 | D11: =D4-D10 -> -0.39239801 | E11: =E4-E10 -> 0.64102716 | F11: =F4-F10 -> 0.061300805 | G11: =G4-G10 -> 0.67042466 | H11: =H4-H10 -> 1.3307304 | I11: =I4-I10 -> 1.2083901 | ... N11: =N4-N10 -> 0.74141468
A33: PGC MTH COMMODITY & DEMAND COSTS | B33: 40725 | C33: 40756 | D33: 40787 | E33: 40817 | F33: 40848 | G33: 40878 | H33: 40909 | I33: 40940 | J33: 40969 | K33: 41000 | L33: 41030 | M33: 41061 | N33: 1112 | X33: PGC MTH COST & REVENUES ($M) | Y33: 41091 | Z33: 41122 | AA33: 41153 | AB33: 41183 | AC33: 41214 | AD33: 41244 | AE33: 41275 | AF33: 41306 | AG33: 41334 | AH33: 41365 | AI33: 41395 | AJ33: 41426 | AK33: 1213 | AN33: PGC MTH COST & REVENUES ($M) | AO33: 41456 | AP33: 41487 | AQ33: 41518 | AR33: 41548 | AS33: 41579 | AT33: 41609 | AU33: 41640 | AV33: 41671 | AW33: 41699 | AX33: 41730 | AY33: 41760 | AZ33: 41791 | BA33: 1314
A34: DEMAND | B34: =+'YR REPORTS'!D37/'PGC GRAPHS'!$B$1 -> 1.3877139 | C34: =+'YR REPORTS'!E37/'PGC GRAPHS'!$B$1 -> 1.3572811 | D34: =+'YR REPORTS'!F37/'PGC GRAPHS'!$B$1 -> 1.3490704 | E34: =+'YR REPORTS'!G37/'PGC GRAPHS'!$B$1 -> 1.5006145 | F34: =+'YR REPORTS'!H37/'PGC GRAPHS'!$B$1 -> 1.4796796 | G34: =+'YR REPORTS'!I37/'PGC GRAPHS'!$B$1 -> 1.4969599 | H34: =+'YR REPORTS'!J37/'PGC GRAPHS'!$B$1 -> 1.5140081 | I34: =+'YR REPORTS'!K37/'PGC GRAPHS'!$B$1 -> 1.5343129 | ... N34: =+'YR REPORTS'!P37/'PGC GRAPHS'!$B$1 -> 17.206553 | X34: DEMAND
A35: COMMODITY | B35: =+'YR REPORTS'!D35/'PGC GRAPHS'!$B$1 -> 0.91191902 | C35: =+'YR REPORTS'!E35/'PGC GRAPHS'!$B$1 -> 1.1006002 | D35: =+'YR REPORTS'!F35/'PGC GRAPHS'!$B$1 -> 1.0767307 | E35: =+'YR REPORTS'!G35/'PGC GRAPHS'!$B$1 -> 2.4436633 | F35: =+'YR REPORTS'!H35/'PGC GRAPHS'!$B$1 -> 3.7345985 | G35: =+'YR REPORTS'!I35/'PGC GRAPHS'!$B$1 -> 6.2068998 | H35: =+'YR REPORTS'!J35/'PGC GRAPHS'!$B$1 -> 7.7645965 | I35: =+'YR REPORTS'!K35/'PGC GRAPHS'!$B$1 -> 6.0835214 | ... N35: =+'YR REPORTS'!P35/'PGC GRAPHS'!$B$1 -> 35.730845 | X35: COMMODITY
A58: PGC MTH COST & REVENUE ($M) | B58: 40725 | C58: 40756 | D58: 40787 | E58: 40817 | F58: 40848 | G58: 40878 | H58: 40909 | I58: 40940 | J58: 40969 | K58: 41000 | L58: 41030 | M58: 41061 | N58: 1112 | X58: PGC MTH COST & REVENUES ($M) | Y58: 41091 | Z58: 41122 | AA58: 41153 | AB58: 41183 | AC58: 41214 | AD58: 41244 | AE58: 41275 | AF58: 41306 | AG58: 41334 | AH58: 41365 | AI58: 41395 | AJ58: 41426 | AK58: 1213 | AN58: PGC MTH COST & REVENUES ($M) | AO58: 41456 | AP58: 41487 | AQ58: 41518 | AR58: 41548 | AS58: 41579 | AT58: 41609 | AU58: 41640 | AV58: 41671 | AW58: 41699 | AX58: 41730 | AY58: 41760 | AZ58: 41791 | BA58: 1314
A59: COSTS | B59: =+'YR REPORTS'!D54/'PGC GRAPHS'!$B$1 -> 2.2996329 | C59: =+'YR REPORTS'!E54/'PGC GRAPHS'!$B$1 -> 2.4578812 | D59: =+'YR REPORTS'!F54/'PGC GRAPHS'!$B$1 -> 2.4258011 | E59: =+'YR REPORTS'!G54/'PGC GRAPHS'!$B$1 -> 3.9442778 | F59: =+'YR REPORTS'!H54/'PGC GRAPHS'!$B$1 -> 5.2142781 | G59: =+'YR REPORTS'!I54/'PGC GRAPHS'!$B$1 -> 7.7038597 | H59: =+'YR REPORTS'!J54/'PGC GRAPHS'!$B$1 -> 9.2786046 | I59: =+'YR REPORTS'!K54/'PGC GRAPHS'!$B$1 -> 7.6178343 | ... N59: =+'YR REPORTS'!P54/'PGC GRAPHS'!$B$1 -> 52.937398 | X59: COSTS | Y59: =+'YR REPORTS'!U54/$Y$1 -> 2.3376377 | Z59: =+'YR REPORTS'!V54/$Y$1 -> 2.4059411 | AA59: =+'YR REPORTS'!W54/$Y$1 -> 2.5966861 | AB59: =+'YR REPORTS'!X54/$Y$1 -> 4.1309913 | AC59: =+'YR REPORTS'!Y54/$Y$1 -> 5.9839444 | AD59: =+'YR REPORTS'!Z54/$Y$1 -> 8.5645924 | AE59: =+'YR REPORTS'!AA54/$Y$1 -> 9.4211678 | AF59: =+'YR REPORTS'!AB54/$Y$1 -> 8.0350666 | ... AJ59: =+'YR REPORTS'!AF54/$Y$1 -> 2.400363 | AN59: COSTS | AO59: =+'YR REPORTS'!AK54/$AO$1 -> 2.4904465 | AP59: =+'YR REPORTS'!AL54/$AO$1 -> 2.497227 | AQ59: =+'YR REPORTS'!AM54/$AO$1 -> 2.6812945 | AR59: =+'YR REPORTS'!AN54/$AO$1 -> 4.3849604 | AS59: =+'YR REPORTS'!AO54/$AO$1 -> 6.5737209 | AT59: =+'YR REPORTS'!AP54/$AO$1 -> 9.2351901 | AU59: =+'YR REPORTS'!AQ54/$AO$1 -> 10.147072 | AV59: =+'YR REPORTS'!AR54/$AO$1 -> 8.5880868 | ... AZ59: =+'YR REPORTS'!AV54/$AO$1 -> 2.5877747
A60: BUDGET
A61: REVENUE | B61: =+'YR REPORTS'!D88/$B$1 -> 1.4830777 | C61: =+'YR REPORTS'!E88/$B$1 -> 1.7266995 | D61: =+'YR REPORTS'!F88/$B$1 -> 1.9404085 | E61: =+'YR REPORTS'!G88/$B$1 -> 3.4964595 | F61: =+'YR REPORTS'!H88/$B$1 -> 6.605582 | G61: =+'YR REPORTS'!I88/$B$1 -> 9.0067853 | H61: =+'YR REPORTS'!J88/$B$1 -> 10.308512 | I61: =+'YR REPORTS'!K88/$B$1 -> 9.1762411 | ... N61: =+'YR REPORTS'!P88/$B$1 -> 53.420761 | O61: Apr-Oct | P61: Nov-Mar | X61: REVENUE | Y61: =+'YR REPORTS'!U88/$Y$1 -> 1.2767734 | Z61: =+'YR REPORTS'!V88/$Y$1 -> 1.2767734 | AA61: =+'YR REPORTS'!W88/$Y$1 -> 1.4886676 | AB61: =+'YR REPORTS'!X88/$Y$1 -> 3.2624809 | AC61: =+'YR REPORTS'!Y88/$Y$1 -> 5.5379533 | AD61: =+'YR REPORTS'!Z88/$Y$1 -> 8.5284991 | AE61: =+'YR REPORTS'!AA88/$Y$1 -> 9.4142804 | AF61: =+'YR REPORTS'!AB88/$Y$1 -> 7.7235702 | ... AJ61: =+'YR REPORTS'!AF88/$Y$1 -> 1.2842565 | AN61: REVENUE | AO61: =+'YR REPORTS'!AK88/$AO$1 -> 1.2959934 | AP61: =+'YR REPORTS'!AL88/$AO$1 -> 1.2959934 | AQ61: =+'YR REPORTS'!AM88/$AO$1 -> 1.5109141 | AR61: =+'YR REPORTS'!AN88/$AO$1 -> 3.3103119 | AS61: =+'YR REPORTS'!AO88/$AO$1 -> 5.6185438 | AT61: =+'YR REPORTS'!AP88/$AO$1 -> 8.6522054 | AU61: =+'YR REPORTS'!AQ88/$AO$1 -> 9.5507494 | AV61: =+'YR REPORTS'!AR88/$AO$1 -> 7.835599 | ... AZ61: =+'YR REPORTS'!AV88/$AO$1 -> 1.3035577
A62: COSTS VS REVENUE | B62: =B61-B59 -> -0.81655518 | C62: =C61-C59 -> -0.73118171 | D62: =D61-D59 -> -0.48539268 | E62: =E61-E59 -> -0.44781832 | F62: =F61-F59 -> 1.391304 | G62: =G61-G59 -> 1.3029256 | H62: =H61-H59 -> 1.0299071 | I62: =I61-I59 -> 1.5584068 | ... M62: =M61-M59 -> -0.62324407
A63: DEMAND COSTS | B63: =B34 -> 1.3877139 | C63: =C34 -> 1.3572811 | D63: =D34 -> 1.3490704 | E63: =E34 -> 1.5006145 | F63: =F34 -> 1.4796796 | G63: =G34 -> 1.4969599 | H63: =H34 -> 1.5140081 | I63: =I34 -> 1.5343129 | ... N63: =N34 -> 17.206553 | O63: =SUM(B63:E63,K63:M63) -> 9.6330385 | P63: =SUM(F63:J63) -> 7.5735144
A64: DEMAND REVENUE ($1.50/MCF) | B64: =+'YR REPORTS'!D42/$B$1 -> 0.38427889 | C64: =+'YR REPORTS'!E42/$B$1 -> 0.38427889 | D64: =+'YR REPORTS'!F42/$B$1 -> 0.45904416 | E64: =+'YR REPORTS'!G42/$B$1 -> 1.0681604 | F64: =+'YR REPORTS'!H42/$B$1 -> 1.853626 | G64: =+'YR REPORTS'!I42/$B$1 -> 2.8817873 | H64: =+'YR REPORTS'!J42/$B$1 -> 3.1868521 | I64: =+'YR REPORTS'!K42/$B$1 -> 2.6803334 | ... N64: =+'YR REPORTS'!P42/$B$1 -> 17.206553 | O64: =SUM(B64:E64,K64:M64) -> 4.4932097 | P64: =SUM(F64:J64) -> 12.713343
A65: DEMAND COSTS VS REVENUES ($1.50/MCF) | B65: =B64-B63 -> -1.003435 | C65: =C64-C63 -> -0.9730022 | D65: =D64-D63 -> -0.89002624 | E65: =E64-E63 -> -0.43245413 | F65: =F64-F63 -> 0.37394644 | G65: =G64-G63 -> 1.3848274 | H65: =H64-H63 -> 1.672844 | I65: =I64-I63 -> 1.1460205 | ... M65: =M64-M63 -> -0.92889779 | N65: =SUM(B65:M65) -> 1.9984014e-15 | O65: =O63-O64 -> 5.1398288 | P65: =P63-P64 -> -5.1398288
A66: YTD DEMAND COSTS VS REVENUES ($1.50/MCF) | C66: =B65+C65 -> -1.9764372 | D66: =C66+D65 -> -2.8664634 | E66: =D66+E65 -> -3.2989176 | F66: =E66+F65 -> -2.9249711 | G66: =F66+G65 -> -1.5401438 | H66: =G66+H65 -> 0.1327002 | I66: =H66+I65 -> 1.2787207 | J66: =I66+J65 -> 1.8409112 | K66: =J66+K65 -> 1.6542189 | ... M66: =L66+M65 -> 1.9984014e-15 | N66: =SUM(B66:M66) -> -6.7714843
A89: PGC YTD GAS COST & REVENUES ($M) | B89: 40725 | C89: 40756 | D89: 40787 | E89: 40817 | F89: 40848 | G89: 40878 | H89: 40909 | I89: 40940 | J89: 40969 | K89: 41000 | L89: 41030 | M89: 41061 | N89: 1112 | X89: PGC YTD COST & REVENUES ($M) | Y89: 41091 | Z89: 41122 | AA89: 41153 | AB89: 41183 | AC89: 41214 | AD89: 41244 | AE89: 41275 | AF89: 41306 | AG89: 41334 | AH89: 41365 | AI89: 41395 | AJ89: 41426 | AK89: 1213 | AN89: PGC YTD COST & REVENUES ($M) | AO89: 41456 | AP89: 41487 | AQ89: 41518 | AR89: 41548 | AS89: 41579 | AT89: 41609 | AU89: 41640 | AV89: 41671 | AW89: 41699 | AX89: 41730 | AY89: 41760 | AZ89: 41791 | BA89: 1314
A90: COSTS | B90: =+'YR REPORTS'!D55/$B$1 -> 2.2996329 | C90: =+'YR REPORTS'!E55/$B$1 -> 4.7575142 | D90: =+'YR REPORTS'!F55/$B$1 -> 7.1833153 | E90: =+'YR REPORTS'!G55/$B$1 -> 11.127593 | F90: =+'YR REPORTS'!H55/$B$1 -> 16.341871 | G90: =+'YR REPORTS'!I55/$B$1 -> 24.045731 | H90: =+'YR REPORTS'!J55/$B$1 -> 33.324336 | I90: =+'YR REPORTS'!K55/$B$1 -> 40.94217 | ... M90: =+'YR REPORTS'!O55/$B$1 -> 52.937398 | X90: COSTS | Y90: =+'YR REPORTS'!U55/$Y$1 -> 2.3376377 | Z90: =+'YR REPORTS'!V55/$Y$1 -> 4.7435788 | AA90: =+'YR REPORTS'!W55/$Y$1 -> 7.3402649 | AB90: =+'YR REPORTS'!X55/$Y$1 -> 11.471256 | AC90: =+'YR REPORTS'!Y55/$Y$1 -> 17.455201 | AD90: =+'YR REPORTS'!Z55/$Y$1 -> 26.019793 | AE90: =+'YR REPORTS'!AA55/$Y$1 -> 35.440961 | AF90: =+'YR REPORTS'!AB55/$Y$1 -> 43.476027 | ... AJ90: =+'YR REPORTS'!AF55/$Y$1 -> 60.283715 | AN90: COSTS | AO90: =+'YR REPORTS'!AK55/$AO$1 -> 2.4904465 | AP90: =+'YR REPORTS'!AL55/$AO$1 -> 4.9876734 | AQ90: =+'YR REPORTS'!AM55/$AO$1 -> 7.6689679 | AR90: =+'YR REPORTS'!AN55/$AO$1 -> 12.053928 | AS90: =+'YR REPORTS'!AO55/$AO$1 -> 18.627649 | AT90: =+'YR REPORTS'!AP55/$AO$1 -> 27.862839 | AU90: =+'YR REPORTS'!AQ55/$AO$1 -> 38.009911 | AV90: =+'YR REPORTS'!AR55/$AO$1 -> 46.597998 | ... AZ90: =+'YR REPORTS'!AV55/$AO$1 -> 64.513287
A91: REVENUE | B91: =+'YR REPORTS'!D89/$B$1 -> 1.4830777 | C91: =+'YR REPORTS'!E89/$B$1 -> 3.2097773 | D91: =+'YR REPORTS'!F89/$B$1 -> 5.1501857 | E91: =+'YR REPORTS'!G89/$B$1 -> 8.6466452 | F91: =+'YR REPORTS'!H89/$B$1 -> 15.252227 | G91: =+'YR REPORTS'!I89/$B$1 -> 24.259013 | H91: =+'YR REPORTS'!J89/$B$1 -> 34.567524 | I91: =+'YR REPORTS'!K89/$B$1 -> 43.743765 | ... M91: =+'YR REPORTS'!O89/$B$1 -> 53.420761 | X91: REVENUE | Y91: =+'YR REPORTS'!U89/$Y$1 -> 1.2767734 | Z91: =+'YR REPORTS'!V89/$Y$1 -> 2.5535469 | AA91: =+'YR REPORTS'!W89/$Y$1 -> 4.0422144 | AB91: =+'YR REPORTS'!X89/$Y$1 -> 7.3046953 | AC91: =+'YR REPORTS'!Y89/$Y$1 -> 12.842649 | AD91: =+'YR REPORTS'!Z89/$Y$1 -> 21.371148 | AE91: =+'YR REPORTS'!AA89/$Y$1 -> 30.785428 | AF91: =+'YR REPORTS'!AB89/$Y$1 -> 38.508998 | ... AJ91: =+'YR REPORTS'!AF89/$Y$1 -> 51.651759 | AN91: REVENUE | AO91: =+'YR REPORTS'!AK89/$AO$1 -> 1.2959934 | AP91: =+'YR REPORTS'!AL89/$AO$1 -> 2.5919869 | AQ91: =+'YR REPORTS'!AM89/$AO$1 -> 4.1029009 | AR91: =+'YR REPORTS'!AN89/$AO$1 -> 7.4132128 | AS91: =+'YR REPORTS'!AO89/$AO$1 -> 13.031757 | AT91: =+'YR REPORTS'!AP89/$AO$1 -> 21.683962 | AU91: =+'YR REPORTS'!AQ89/$AO$1 -> 31.234711 | AV91: =+'YR REPORTS'!AR89/$AO$1 -> 39.07031 | ... AZ91: =+'YR REPORTS'!AV89/$AO$1 -> 52.405679
A111: PGC MTH AND CUMULATIVE GAS COST RECOVERY ($M) | B111: 40725 | C111: 40756 | D111: 40787 | E111: 40817 | F111: 40848 | G111: 40878 | H111: 40909 | I111: 40940 | J111: 40969 | K111: 41000 | L111: 41030 | M111: 41061 | N111: 1112 | X111: PGC MTH RECOVERY AND CUMULATIVE RECOVERY ($M) | Y111: 41091 | Z111: 41122 | AA111: 41153 | AB111: 41183 | AC111: 41214 | AD111: 41244 | AE111: 41275 | AF111: 41306 | AG111: 41334 | AH111: 41365 | AI111: 41395 | AJ111: 41426 | AK111: 1213 | AN111: PGC MTH RECOVERY AND CUMULATIVE RECOVERY ($M) | AO111: 41456 | AP111: 41487 | AQ111: 41518 | AR111: 41548 | AS111: 41579 | AT111: 41609 | AU111: 41640 | AV111: 41671 | AW111: 41699 | AX111: 41730 | AY111: 41760 | AZ111: 41791 | BA111: 1314
A112: MONTH | B112: =+'YR REPORTS'!D90/$B$1 -> -1.0165552 | C112: =+'YR REPORTS'!E90/$B$1 -> -0.95118171 | D112: =+'YR REPORTS'!F90/$B$1 -> -0.58539268 | E112: =+'YR REPORTS'!G90/$B$1 -> -0.50781832 | F112: =+'YR REPORTS'!H90/$B$1 -> 1.361304 | G112: =+'YR REPORTS'!I90/$B$1 -> 1.3029256 | H112: =+'YR REPORTS'!J90/$B$1 -> 1.0299071 | I112: =+'YR REPORTS'!K90/$B$1 -> 1.5584068 | ... M112: =+'YR REPORTS'!O90/$B$1 -> -0.81324407 | X112: MONTH | Y112: =+'YR REPORTS'!U90/$Y$1 -> -1.2608643 | Z112: =+'YR REPORTS'!V90/$Y$1 -> -1.3491676 | AA112: =+'YR REPORTS'!W90/$Y$1 -> -1.2080185 | AB112: =+'YR REPORTS'!X90/$Y$1 -> -0.92851042 | AC112: =+'YR REPORTS'!Y90/$Y$1 -> -0.47599108 | AD112: =+'YR REPORTS'!Z90/$Y$1 -> -0.036093234 | AE112: =+'YR REPORTS'!AA90/$Y$1 -> -0.0068873668 | AF112: =+'YR REPORTS'!AB90/$Y$1 -> -0.3114964 | ... AJ112: =+'YR REPORTS'!AF90/$Y$1 -> -1.3061065 | AN112: MONTH | AO112: =+'YR REPORTS'!AK90/$AO$1 -> -1.394453 | AP112: =+'YR REPORTS'!AL90/$AO$1 -> -1.4212335 | AQ112: =+'YR REPORTS'!AM90/$AO$1 -> -1.2703804 | AR112: =+'YR REPORTS'!AN90/$AO$1 -> -1.1346486 | AS112: =+'YR REPORTS'!AO90/$AO$1 -> -0.9851771 | AT112: =+'YR REPORTS'!AP90/$AO$1 -> -0.58298471 | AU112: =+'YR REPORTS'!AQ90/$AO$1 -> -0.5963223 | AV112: =+'YR REPORTS'!AR90/$AO$1 -> -0.7524878 | ... AZ112: =+'YR REPORTS'!AV90/$AO$1 -> -1.4742169
A113: CUMULATIVE | B113: =+'YR REPORTS'!D91/$B$1 -> 7.3416738 | C113: =+'YR REPORTS'!E91/$B$1 -> 6.3904921 | D113: =+'YR REPORTS'!F91/$B$1 -> 5.8050994 | E113: =+'YR REPORTS'!G91/$B$1 -> 5.2972811 | F113: =+'YR REPORTS'!H91/$B$1 -> 6.658585 | G113: =+'YR REPORTS'!I91/$B$1 -> 7.9615106 | H113: =+'YR REPORTS'!J91/$B$1 -> 8.9914177 | I113: =+'YR REPORTS'!K91/$B$1 -> 10.549825 | ... M113: =+'YR REPORTS'!O91/$B$1 -> 7.6615928 | X113: CUMULATIVE | Y113: =+'YR REPORTS'!U91/$Y$1 -> 6.4007285 | Z113: =+'YR REPORTS'!V91/$Y$1 -> 5.0515609 | AA113: =+'YR REPORTS'!W91/$Y$1 -> 3.8435424 | AB113: =+'YR REPORTS'!X91/$Y$1 -> 2.9150319 | AC113: =+'YR REPORTS'!Y91/$Y$1 -> 2.4390409 | AD113: =+'YR REPORTS'!Z91/$Y$1 -> 2.4029476 | AE113: =+'YR REPORTS'!AA91/$Y$1 -> 2.3960603 | AF113: =+'YR REPORTS'!AB91/$Y$1 -> 2.0845639 | ... AJ113: =+'YR REPORTS'!AF91/$Y$1 -> -2.1503628 | AN113: CUMULATIVE | AO113: =+'YR REPORTS'!AK91/$AO$1 -> -3.5448159 | AP113: =+'YR REPORTS'!AL91/$AO$1 -> -4.9660494 | AQ113: =+'YR REPORTS'!AM91/$AO$1 -> -6.2364298 | AR113: =+'YR REPORTS'!AN91/$AO$1 -> -7.3710783 | AS113: =+'YR REPORTS'!AO91/$AO$1 -> -8.3562554 | AT113: =+'YR REPORTS'!AP91/$AO$1 -> -8.9392402 | AU113: =+'YR REPORTS'!AQ91/$AO$1 -> -9.5355625 | AV113: =+'YR REPORTS'!AR91/$AO$1 -> -10.28805 | ... AZ113: =+'YR REPORTS'!AV91/$AO$1 -> -15.43797
A137: Cumulative PGC Recovery % of Total PGC Costs (w/o CIS Demand) | B137: 40725 | C137: 40756 | D137: 40787 | E137: 40817 | F137: 40848 | G137: 40878 | H137: 40909 | I137: 40940 | J137: 40969 | K137: 41000 | L137: 41030 | M137: 41061 | N137: 1112 | X137: Cumulative PGC Recovery % of Total PGC Costs (w/o CIS Demand) | Y137: 41091 | Z137: 41122 | AA137: 41153 | AB137: 41183 | AC137: 41214 | AD137: 41244 | AE137: 41275 | AF137: 41306 | AG137: 41334 | AH137: 41365 | AI137: 41395 | AJ137: 41426 | AK137: 1213 | AN137: Cumulative PGC Recovery % of Total PGC Costs (w/o CIS Demand) | AO137: 41456 | AP137: 41487 | AQ137: 41518 | AR137: 41548 | AS137: 41579 | AT137: 41609 | AU137: 41640 | AV137: 41671 | AW137: 41699 | AX137: 41730 | AY137: 41760 | AZ137: 41791 | BA137: 1314
A138: CUMULATIVE | B138: =+'YR REPORTS'!D92 -> 0.13868596 | C138: =+'YR REPORTS'!E92 -> 0.12071791 | D138: =+'YR REPORTS'!F92 -> 0.1096597 | E138: =+'YR REPORTS'!G92 -> 0.1000669 | F138: =+'YR REPORTS'!H92 -> 0.12578225 | G138: =+'YR REPORTS'!I92 -> 0.15039482 | H138: =+'YR REPORTS'!J92 -> 0.16985001 | I138: =+'YR REPORTS'!K92 -> 0.19928869 | ... M138: =+'YR REPORTS'!O92 -> 0.14472931 | X138: CUMULATIVE | Y138: =+'YR REPORTS'!U92 -> 0.10617674 | Z138: =+'YR REPORTS'!V92 -> 0.083796444 | AA138: =+'YR REPORTS'!W92 -> 0.063757557 | AB138: =+'YR REPORTS'!X92 -> 0.048355214 | AC138: =+'YR REPORTS'!Y92 -> 0.040459366 | AD138: =+'YR REPORTS'!Z92 -> 0.039860643 | AE138: =+'YR REPORTS'!AA92 -> 0.039746394 | AF138: =+'YR REPORTS'!AB92 -> 0.03457922 | ... AJ138: =+'YR REPORTS'!AF92 -> -0.035670709 | AN138: CUMULATIVE | AO138: =+'YR REPORTS'!AK92 -> -0.054947066 | AP138: =+'YR REPORTS'!AL92 -> -0.076977157 | AQ138: =+'YR REPORTS'!AM92 -> -0.09666892 | AR138: =+'YR REPORTS'!AN92 -> -0.11425675 | AS138: =+'YR REPORTS'!AO92 -> -0.12952767 | AT138: =+'YR REPORTS'!AP92 -> -0.13856433 | AU138: =+'YR REPORTS'!AQ92 -> -0.14780773 | AV138: =+'YR REPORTS'!AR92 -> -0.1594718 | ... AZ138: =+'YR REPORTS'!AV92 -> -0.23929908
A213: PGC CUML SALES VARIANCES | B213: 38899 | C213: 38930 | D213: 38961 | E213: 38991 | F213: 39022 | G213: 39052 | H213: 39083 | I213: 39114 | J213: 39142 | K213: 39173 | L213: 39203 | M213: 39234
A214: PGC MTH ACTUAL | B214: =+MCFS!D148 -> -28242.7 | C214: =+MCFS!E148 -> -17538.4 | D214: =+MCFS!F148 -> -14945.2 | E214: =+MCFS!G148 -> -126283.8 | F214: =+MCFS!H148 -> -210706.3
A215: PGC MTH NRMLZD | B215: =+MCFS!D152 -> -28242.7 | C215: =+MCFS!E152 -> -17538.4 | D215: =+MCFS!F152 -> -14945.2 | E215: =+MCFS!G152 -> -159890.99 | F215: =+MCFS!H152 -> -163799.32

Sheet NONPGC GRAPHS
A1: FACTOR | B1: 1000000
A3: NON-PGC MTH DEMAND & COMMODITY COSTS | B3: 40725 | C3: 40756 | D3: 40787 | E3: 40817 | F3: 40848 | G3: 40878 | H3: 40909 | I3: 40940 | J3: 40969 | K3: 41000 | L3: 41030 | M3: 41061 | N3: 1112 TOTALS
A4: DEMAND | B4: =+'YR REPORTS'!D71/'NONPGC GRAPHS'!$B$1 -> 0.14772143 | C4: =+'YR REPORTS'!E71/'NONPGC GRAPHS'!$B$1 -> 0.15785142 | D4: =+'YR REPORTS'!F71/'NONPGC GRAPHS'!$B$1 -> 0.16130647 | E4: =+'YR REPORTS'!G71/'NONPGC GRAPHS'!$B$1 -> 0.16513952 | F4: =+'YR REPORTS'!H71/'NONPGC GRAPHS'!$B$1 -> 0.15459385 | G4: =+'YR REPORTS'!I71/'NONPGC GRAPHS'!$B$1 -> 0.15266502 | H4: =+'YR REPORTS'!J71/'NONPGC GRAPHS'!$B$1 -> 0.14924617 | I4: =+'YR REPORTS'!K71/'NONPGC GRAPHS'!$B$1 -> 0.13789524 | ... N4: =+'YR REPORTS'!P71/'NONPGC GRAPHS'!$B$1 -> 1.7781971
A5: COMMODITY | B5: =+'YR REPORTS'!D70/'NONPGC GRAPHS'!$B$1 -> 1.0576081 | C5: =+'YR REPORTS'!E70/'NONPGC GRAPHS'!$B$1 -> 1.1636797 | D5: =+'YR REPORTS'!F70/'NONPGC GRAPHS'!$B$1 -> 1.1300438 | E5: =+'YR REPORTS'!G70/'NONPGC GRAPHS'!$B$1 -> 1.1952838 | F5: =+'YR REPORTS'!H70/'NONPGC GRAPHS'!$B$1 -> 1.3787653 | G5: =+'YR REPORTS'!I70/'NONPGC GRAPHS'!$B$1 -> 1.4524627 | H5: =+'YR REPORTS'!J70/'NONPGC GRAPHS'!$B$1 -> 1.4206974 | I5: =+'YR REPORTS'!K70/'NONPGC GRAPHS'!$B$1 -> 1.2256736 | ... N5: =+'YR REPORTS'!P70/'NONPGC GRAPHS'!$B$1 -> 12.908031
A30: LVS UNIT DEMAND & COMMODITY
A31: DEMAND | B31: =+'YR REPORTS'!D71 -> 147721.43 | C31: =+'YR REPORTS'!E71 -> 157851.42 | D31: =+'YR REPORTS'!F71 -> 161306.47 | E31: =+'YR REPORTS'!G71 -> 165139.52 | F31: =+'YR REPORTS'!H71 -> 154593.85 | G31: =+'YR REPORTS'!I71 -> 152665.02 | H31: =+'YR REPORTS'!J71 -> 149246.17 | I31: =+'YR REPORTS'!K71 -> 137895.24 | ... M31: =+'YR REPORTS'!O71 -> 150000
A32: UNIT DEMAND | B32: =B31/MCFS!D99 -> 0.73171549 | C32: =C31/MCFS!E99 -> 0.66657441 | D32: =D31/MCFS!F99 -> 0.6375586 | E32: =E31/MCFS!G99 -> 0.61950056 | F32: =F31/MCFS!H99 -> 0.49316559 | G32: =G31/MCFS!I99 -> 0.4519566 | H32: =H31/MCFS!J99 -> 0.42717042 | I32: =I31/MCFS!K99 -> 0.41562402 | J32: =J31/MCFS!L60 -> 0.44909777 | K32: =K31/MCFS!M60 -> 0.46145648 | L32: =L31/MCFS!N60 -> 0.57924465 | M32: =M31/MCFS!O60 -> 0.625

Sheet TOTAL GRAPHS
A1: FACTOR | B1: 1000000
A3: PGC AND NON-PGC MTH COMMODITY & DEMAND GAS COSTS | B3: 40725 | C3: 40756 | D3: 40787 | E3: 40817 | F3: 40848 | G3: 40878 | H3: 40909 | I3: 40940 | J3: 40969 | K3: 41000 | L3: 41030 | M3: 41061 | N3: 1112Totals
A4: PGC COMMODITY | B4: ='YR REPORTS'!D35/'TOTAL GRAPHS'!$B$1 -> 0.91191902 | C4: ='YR REPORTS'!E35/'TOTAL GRAPHS'!$B$1 -> 1.1006002 | D4: ='YR REPORTS'!F35/'TOTAL GRAPHS'!$B$1 -> 1.0767307 | E4: ='YR REPORTS'!G35/'TOTAL GRAPHS'!$B$1 -> 2.4436633 | F4: ='YR REPORTS'!H35/'TOTAL GRAPHS'!$B$1 -> 3.7345985 | G4: ='YR REPORTS'!I35/'TOTAL GRAPHS'!$B$1 -> 6.2068998 | H4: ='YR REPORTS'!J35/'TOTAL GRAPHS'!$B$1 -> 7.7645965 | I4: ='YR REPORTS'!K35/'TOTAL GRAPHS'!$B$1 -> 6.0835214 | ... N4: ='YR REPORTS'!P35/'TOTAL GRAPHS'!$B$1 -> 35.730845
A5: PGC DEMAND | B5: =+'YR REPORTS'!D37/$B$1 -> 1.3877139 | C5: =+'YR REPORTS'!E37/$B$1 -> 1.3572811 | D5: =+'YR REPORTS'!F37/$B$1 -> 1.3490704 | E5: =+'YR REPORTS'!G37/$B$1 -> 1.5006145 | F5: =+'YR REPORTS'!H37/$B$1 -> 1.4796796 | G5: =+'YR REPORTS'!I37/$B$1 -> 1.4969599 | H5: =+'YR REPORTS'!J37/$B$1 -> 1.5140081 | I5: =+'YR REPORTS'!K37/$B$1 -> 1.5343129 | ... N5: =+'YR REPORTS'!P37/$B$1 -> 17.206553
A6: NON-PGC COMMODITY | B6: =+'YR REPORTS'!D70/'TOTAL GRAPHS'!$B$1 -> 1.0576081 | C6: =+'YR REPORTS'!E70/'TOTAL GRAPHS'!$B$1 -> 1.1636797 | D6: =+'YR REPORTS'!F70/'TOTAL GRAPHS'!$B$1 -> 1.1300438 | E6: =+'YR REPORTS'!G70/'TOTAL GRAPHS'!$B$1 -> 1.1952838 | F6: =+'YR REPORTS'!H70/'TOTAL GRAPHS'!$B$1 -> 1.3787653 | G6: =+'YR REPORTS'!I70/'TOTAL GRAPHS'!$B$1 -> 1.4524627 | H6: =+'YR REPORTS'!J70/'TOTAL GRAPHS'!$B$1 -> 1.4206974 | I6: =+'YR REPORTS'!K70/'TOTAL GRAPHS'!$B$1 -> 1.2256736 | ... N6: =+'YR REPORTS'!P70/'TOTAL GRAPHS'!$B$1 -> 12.908031
A7: NON-PGC DEMAND | B7: =+'YR REPORTS'!D71/$B$1 -> 0.14772143 | C7: =+'YR REPORTS'!E71/$B$1 -> 0.15785142 | D7: =+'YR REPORTS'!F71/$B$1 -> 0.16130647 | E7: =+'YR REPORTS'!G71/$B$1 -> 0.16513952 | F7: =+'YR REPORTS'!H71/$B$1 -> 0.15459385 | G7: =+'YR REPORTS'!I71/$B$1 -> 0.15266502 | H7: =+'YR REPORTS'!J71/$B$1 -> 0.14924617 | I7: =+'YR REPORTS'!K71/$B$1 -> 0.13789524 | ... N7: =+'YR REPORTS'!P71/$B$1 -> 1.7781971
A35: TOTAL MTH COMMODITY & DEMAND GAS COSTS | B35: 40725 | C35: 40756 | D35: 40787 | E35: 40817 | F35: 40848 | G35: 40878 | H35: 40909 | I35: 40940 | J35: 40969 | K35: 41000 | L35: 41030 | M35: 41061 | N35: 1112Totals
A36: COMMODITY | B36: ='YR REPORTS'!D21/$B$1 -> 1.9695272 | C36: ='YR REPORTS'!E21/$B$1 -> 2.2642798 | D36: ='YR REPORTS'!F21/$B$1 -> 2.2067745 | E36: ='YR REPORTS'!G21/$B$1 -> 3.6389471 | F36: ='YR REPORTS'!H21/$B$1 -> 5.1133638 | G36: ='YR REPORTS'!I21/$B$1 -> 7.6593625 | H36: ='YR REPORTS'!J21/$B$1 -> 9.1852939 | I36: ='YR REPORTS'!K21/$B$1 -> 7.3091951 | ... N36: ='YR REPORTS'!P21/$B$1 -> 48.638876
A37: DEMAND | B37: =+'YR REPORTS'!D22/'TOTAL GRAPHS'!$B$1 -> 1.6910922 | C37: =+'YR REPORTS'!E22/'TOTAL GRAPHS'!$B$1 -> 1.6811642 | D37: =+'YR REPORTS'!F22/'TOTAL GRAPHS'!$B$1 -> 1.6866065 | E37: =+'YR REPORTS'!G22/'TOTAL GRAPHS'!$B$1 -> 1.8377052 | F37: =+'YR REPORTS'!H22/'TOTAL GRAPHS'!$B$1 -> 1.8010148 | G37: =+'YR REPORTS'!I22/'TOTAL GRAPHS'!$B$1 -> 1.8204964 | H37: =+'YR REPORTS'!J22/'TOTAL GRAPHS'!$B$1 -> 1.8161236 | I37: =+'YR REPORTS'!K22/'TOTAL GRAPHS'!$B$1 -> 1.8015437 | ... N37: =+'YR REPORTS'!P22/'TOTAL GRAPHS'!$B$1 -> 20.815215
A66: TOTAL MTH GAS COSTS | B66: 40725 | C66: 40756 | D66: 40787 | E66: 40817 | F66: 40848 | G66: 40878 | H66: 40909 | I66: 40940 | J66: 40969 | K66: 41000 | L66: 41030 | M66: 41061 | N66: 1112Totals
A67: TOTAL MTH GAS COSTS | B67: =+'YR REPORTS'!D25/'TOTAL GRAPHS'!$B$1 -> 3.6606193 | C67: =+'YR REPORTS'!E25/'TOTAL GRAPHS'!$B$1 -> 3.945444 | D67: =+'YR REPORTS'!F25/'TOTAL GRAPHS'!$B$1 -> 3.893381 | E67: =+'YR REPORTS'!G25/'TOTAL GRAPHS'!$B$1 -> 5.4766523 | F67: =+'YR REPORTS'!H25/'TOTAL GRAPHS'!$B$1 -> 6.9143786 | G67: =+'YR REPORTS'!I25/'TOTAL GRAPHS'!$B$1 -> 9.479859 | H67: =+'YR REPORTS'!J25/'TOTAL GRAPHS'!$B$1 -> 11.001418 | I67: =+'YR REPORTS'!K25/'TOTAL GRAPHS'!$B$1 -> 9.1107388 | ... N67: =+'YR REPORTS'!P25/'TOTAL GRAPHS'!$B$1 -> 69.454091
A97: PGC AND NON-PGC MTH REQUIREMENTS | B97: 40725 | C97: 40756 | D97: 40787 | E97: 40817 | F97: 40848 | G97: 40878 | H97: 40909 | I97: 40940 | J97: 40969 | K97: 41000 | L97: 41030 | M97: 41061 | N97: 1112Totals
A98: PGC | B98: =+'YR REPORTS'!D12 -> 237396.3 | C98: =+'YR REPORTS'!E12 -> 276343.3 | D98: =+'YR REPORTS'!F12 -> 310780.5 | E98: =+'YR REPORTS'!G12 -> 555374.6 | F98: =+'YR REPORTS'!H12 -> 1041641.6 | G98: =+'YR REPORTS'!I12 -> 1538484.5 | H98: =+'YR REPORTS'!J12 -> 1758792.9 | I98: =+'YR REPORTS'!K12 -> 1565339.9 | ... N98: =+'YR REPORTS'!P12 -> 9309172.7
A99: NON-PGC | B99: =+'YR REPORTS'!D13 -> 216811.1 | C99: =+'YR REPORTS'!E13 -> 240336.4 | D99: =+'YR REPORTS'!F13 -> 255779.8 | E99: =+'YR REPORTS'!G13 -> 275439.8 | F99: =+'YR REPORTS'!H13 -> 330773.9 | G99: =+'YR REPORTS'!I13 -> 357854.1 | H99: =+'YR REPORTS'!J13 -> 372037 | I99: =+'YR REPORTS'!K13 -> 352315.7 | ... N99: =+'YR REPORTS'!P13 -> 3448471.6

Sheet MCFS
C1: NORMAL & ACTUAL DEGREE DAYS | D1: 40725 | E1: 40756 | F1: 40787 | G1: 40817 | H1: 40848 | I1: 40878 | J1: 40909 | K1: 40940 | L1: 40969 | M1: 41000 | N1: 41030 | O1: 41061 | P1: 1112 TOTALS | R1: DEGDAY ADJ | S1: NORMAL & ACTUAL DEGREE DAYS | T1: 41091 | U1: 41122 | V1: 41153 | W1: 41183 | X1: 41214 | Y1: 41244 | Z1: 41275 | AA1: 41306 | AB1: 41334 | AC1: 41365 | AD1: 41395 | AE1: 41426 | AF1: 1213 TOTALS | AH1: DEGDAY ADJ | AI1: NORMAL & ACTUAL DEGREE DAYS | AJ1: 41456 | AK1: 41487 | AL1: 41518 | AM1: 41548 | AN1: 41579 | AO1: 41609 | AP1: 41640 | AQ1: 41671 | AR1: 41699 | AS1: 41730 | AT1: 41760 | AU1: 41791 | AV1: 1314 TOTALS
B2: -0.15 | C2: NORMAL MTH DD (PROJECTED) | D2: 0 | E2: 0 | F2: =26*(1+B2) -> 22.1 | G2: =204*(1+B2) -> 173.4 | H2: =442*(1+B2) -> 375.7 | I2: =745*(1+B2) -> 633.25 | J2: =836*(1+B2) -> 710.6 | K2: =696*(1+B2) -> 591.6 | L2: =515*(1+B2) -> 437.75 | M2: =240*(1+B2) -> 204 | N2: =74*(1+B2) -> 62.9 | O2: =5*(1+B2) -> 4.25 | P2: =SUM(D2:O2) -> 3215.55 | R2: -0.15 | S2: NORMAL MTH DD (PROJECTED) | T2: 0 | U2: 0 | V2: =26*(1+R2) -> 22.1 | W2: =204*(1+R2) -> 173.4 | X2: =442*(1+R2) -> 375.7 | Y2: =745*(1+R2) -> 633.25 | Z2: =836*(1+R2) -> 710.6 | AA2: =675*(1+R2) -> 573.75 | AB2: =515*(1+R2) -> 437.75 | AC2: =240*(1+R2) -> 204 | AD2: =74*(1+R2) -> 62.9 | AE2: =5*(1+R2) -> 4.25 | AF2: =SUM(T2:AE2) -> 3197.7 | AH2: -0.15 | AI2: NORMAL MTH DD (PROJECTED) | AJ2: 0 | AK2: 0 | AL2: =26*(1+AH2) -> 22.1 | AM2: =204*(1+AH2) -> 173.4 | AN2: =442*(1+AH2) -> 375.7 | AO2: =745*(1+AH2) -> 633.25 | AP2: =836*(1+AH2) -> 710.6 | AQ2: =675*(1+AH2) -> 573.75 | AR2: =515*(1+AH2) -> 437.75 | AS2: =240*(1+AH2) -> 204 | AT2: =74*(1+AH2) -> 62.9 | AU2: =5*(1+AH2) -> 4.25 | AV2: =SUM(AJ2:AU2) -> 3197.7
C3: ACTUAL MTH DD (NWS) | D3: 0 | E3: 0 | F3: 17 | G3: 197 | H3: 340 | I3: 573 | J3: 685 | K3: 578 | L3: 233 | M3: 222 | N3: 10 | O3: 5 | S3: ACTUAL MTH DD (ACCUWEATHER) | T3: 0 | U3: 0 | AI3: ACTUAL MTH DD (ACCUWEATHER) | AJ3: 0 | AK3: 0
C4: MTH DD DIFF | F4: =F3-F2 -> -5.1 | G4: =G3-G2 -> 23.6 | H4: =H3-H2 -> -35.7 | I4: =I3-I2 -> -60.25 | J4: =J3-J2 -> -25.6 | K4: =K3-K2 -> -13.6 | L4: =L3-L2 -> -204.75 | M4: =M3-M2 -> 18 | ... O4: =O3-O2 -> 0.75 | P4: =SUM(D4:O4) -> -355.55 | S4: MTH DD DIFF | V4: =V3-V2 -> -22.1 | W4: =W3-W2 -> -173.4 | X4: =X3-X2 -> -375.7 | Y4: =Y3-Y2 -> -633.25 | Z4: =Z3-Z2 -> -710.6 | AA4: =AA3-AA2 -> -573.75 | AB4: =AB3-AB2 -> -437.75 | AC4: =AC3-AC2 -> -204 | ... AE4: =AE3-AE2 -> -4.25 | AF4: =SUM(T4:AE4) -> -3197.7 | AI4: MTH DD DIFF | AL4: =AL3-AL2 -> -22.1 | AM4: =AM3-AM2 -> -173.4 | AN4: =AN3-AN2 -> -375.7 | AO4: =AO3-AO2 -> -633.25 | AP4: =AP3-AP2 -> -710.6 | AQ4: =AQ3-AQ2 -> -573.75 | AR4: =AR3-AR2 -> -437.75 | AS4: =AS3-AS2 -> -204 | ... AU4: =AU3-AU2 -> -4.25 | AV4: =SUM(AJ4:AU4) -> -3197.7
C5: % MTH DD DIFF | F5: =F4/F2 -> -0.23076923 | G5: =G4/G2 -> 0.1361015 | H5: =H4/H2 -> -0.095022624 | I5: =I4/I2 -> -0.095144098 | J5: =J4/J2 -> -0.036025894 | K5: =K4/K2 -> -0.022988506 | L5: =L4/L2 -> -0.46773272 | M5: =M4/M2 -> 0.088235294 | ... O5: =O4/O2 -> 0.17647059 | S5: % MTH DD DIFF | V5: =V4/V2 -> -1 | W5: =W4/W2 -> -1 | X5: =X4/X2 -> -1 | Y5: =Y4/Y2 -> -1 | Z5: =Z4/Z2 -> -1 | AA5: =AA4/AA2 -> -1 | AB5: =AB4/AB2 -> -1 | AC5: =AC4/AC2 -> -1 | ... AE5: =AE4/AE2 -> -1 | AI5: % MTH DD DIFF | AL5: =AL4/AL2 -> -1 | AM5: =AM4/AM2 -> -1 | AN5: =AN4/AN2 -> -1 | AO5: =AO4/AO2 -> -1 | AP5: =AP4/AP2 -> -1 | AQ5: =AQ4/AQ2 -> -1 | AR5: =AR4/AR2 -> -1 | AS5: =AS4/AS2 -> -1 | ... AU5: =AU4/AU2 -> -1
C6: YTD NORMAL DD | F6: =F2 -> 22.1 | G6: =F6+G2 -> 195.5 | H6: =G6+H2 -> 571.2 | I6: =H6+I2 -> 1204.45 | J6: =I6+J2 -> 1915.05 | K6: =J6+K2 -> 2506.65 | L6: =K6+L2 -> 2944.4 | M6: =L6+M2 -> 3148.4 | N6: =M6+N2 -> 3211.3 | O6: =N6+O2 -> 3215.55 | S6: YTD NORMAL DD | V6: =V2 -> 22.1 | W6: =V6+W2 -> 195.5 | X6: =W6+X2 -> 571.2 | Y6: =X6+Y2 -> 1204.45 | Z6: =Y6+Z2 -> 1915.05 | AA6: =Z6+AA2 -> 2488.8 | AB6: =AA6+AB2 -> 2926.55 | AC6: =AB6+AC2 -> 3130.55 | AD6: =AC6+AD2 -> 3193.45 | AE6: =AD6+AE2 -> 3197.7 | AI6: YTD NORMAL DD | AL6: =AL2 -> 22.1 | AM6: =AL6+AM2 -> 195.5 | AN6: =AM6+AN2 -> 571.2 | AO6: =AN6+AO2 -> 1204.45 | AP6: =AO6+AP2 -> 1915.05 | AQ6: =AP6+AQ2 -> 2488.8 | AR6: =AQ6+AR2 -> 2926.55 | AS6: =AR6+AS2 -> 3130.55 | AT6: =AS6+AT2 -> 3193.45 | AU6: =AT6+AU2 -> 3197.7
C7: YTD ACTUAL DD | F7: =F3 -> 17 | G7: =F7+G3 -> 214 | H7: =G7+H3 -> 554 | I7: =H7+I3 -> 1127 | J7: =I7+J3 -> 1812 | K7: =J7+K3 -> 2390 | L7: =K7+L3 -> 2623 | M7: =L7+M3 -> 2845 | N7: =M7+N3 -> 2855 | O7: =N7+O3 -> 2860 | S7: YTD ACTUAL DD | V7: =V3 -> 0 | W7: =V7+W3 -> 0 | X7: =W7+X3 -> 0 | Y7: =X7+Y3 -> 0 | Z7: =Y7+Z3 -> 0 | AA7: =Z7+AA3 -> 0 | AB7: =AA7+AB3 -> 0 | AC7: =AB7+AC3 -> 0 | AD7: =AC7+AD3 -> 0 | AE7: =AD7+AE3 -> 0 | AI7: YTD ACTUAL DD | AL7: =AL3 -> 0 | AM7: =AL7+AM3 -> 0 | AN7: =AM7+AN3 -> 0 | AO7: =AN7+AO3 -> 0 | AP7: =AO7+AP3 -> 0 | AQ7: =AP7+AQ3 -> 0 | AR7: =AQ7+AR3 -> 0 | AS7: =AR7+AS3 -> 0 | AT7: =AS7+AT3 -> 0 | AU7: =AT7+AU3 -> 0
C8: YTD DD DIFF | F8: =F7-F6 -> -5.1 | G8: =G7-G6 -> 18.5 | H8: =H7-H6 -> -17.2 | I8: =I7-I6 -> -77.45 | J8: =J7-J6 -> -103.05 | K8: =K7-K6 -> -116.65 | L8: =L7-L6 -> -321.4 | M8: =M7-M6 -> -303.4 | ... O8: =O7-O6 -> -355.55 | S8: YTD DD DIFF | V8: =V7-V6 -> -22.1 | W8: =W7-W6 -> -195.5 | X8: =X7-X6 -> -571.2 | Y8: =Y7-Y6 -> -1204.45 | Z8: =Z7-Z6 -> -1915.05 | AA8: =AA7-AA6 -> -2488.8 | AB8: =AB7-AB6 -> -2926.55 | AC8: =AC7-AC6 -> -3130.55 | ... AE8: =AE7-AE6 -> -3197.7 | AI8: YTD DD DIFF | AL8: =AL7-AL6 -> -22.1 | AM8: =AM7-AM6 -> -195.5 | AN8: =AN7-AN6 -> -571.2 | AO8: =AO7-AO6 -> -1204.45 | AP8: =AP7-AP6 -> -1915.05 | AQ8: =AQ7-AQ6 -> -2488.8 | AR8: =AR7-AR6 -> -2926.55 | AS8: =AS7-AS6 -> -3130.55 | ... AU8: =AU7-AU6 -> -3197.7
C9: % YTD DD DIFF | F9: =F8/F6 -> -0.23076923 | G9: =G8/G6 -> 0.094629156 | H9: =H8/H6 -> -0.030112045 | I9: =I8/I6 -> -0.064303209 | J9: =J8/J6 -> -0.053810605 | K9: =K8/K6 -> -0.046536214 | L9: =L8/L6 -> -0.10915636 | M9: =M8/M6 -> -0.096366408 | ... O9: =O8/O6 -> -0.11057206 | S9: % YTD DD DIFF | V9: =V8/V6 -> -1 | W9: =W8/W6 -> -1 | X9: =X8/X6 -> -1 | Y9: =Y8/Y6 -> -1 | Z9: =Z8/Z6 -> -1 | AA9: =AA8/AA6 -> -1 | AB9: =AB8/AB6 -> -1 | AC9: =AC8/AC6 -> -1 | ... AE9: =AE8/AE6 -> -1 | AI9: % YTD DD DIFF | AL9: =AL8/AL6 -> -1 | AM9: =AM8/AM6 -> -1 | AN9: =AN8/AN6 -> -1 | AO9: =AO8/AO6 -> -1 | AP9: =AP8/AP6 -> -1 | AQ9: =AQ8/AQ6 -> -1 | AR9: =AR8/AR6 -> -1 | AS9: =AS8/AS6 -> -1 | ... AU9: =AU8/AU6 -> -1
P10: `
B12: FUEL | C12: PROJECTIONS - INTO PIPELINE DTHS | D12: 40725 | E12: 40756 | F12: 40787 | G12: 40817 | H12: 40848 | I12: 40878 | J12: 40909 | K12: 40940 | L12: 40969 | M12: 41000 | N12: 41030 | O12: 41061 | P12: 1112 TOTALS | R12: FUEL | S12: PROJECTIONS - INTO PIPELINE DTHS | T12: 41091 | U12: 41122 | V12: 41153 | W12: 41183 | X12: 41214 | Y12: 41244 | Z12: 41275 | AA12: 41306 | AB12: 41334 | AC12: 41365 | AD12: 41395 | AE12: 41426 | AF12: 1213 TOTALS | AH12: FUEL | AI12: PROJECTIONS - INTO PIPELINE DTHS | AJ12: 41456 | AK12: 41487 | AL12: 41518 | AM12: 41548 | AN12: 41579 | AO12: 41609 | AP12: 41640 | AQ12: 41671 | AR12: 41699 | AS12: 41730 | AT12: 41760 | AU12: 41791 | AV12: 1314 TOTALS
B13: 0.05 | C13: PGC MTH DTH INTO PIPELINE | D13: =D22/(1-$B$13) -> 306110.32 | E13: =E22/(1-$B$13) -> 306110.32 | F13: =F22/(1-$B$13) -> 355141.04 | G13: =G22/(1-$B$13) -> 768290 | H13: =H22/(1-$B$13) -> 1297625.1 | I13: =I22/(1-$B$13) -> 1993972.4 | J13: =J22/(1-$B$13) -> 2200140.8 | K13: =K22/(1-$B$13) -> 1853335.1 | ... O13: =O22/(1-$B$13) -> 307563.72 | P13: =SUM(D13:O13) -> 12174917 | Q13: =P13-[5]MCFS!$AF$13 -> -649014.24 | R13: 0.05 | S13: PGC MTH DTH INTO PIPELINE | T13: =T22/(1-$R$13) -> 309861.23 | U13: =U22/(1-$R$13) -> 309861.23 | V13: =V22/(1-$R$13) -> 359458.57 | W13: =W22/(1-$R$13) -> 777436.01 | X13: =X22/(1-$R$13) -> 1312944.4 | Y13: =Y22/(1-$R$13) -> 2017426 | Z13: =Z22/(1-$R$13) -> 2226001 | AA13: =AA22/(1-$R$13) -> 1826997.1 | ... AE13: =AE22/(1-$R$13) -> 311325.87 | AF13: =SUM(T13:AE13) -> 12270995 | AH13: 0.05 | AI13: PGC MTH DTH INTO PIPELINE | AJ13: =AJ22/(1-$AH$13) -> 314290.88 | AK13: =AK22/(1-$AH$13) -> 314290.88 | AL13: =AL22/(1-$AH$13) -> 364585.74 | AM13: =AM22/(1-$AH$13) -> 788459.67 | AN13: =AN22/(1-$AH$13) -> 1331518.2 | AO13: =AO22/(1-$AH$13) -> 2045936.7 | AP13: =AP22/(1-$AH$13) -> 2257453.2 | AQ13: =AQ22/(1-$AH$13) -> 1852816.5 | ... AU13: =AU22/(1-$AH$13) -> 315774.25 | AV13: =SUM(AJ13:AU13) -> 12444752
A14: =A23/(1-$B$13) -> 9874.5263 | B14: =B23/(1-$B$13) -> 2665.3961 | C14: YTD PGC DTH INTO PIPELINE | D14: =D13 -> 306110.32 | E14: =D14+E13 -> 612220.63 | F14: =E14+F13 -> 967361.68 | G14: =F14+G13 -> 1735651.7 | H14: =G14+H13 -> 3033276.8 | I14: =H14+I13 -> 5027249.2 | J14: =I14+J13 -> 7227390 | K14: =J14+K13 -> 9080725.1 | L14: =K14+L13 -> 10553613 | ... O14: =N14+O13 -> 12174917 | S14: YTD PGC DTH INTO PIPELINE | T14: =T13 -> 309861.23 | U14: =U13 -> 309861.23 | V14: =V13 -> 359458.57 | W14: =W13 -> 777436.01 | X14: =X13 -> 1312944.4 | Y14: =Y13 -> 2017426 | Z14: =Z13 -> 2226001 | AA14: =AA13 -> 1826997.1 | ... AE14: =AE13 -> 311325.87 | AI14: YTD PGC DTH INTO PIPELINE | AJ14: =AJ13 -> 314290.88 | AK14: =AK13 -> 314290.88 | AL14: =AL13 -> 364585.74 | AM14: =AM13 -> 788459.67 | AN14: =AN13 -> 1331518.2 | AO14: =AO13 -> 2045936.7 | AP14: =AP13 -> 2257453.2 | AQ14: =AQ13 -> 1852816.5 | ... AU14: =AU13 -> 315774.25
C15: NON-PGC MTH DTH INTO PIPELINE | D15: =D24/(1-$B$13) -> 251508.77 | E15: =E24/(1-$B$13) -> 261838.6 | F15: =F24/(1-$B$13) -> 279354.39 | G15: =G24/(1-$B$13) -> 302259.65 | H15: =H24/(1-$B$13) -> 368505.26 | I15: =I24/(1-$B$13) -> 472926.32 | J15: =J24/(1-$B$13) -> 497628.07 | K15: =K24/(1-$B$13) -> 403312.28 | ... O15: =O24/(1-$B$13) -> 274189.47 | P15: =SUM(D15:O15) -> 4075564.9 | Q15: =P15-[5]MCFS!$AF$15 -> 207382.46 | S15: NON-PGC MTH DTH INTO PIPELINE | T15: =T24/(1-$R$13) -> 252564.21 | U15: =U24/(1-$R$13) -> 268620.35 | V15: =V24/(1-$R$13) -> 285799.3 | W15: =W24/(1-$R$13) -> 313195.79 | X15: =X24/(1-$R$13) -> 377757.19 | Y15: =Y24/(1-$R$13) -> 479932.63 | Z15: =Z24/(1-$R$13) -> 504634.39 | AA15: =AA24/(1-$R$13) -> 412564.21 | ... AE15: =AE24/(1-$R$13) -> 280072.98 | AF15: =SUM(T15:AE15) -> 4168623.2 | AI15: NON-PGC MTH DTH INTO PIPELINE | AJ15: =AJ24/(1-$AH$13) -> 265543.86 | AK15: =AK24/(1-$AH$13) -> 282385.96 | AL15: =AL24/(1-$AH$13) -> 288785.96 | AM15: =AM24/(1-$AH$13) -> 327522.81 | AN15: =AN24/(1-$AH$13) -> 388715.79 | AO15: =AO24/(1-$AH$13) -> 499873.68 | AP15: =AP24/(1-$AH$13) -> 523452.63 | AQ15: =AQ24/(1-$AH$13) -> 419031.58 | ... AU15: =AU24/(1-$AH$13) -> 288785.96 | AV15: =SUM(AJ15:AU15) -> 4312701.8
A16: =A25/(1-$B$13) -> 8505.2632 | B16: =B25/(1-$B$13) -> 239.15789 | C16: YTD NON-PGC DTH INTO PIPELINE | D16: =D15 -> 251508.77 | E16: =D16+E15 -> 513347.37 | F16: =E16+F15 -> 792701.75 | G16: =F16+G15 -> 1094961.4 | H16: =G16+H15 -> 1463466.7 | I16: =H16+I15 -> 1936393 | J16: =I16+J15 -> 2434021.1 | K16: =J16+K15 -> 2837333.3 | L16: =K16+L15 -> 3197978.9 | ... O16: =N16+O15 -> 4075564.9 | S16: YTD NON-PGC DTH INTO PIPELINE | T16: =T15 -> 252564.21 | U16: =U15 -> 268620.35 | V16: =V15 -> 285799.3 | W16: =W15 -> 313195.79 | X16: =X15 -> 377757.19 | Y16: =Y15 -> 479932.63 | Z16: =Z15 -> 504634.39 | AA16: =AA15 -> 412564.21 | ... AE16: =AE15 -> 280072.98 | AI16: YTD NON-PGC DTH INTO PIPELINE | AJ16: =AJ15 -> 265543.86 | AK16: =AK15 -> 282385.96 | AL16: =AL15 -> 288785.96 | AM16: =AM15 -> 327522.81 | AN16: =AN15 -> 388715.79 | AO16: =AO15 -> 499873.68 | AP16: =AP15 -> 523452.63 | AQ16: =AQ15 -> 419031.58 | ... AU16: =AU15 -> 288785.96
C17: MTH TOTAL DTH INTO PIPELINE | D17: =SUM(D13,D15) -> 557619.09 | E17: =SUM(E13,E15) -> 567948.91 | F17: =SUM(F13,F15) -> 634495.43 | G17: =SUM(G13,G15) -> 1070549.7 | H17: =SUM(H13,H15) -> 1666130.4 | I17: =SUM(I13,I15) -> 2466898.7 | J17: =SUM(J13,J15) -> 2697768.9 | K17: =SUM(K13,K15) -> 2256647.4 | ... O17: =SUM(O13,O15) -> 581753.2 | P17: =SUM(D17:O17) -> 16250482 | Q17: =P17-[5]MCFS!$AF$17 -> -441631.79 | S17: MTH TOTAL DTH INTO PIPELINE | T17: =SUM(T13,T15) -> 562425.44 | U17: =SUM(U13,U15) -> 578481.58 | V17: =SUM(V13,V15) -> 645257.87 | W17: =SUM(W13,W15) -> 1090631.8 | X17: =SUM(X13,X15) -> 1690701.6 | Y17: =SUM(Y13,Y15) -> 2497358.6 | Z17: =SUM(Z13,Z15) -> 2730635.4 | AA17: =SUM(AA13,AA15) -> 2239561.3 | ... AE17: =SUM(AE13,AE15) -> 591398.86 | AF17: =SUM(T17:AE17) -> 16439618 | AI17: MTH TOTAL DTH INTO PIPELINE | AJ17: =SUM(AJ13,AJ15) -> 579834.74 | AK17: =SUM(AK13,AK15) -> 596676.85 | AL17: =SUM(AL13,AL15) -> 653371.71 | AM17: =SUM(AM13,AM15) -> 1115982.5 | AN17: =SUM(AN13,AN15) -> 1720234 | AO17: =SUM(AO13,AO15) -> 2545810.4 | AP17: =SUM(AP13,AP15) -> 2780905.8 | AQ17: =SUM(AQ13,AQ15) -> 2271848 | ... AU17: =SUM(AU13,AU15) -> 604560.21 | AV17: =SUM(AJ17:AU17) -> 16757454
A18: =A14+A16 -> 18379.789 | B18: =B14+B16 -> 2904.554 | C18: YTD TOTAL DTH INTO PIPELINE | D18: =D17 -> 557619.09 | E18: =D18+E17 -> 1125568 | F18: =E18+F17 -> 1760063.4 | G18: =F18+G17 -> 2830613.1 | H18: =G18+H17 -> 4496743.5 | I18: =H18+I17 -> 6963642.2 | J18: =I18+J17 -> 9661411.1 | K18: =J18+K17 -> 11918058 | L18: =K18+L17 -> 13751591 | ... O18: =N18+O17 -> 16250482 | S18: YTD TOTAL DTH INTO PIPELINE | T18: =T17 -> 562425.44 | U18: =T18+U17 -> 1140907 | V18: =U18+V17 -> 1786164.9 | W18: =V18+W17 -> 2876796.7 | X18: =W18+X17 -> 4567498.3 | Y18: =X18+Y17 -> 7064856.9 | Z18: =Y18+Z17 -> 9795492.3 | AA18: =Z18+AA17 -> 12035054 | AB18: =AA18+AB17 -> 13895210 | ... AE18: =AD18+AE17 -> 16439618 | AI18: YTD TOTAL DTH INTO PIPELINE | AJ18: =AJ17 -> 579834.74 | AK18: =AJ18+AK17 -> 1176511.6 | AL18: =AK18+AL17 -> 1829883.3 | AM18: =AL18+AM17 -> 2945865.8 | AN18: =AM18+AN17 -> 4666099.7 | AO18: =AN18+AO17 -> 7211910.1 | AP18: =AO18+AP17 -> 9992815.9 | AQ18: =AP18+AQ17 -> 12264664 | AR18: =AQ18+AR17 -> 14155732 | ... AU18: =AT18+AU17 -> 16757454
C20: 12 MTH MOVING AVG BTU | D20: 1.04 | E20: 1.04 | F20: 1.04 | G20: 1.04 | H20: 1.04 | I20: 1.04 | J20: 1.04 | K20: 1.04 | L20: 1.04 | M20: 1.04 | N20: 1.04 | O20: 1.04 | AF20: =1326000 -> 1326000 | AG20: =AF20/AF24 -> 0.33483225
A21: BTU | B21: LOSS | C21: PROJECTIONS - CG DTHS | D21: 40725 | E21: 40756 | F21: 40787 | G21: 40817 | H21: 40848 | I21: 40878 | J21: 40909 | K21: 40940 | L21: 40969 | M21: 41000 | N21: 41030 | O21: 41061 | P21: 1112 TOTALS | Q21: BTU | R21: LOSS | S21: PROJECTIONS - CG DTHS | T21: 41091 | U21: 41122 | V21: 41153 | W21: 41183 | X21: 41214 | Y21: 41244 | Z21: 41275 | AA21: 41306 | AB21: 41334 | AC21: 41365 | AD21: 41395 | AE21: 41426 | AF21: 1213 TOTALS | AG21: BTU | AH21: LOSS | AI21: PROJECTIONS - CG DTHS | AJ21: 41456 | AK21: 41487 | AL21: 41518 | AM21: 41548 | AN21: 41579 | AO21: 41609 | AP21: 41640 | AQ21: 41671 | AR21: 41699 | AS21: 41730 | AT21: 41760 | AU21: 41791 | AV21: 1314 TOTALS
A22: 1.04 | B22: 0.05 | C22: PGC MTH DTH AT COR | D22: =D52*D20/(1-$B$22) -> 290804.8 | E22: =E52*E20/(1-$B$22) -> 290804.8 | F22: =F52*F20/(1-$B$22) -> 337383.99 | G22: =G52*G20/(1-$B$22) -> 729875.5 | H22: =H52*H20/(1-$B$22) -> 1232743.9 | I22: =I52*I20/(1-$B$22) -> 1894273.8 | J22: =J52*J20/(1-$B$22) -> 2090133.8 | K22: =K52*K20/(1-$B$22) -> 1760668.3 | L22: =L52*L20/(1-$B$22) -> 1399243.1 | M22: =M52*$A$22/(1-$B$22) -> 797977.77 | N22: =N52*$A$22/(1-$B$22) -> 450075.55 | O22: =O52*$A$22/(1-$B$22) -> 292185.54 | P22: =SUM(D22:O22) -> 11566171 | Q22: 1.04 | R22: 0.05 | S22: PGC MTH DTH AT COR | T22: =T52*$A$22/(1-$R$22) -> 294368.17 | U22: =U52*$A$22/(1-$R$22) -> 294368.17 | V22: =V52*$A$22/(1-$R$22) -> 341485.64 | W22: =W52*$A$22/(1-$R$22) -> 738564.21 | X22: =X52*$A$22/(1-$R$22) -> 1247297.2 | Y22: =Y52*$A$22/(1-$R$22) -> 1916554.7 | Z22: =Z52*$A$22/(1-$R$22) -> 2114701 | AA22: =AA52*$A$22/(1-$R$22) -> 1735647.2 | ... AE22: =AE52*$A$22/(1-$R$22) -> 295759.58 | AF22: =SUM(T22:AE22) -> 11657445 | AG22: 1.04 | AH22: 0.05 | AI22: PGC MTH DTH AT COR | AJ22: =AJ52*$A$22/(1-$AH$22) -> 298576.34 | AK22: =AK52*$A$22/(1-$AH$22) -> 298576.34 | AL22: =AL52*$A$22/(1-$AH$22) -> 346356.45 | AM22: =AM52*$A$22/(1-$AH$22) -> 749036.68 | AN22: =AN52*$A$22/(1-$AH$22) -> 1264942.3 | AO22: =AO52*$A$22/(1-$AH$22) -> 1943639.9 | AP22: =AP52*$A$22/(1-$AH$22) -> 2144580.5 | AQ22: =AQ52*$A$22/(1-$AH$22) -> 1760175.6 | ... AU22: =AU52*$A$22/(1-$AH$22) -> 299985.54 | AV22: =SUM(AJ22:AU22) -> 11822514
A23: =(A52*$A$22)/(1-$B$22) -> 9380.8 | B23: =(B52*$A$22)/(1-$B$22) -> 2532.1263 | C23: YTD PGC DTH AT COR | D23: =D22 -> 290804.8 | E23: =D23+E22 -> 581609.6 | F23: =E23+F22 -> 918993.59 | G23: =F23+G22 -> 1648869.1 | H23: =G23+H22 -> 2881613 | I23: =H23+I22 -> 4775886.7 | J23: =I23+J22 -> 6866020.5 | K23: =J23+K22 -> 8626688.8 | L23: =K23+L22 -> 10025932 | ... O23: =N23+O22 -> 11566171 | Q23: =(Q52*$Q$22)/(1-$R$22) -> 9495.7474 | R23: =(R52*$Q$22)/(1-$R$22) -> 2561.6842 | S23: YTD PGC DTH AT COR | T23: =T22 -> 294368.17 | U23: =T23+U22 -> 588736.34 | V23: =U23+V22 -> 930221.98 | W23: =V23+W22 -> 1668786.2 | X23: =W23+X22 -> 2916083.4 | Y23: =X23+Y22 -> 4832638.1 | Z23: =Y23+Z22 -> 6947339 | AA23: =Z23+AA22 -> 8682986.3 | AB23: =AA23+AB22 -> 10098732 | ... AE23: =AD23+AE22 -> 11657445 | AG23: =(AG52*$AG$22)/(1-$AH$22) -> 9631.4947 | AH23: =(AH52*$AG$22)/(1-$AH$22) -> 2597.8105 | AI23: YTD PGC DTH AT COR | AJ23: =AJ22 -> 298576.34 | AK23: =AJ23+AK22 -> 597152.67 | AL23: =AK23+AL22 -> 943509.13 | AM23: =AL23+AM22 -> 1692545.8 | AN23: =AM23+AN22 -> 2957488.1 | AO23: =AN23+AO22 -> 4901127.9 | AP23: =AO23+AP22 -> 7045708.4 | AQ23: =AP23+AQ22 -> 8805884.1 | AR23: =AQ23+AR22 -> 10241652 | ... AU23: =AT23+AU22 -> 11822514
B24: 0.025 | C24: NON-PGC MTH DTH AT COR | D24: =D64*$A$22/(1-$B$24) -> 238933.33 | E24: =E64*$A$22/(1-$B$24) -> 248746.67 | F24: =F64*$A$22/(1-$B$24) -> 265386.67 | G24: =G64*$A$22/(1-$B$24) -> 287146.67 | H24: =H64*$A$22/(1-$B$24) -> 350080 | I24: =I64*$A$22/(1-$B$24) -> 449280 | J24: =J64*$A$22/(1-$B$24) -> 472746.67 | K24: =K64*$A$22/(1-$B$24) -> 383146.67 | ... O24: =O64*$A$22/(1-$B$24) -> 260480 | P24: =SUM(D24:O24) -> 3871786.7 | R24: 0.025 | S24: NON-PGC MTH DTH AT COR | T24: =T64*$Q$22/(1-$R$24) -> 239936 | U24: =U64*$Q$22/(1-$R$24) -> 255189.33 | V24: =V64*$Q$22/(1-$R$24) -> 271509.33 | W24: =W64*$Q$22/(1-$R$24) -> 297536 | X24: =X64*$Q$22/(1-$R$24) -> 358869.33 | Y24: =Y64*$Q$22/(1-$R$24) -> 455936 | Z24: =Z64*$Q$22/(1-$R$24) -> 479402.67 | AA24: =AA64*$Q$22/(1-$R$24) -> 391936 | ... AE24: =AE64*$Q$22/(1-$R$24) -> 266069.33 | AF24: =SUM(T24:AE24) -> 3960192 | AH24: 0.025 | AI24: NON-PGC MTH DTH AT COR | AJ24: =AJ64*$AG$22/(1-$AH$24) -> 252266.67 | AK24: =AK64*$AG$22/(1-$AH$24) -> 268266.67 | AL24: =AL64*$AG$22/(1-$AH$24) -> 274346.67 | AM24: =AM64*$AG$22/(1-$AH$24) -> 311146.67 | AN24: =AN64*$AG$22/(1-$AH$24) -> 369280 | AO24: =AO64*$AG$22/(1-$AH$24) -> 474880 | AP24: =AP64*$AG$22/(1-$AH$24) -> 497280 | AQ24: =AQ64*$AG$22/(1-$AH$24) -> 398080 | ... AU24: =AU64*$AG$22/(1-$AH$24) -> 274346.67 | AV24: =SUM(AJ24:AU24) -> 4097066.7
A25: =(A65*$A$22)/(1-$B$24) -> 8080 | B25: =(B65*$A$22)/(1-$B$24) -> 227.2 | C25: YTD NON-PGC DTH AT COR | D25: =D24 -> 238933.33 | E25: =D25+E24 -> 487680 | F25: =E25+F24 -> 753066.67 | G25: =F25+G24 -> 1040213.3 | H25: =G25+H24 -> 1390293.3 | I25: =H25+I24 -> 1839573.3 | J25: =I25+J24 -> 2312320 | K25: =J25+K24 -> 2695466.7 | L25: =K25+L24 -> 3038080 | ... O25: =N25+O24 -> 3871786.7 | Q25: =(Q66*$Q$22)/(1-$R$24) -> 8080 | R25: =(R66*$Q$22)/(1-$R$24) -> 227.2 | S25: YTD NON-PGC DTH AT COR | T25: =T24 -> 239936 | U25: =T25+U24 -> 495125.33 | V25: =U25+V24 -> 766634.67 | W25: =V25+W24 -> 1064170.7 | X25: =W25+X24 -> 1423040 | Y25: =X25+Y24 -> 1878976 | Z25: =Y25+Z24 -> 2358378.7 | AA25: =Z25+AA24 -> 2750314.7 | AB25: =AA25+AB24 -> 3101717.3 | ... AE25: =AD25+AE24 -> 3960192 | AG25: =(AG66*$Q$22)/(1-$R$24) -> 8080 | AH25: =(AH66*$Q$22)/(1-$R$24) -> 227.2 | AI25: YTD NON-PGC DTH AT COR | AJ25: =AJ24 -> 252266.67 | AK25: =AJ25+AK24 -> 520533.33 | AL25: =AK25+AL24 -> 794880 | AM25: =AL25+AM24 -> 1106026.7 | AN25: =AM25+AN24 -> 1475306.7 | AO25: =AN25+AO24 -> 1950186.7 | AP25: =AO25+AP24 -> 2447466.7 | AQ25: =AP25+AQ24 -> 2845546.7 | AR25: =AQ25+AR24 -> 3206293.3 | ... AU25: =AT25+AU24 -> 4097066.7
A26: =A27+(55*B27) -> 169223.75 | C26: MTH TOTAL DTH AT COR | D26: =SUM(D22,D24) -> 529738.13 | E26: =SUM(E22,E24) -> 539551.47 | F26: =SUM(F22,F24) -> 602770.66 | G26: =SUM(G22,G24) -> 1017022.2 | H26: =SUM(H22,H24) -> 1582823.9 | I26: =SUM(I22,I24) -> 2343553.8 | J26: =SUM(J22,J24) -> 2562880.4 | K26: =SUM(K22,K24) -> 2143815 | ... O26: =SUM(O22,O24) -> 552665.54 | P26: =SUM(D26:O26) -> 15437957 | Q26: =Q27+(55*R27) -> 170964.38 | S26: MTH TOTAL DTH AT COR | T26: =SUM(T22,T24) -> 534304.17 | U26: =SUM(U22,U24) -> 549557.5 | V26: =SUM(V22,V24) -> 612994.98 | W26: =SUM(W22,W24) -> 1036100.2 | X26: =SUM(X22,X24) -> 1606166.5 | Y26: =SUM(Y22,Y24) -> 2372490.7 | Z26: =SUM(Z22,Z24) -> 2594103.6 | AA26: =SUM(AA22,AA24) -> 2127583.2 | ... AE26: =SUM(AE22,AE24) -> 561828.91 | AF26: =SUM(T26:AE26) -> 15617637 | AG26: =AG27+(55*AH27) -> 173087.07 | AI26: MTH TOTAL DTH AT COR | AJ26: =SUM(AJ22,AJ24) -> 550843 | AK26: =SUM(AK22,AK24) -> 566843 | AL26: =SUM(AL22,AL24) -> 620703.12 | AM26: =SUM(AM22,AM24) -> 1060183.3 | AN26: =SUM(AN22,AN24) -> 1634222.3 | AO26: =SUM(AO22,AO24) -> 2418519.9 | AP26: =SUM(AP22,AP24) -> 2641860.5 | AQ26: =SUM(AQ22,AQ24) -> 2158255.6 | ... AU26: =SUM(AU22,AU24) -> 574332.2 | AV26: =SUM(AJ26:AU26) -> 15919581
A27: =SUM(A23,A25) -> 17460.8 | B27: =SUM(B23,B25) -> 2759.3263 | C27: YTD TOTAL DTH AT COR | D27: =D26 -> 529738.13 | E27: =D27+E26 -> 1069289.6 | F27: =E27+F26 -> 1672060.3 | G27: =F27+G26 -> 2689082.4 | H27: =G27+H26 -> 4271906.3 | I27: =H27+I26 -> 6615460.1 | J27: =I27+J26 -> 9178340.5 | K27: =J27+K26 -> 11322155 | L27: =K27+L26 -> 13064012 | ... O27: =N27+O26 -> 15437957 | Q27: =SUM(Q23,Q25) -> 17575.747 | R27: =SUM(R23,R25) -> 2788.8842 | S27: YTD TOTAL DTH AT COR | T27: =T26 -> 534304.17 | U27: =T27+U26 -> 1083861.7 | V27: =U27+V26 -> 1696856.6 | W27: =V27+W26 -> 2732956.9 | X27: =W27+X26 -> 4339123.4 | Y27: =X27+Y26 -> 6711614.1 | Z27: =Y27+Z26 -> 9305717.7 | AA27: =Z27+AA26 -> 11433301 | AB27: =AA27+AB26 -> 13200449 | ... AE27: =AD27+AE26 -> 15617637 | AG27: =SUM(AG23,AG25) -> 17711.495 | AH27: =SUM(AH23,AH25) -> 2825.0105 | AI27: YTD TOTAL DTH AT COR | AJ27: =AJ26 -> 550843 | AK27: =AJ27+AK26 -> 1117686 | AL27: =AK27+AL26 -> 1738389.1 | AM27: =AL27+AM26 -> 2798572.5 | AN27: =AM27+AN26 -> 4432794.7 | AO27: =AN27+AO26 -> 6851314.6 | AP27: =AO27+AP26 -> 9493175.1 | AQ27: =AP27+AQ26 -> 11651431 | AR27: =AQ27+AR26 -> 13447945 | ... AU27: =AT27+AU26 -> 15919581
A28: 16681 | B28: 2919 | C28: CG DTHS-TS ACTUALS | D28: 483450.3 | E28: 531090.5 | F28: 583937.6 | G28: 949333.5 | H28: 1404054.8 | I28: 1959405 | J28: 2391634 | K28: 2000269 | L28: 1149243 | M28: 912145.5 | N28: 588725 | O28: 541188.1 | S28: CG DTHS-TS ACTUALS | AI28: CG DTHS-TS ACTUALS
A29: =A28+(B28*55) -> 177226 | C29: YTD CG DTHS-TS ACTUALS | D29: =D28 -> 483450.3 | E29: =D29+E28 -> 1014540.8 | F29: =E29+F28 -> 1598478.4 | G29: =F29+G28 -> 2547811.9 | H29: =G29+H28 -> 3951866.7 | I29: =H29+I28 -> 5911271.7 | J29: =I29+J28 -> 8302905.7 | K29: =J29+K28 -> 10303175 | L29: =K29+L28 -> 11452418 | ... N29: =M29+N28 -> 12953288 | P29: =8.5/19 -> 0.44736842 | S29: YTD CG DTHS-TS ACTUALS | AI29: YTD CG DTHS-TS ACTUALS
A30: =A26-A29 -> -8002.2526 | B30: Model vs Winter regression | C30: MTH ACTUALS VS PROJECTIONS | D30: =D28-D26 -> -46287.833 | E30: =E28-E26 -> -8460.9667 | F30: =F28-F26 -> -18833.058 | G30: =G28-G26 -> -67688.67 | H30: =H28-H26 -> -178769.06 | I30: =I28-I26 -> -384148.79 | J30: =J28-J26 -> -171246.43 | K30: =K28-K26 -> -143546 | ... O30: =O28-O26 -> -11477.437 | S30: MTH ACTUALS VS PROJECTIONS | AI30: MTH ACTUALS VS PROJECTIONS
A31: BASE | B31: HEAT | C31: MTH ACTUALS VS PROJECTIONS % | D31: =D30/D26 -> -0.087378707 | E31: =E30/E26 -> -0.015681482 | F31: =F30/F26 -> -0.031244152 | G31: =G30/G26 -> -0.066555747 | H31: =H30/H26 -> -0.11294311 | I31: =I30/I26 -> -0.16391721 | J31: =J30/J26 -> -0.066817954 | K31: =K30/K26 -> -0.066958201 | ... O31: =O30/O26 -> -0.020767419 | S31: MTH ACTUALS VS PROJECTIONS % | AI31: MTH ACTUALS VS PROJECTIONS %
C32: YTD ACTUALS VS PROJECTIONS | D32: =D30 -> -46287.833 | E32: =D32+E30 -> -54748.8 | F32: =E32+F30 -> -73581.858 | G32: =F32+G30 -> -141270.53 | H32: =G32+H30 -> -320039.58 | I32: =H32+I30 -> -704188.37 | J32: =I32+J30 -> -875434.8 | K32: =J32+K30 -> -1018980.8 | L32: =K32+L30 -> -1611594.2 | ... O32: =N32+O30 -> -1943481.1 | S32: YTD ACTUALS VS PROJECTIONS | AI32: YTD ACTUALS VS PROJECTIONS
C33: YTD ACTUALS VS PROJECTIONS % | D33: =D32/D27 -> -0.087378707 | E33: =E32/E27 -> -0.051201097 | F33: =F32/F27 -> -0.044006702 | G33: =G32/G27 -> -0.052534845 | H33: =H32/H27 -> -0.074917277 | I33: =I32/I27 -> -0.10644587 | J33: =J32/J27 -> -0.09538051 | K33: =K32/K27 -> -0.089998834 | ... O33: =O32/O27 -> -0.12588978 | S33: YTD ACTUALS VS PROJECTIONS % | AI33: YTD ACTUALS VS PROJECTIONS %
C34: PROJECTED VS ACTUAL CG DTHS | D34: =(D26-D28)/D28 -> 0.095744761 | E34: =(E26-E28)/E28 -> 0.015931309 | F34: =(F26-F28)/F28 -> 0.032251833 | G34: =(G26-G28)/G28 -> 0.071301255 | H34: =(H26-H28)/H28 -> 0.12732342 | I34: =(I26-I28)/I28 -> 0.1960538 | J34: =(J26-J28)/J28 -> 0.071602271
C35: PROJECTIONS - BURNER MCFS | D35: 40725 | E35: 40756 | F35: 40787 | G35: 40817 | H35: 40848 | I35: 40878 | J35: 40909 | K35: 40940 | L35: 40969 | M35: 41000 | N35: 41030 | O35: 41061 | P35: 1112 TOTALS | S35: PROJECTIONS - BURNER MCFS | T35: 41091 | U35: 41122 | V35: 41153 | W35: 41183 | X35: 41214 | Y35: 41244 | Z35: 41275 | AA35: 41306 | AB35: 41334 | AC35: 41365 | AD35: 41395 | AE35: 41426 | AF35: 1213 TOTALS | AI35: PROJECTIONS - BURNER MCFS | AJ35: 41456 | AK35: 41487 | AL35: 41518 | AM35: 41548 | AN35: 41579 | AO35: 41609 | AP35: 41640 | AQ35: 41671 | AR35: 41699 | AS35: 41730 | AT35: 41760 | AU35: 41791 | AV35: 1314 TOTALS
A36: BASE | B36: HEAT | C36: DAYS | D36: 31 | E36: 31 | F36: 30 | G36: 31 | H36: 30 | I36: 31 | J36: 31 | K36: 28 | L36: 31 | M36: 30 | N36: 31 | O36: 30 | P36: =SUM(D36:O36) -> 365 | Q36: BASE | R36: HEAT | S36: DAYS | T36: 31 | U36: 31 | V36: 30 | W36: 31 | X36: 30 | Y36: 31 | Z36: 31 | AA36: 28 | AB36: 31 | AC36: 30 | AD36: 31 | AE36: 30 | AG36: BASE | AH36: HEAT | AI36: DAYS | AJ36: 31 | AK36: 31 | AL36: 30 | AM36: 31 | AN36: 30 | AO36: 31 | AP36: 31 | AQ36: 28 | AR36: 31 | AS36: 30 | AT36: 31 | AU36: 30
A37: 3690 | B37: 1458 | C37: RS MTH MCF | D37: =(D36*$A$37)+(D2*$B$37) -> 114390 | E37: =(E36*$A$37)+(E2*$B$37) -> 114390 | F37: =(F36*$A$37)+(F2*$B$37) -> 142921.8 | G37: =(G36*$A$37)+(G2*$B$37) -> 367207.2 | H37: =(H36*$A$37)+(H2*$B$37) -> 658470.6 | I37: =(I36*$A$37)+(I2*$B$37) -> 1037668.5 | J37: =(J36*$A$37)+(J2*$B$37) -> 1150444.8 | K37: =(K36*$A$37)+(K2*$B$37) -> 965872.8 | ... O37: =(O36*$A$37)+(O2*$B$37) -> 116896.5 | P37: =SUM(D37:O37) -> 6035121.9 | Q37: =A39 -> 3714 | R37: =B39 -> 1468 | S37: RS MTH MCF | T37: =(T36*$Q$37)+(T2*$R$37) -> 115134 | U37: =(U36*$Q$37)+(U2*$R$37) -> 115134 | V37: =(V36*$Q$37)+(V2*$R$37) -> 143862.8 | W37: =(W36*$Q$37)+(W2*$R$37) -> 369685.2 | X37: =(X36*$Q$37)+(X2*$R$37) -> 662947.6 | Y37: =(Y36*$Q$37)+(Y2*$R$37) -> 1044745 | Z37: =(Z36*$Q$37)+(Z2*$R$37) -> 1158294.8 | AA37: =(AA36*$Q$37)+(AA2*$R$37) -> 946257 | ... AE37: =(AE36*$Q$37)+(AE2*$R$37) -> 117659 | AF37: =SUM(T37:AE37) -> 6049833.6 | AG37: =Q39 -> 3743 | AH37: =R39 -> 1479 | AI37: RS MTH MCF | AJ37: =(AJ36*$AG$37)+(AJ2*$AH$37) -> 116033 | AK37: =(AK36*$AG$37)+(AK2*$AH$37) -> 116033 | AL37: =(AL36*$AG$37)+(AL2*$AH$37) -> 144975.9 | AM37: =(AM36*$AG$37)+(AM2*$AH$37) -> 372491.6 | AN37: =(AN36*$AG$37)+(AN2*$AH$37) -> 667950.3 | AO37: =(AO36*$AG$37)+(AO2*$AH$37) -> 1052609.8 | AP37: =(AP36*$AG$37)+(AP2*$AH$37) -> 1167010.4 | AQ37: =(AQ36*$AG$37)+(AQ2*$AH$37) -> 953380.25 | ... AU37: =(AU36*$AG$37)+(AU2*$AH$37) -> 118575.75 | AV37: =SUM(AJ37:AU37) -> 6095593.3
A38: 24 | B38: 10 | C38: RS MTH MCF GROWTH | D38: =(D36*$A$38)+(D2*$B$38) -> 744 | E38: =(E36*$A$38)+(E2*$B$38) -> 744 | F38: =(F36*$A$38)+(F2*$B$38) -> 941 | G38: =(G36*$A$38)+(G2*$B$38) -> 2478 | H38: =(H36*$A$38)+(H2*$B$38) -> 4477 | I38: =(I36*$A$38)+(I2*$B$38) -> 7076.5 | J38: =(J36*$A$38)+(J2*$B$38) -> 7850 | K38: =(K36*$A$38)+(K2*$B$38) -> 6588 | ... O38: =(O36*$A$38)+(O2*$B$38) -> 762.5 | P38: =SUM(D38:O38) -> 40915.5 | Q38: 29 | R38: 11 | S38: RS MTH MCF GROWTH | T38: =(T36*$Q$38)+(T2*$R$38) -> 899 | U38: =(U36*$Q$38)+(U2*$R$38) -> 899 | V38: =(V36*$Q$38)+(V2*$R$38) -> 1113.1 | W38: =(W36*$Q$38)+(W2*$R$38) -> 2806.4 | X38: =(X36*$Q$38)+(X2*$R$38) -> 5002.7 | Y38: =(Y36*$Q$38)+(Y2*$R$38) -> 7864.75 | Z38: =(Z36*$Q$38)+(Z2*$R$38) -> 8715.6 | AA38: =(AA36*$Q$38)+(AA2*$R$38) -> 7123.25 | ... AE38: =(AE36*$Q$38)+(AE2*$R$38) -> 916.75 | AF38: =SUM(T38:AE38) -> 45759.7 | AG38: 34 | AH38: 14 | AI38: RS MTH MCF GROWTH | AJ38: =(AJ36*$AG$38)+(AJ2*$AH$38) -> 1054 | AK38: =(AK36*$AG$38)+(AK2*$AH$38) -> 1054 | AL38: =(AL36*$AG$38)+(AL2*$AH$38) -> 1329.4 | AM38: =(AM36*$AG$38)+(AM2*$AH$38) -> 3481.6 | AN38: =(AN36*$AG$38)+(AN2*$AH$38) -> 6279.8 | AO38: =(AO36*$AG$38)+(AO2*$AH$38) -> 9919.5 | AP38: =(AP36*$AG$38)+(AP2*$AH$38) -> 11002.4 | AQ38: =(AQ36*$AG$38)+(AQ2*$AH$38) -> 8984.5 | ... AU38: =(AU36*$AG$38)+(AU2*$AH$38) -> 1079.5 | AV38: =SUM(AJ38:AU38) -> 57177.8
A39: =A37+A38 -> 3714 | B39: =B37+B38 -> 1468 | C39: RS MTH MCF W/GROWTH | D39: =SUM(D37:D38) -> 115134 | E39: =SUM(E37:E38) -> 115134 | F39: =SUM(F37:F38) -> 143862.8 | G39: =SUM(G37:G38) -> 369685.2 | H39: =SUM(H37:H38) -> 662947.6 | I39: =SUM(I37:I38) -> 1044745 | J39: =SUM(J37:J38) -> 1158294.8 | K39: =SUM(K37:K38) -> 972460.8 | ... O39: =SUM(O37:O38) -> 117659 | P39: =SUM(D39:O39) -> 6076037.4 | Q39: =Q37+Q38 -> 3743 | R39: =R37+R38 -> 1479 | S39: RS MTH MCF W/GROWTH | T39: =SUM(T37:T38) -> 116033 | U39: =SUM(U37:U38) -> 116033 | V39: =SUM(V37:V38) -> 144975.9 | W39: =SUM(W37:W38) -> 372491.6 | X39: =SUM(X37:X38) -> 667950.3 | Y39: =SUM(Y37:Y38) -> 1052609.8 | Z39: =SUM(Z37:Z38) -> 1167010.4 | AA39: =SUM(AA37:AA38) -> 953380.25 | ... AE39: =SUM(AE37:AE38) -> 118575.75 | AF39: =SUM(T39:AE39) -> 6095593.3 | AG39: =AG37+AG38 -> 3777 | AH39: =AH37+AH38 -> 1493 | AI39: RS MTH MCF W/GROWTH | AJ39: =SUM(AJ37:AJ38) -> 117087 | AK39: =SUM(AK37:AK38) -> 117087 | AL39: =SUM(AL37:AL38) -> 146305.3 | AM39: =SUM(AM37:AM38) -> 375973.2 | AN39: =SUM(AN37:AN38) -> 674230.1 | AO39: =SUM(AO37:AO38) -> 1062529.2 | AP39: =SUM(AP37:AP38) -> 1178012.8 | AQ39: =SUM(AQ37:AQ38) -> 962364.75 | ... AU39: =SUM(AU37:AU38) -> 119655.25 | AV39: =SUM(AJ39:AU39) -> 6152771.1
C40: YTD RS MTH MCF W/GROWTH | D40: =D39 -> 115134 | E40: =D40+E39 -> 230268 | F40: =E40+F39 -> 374130.8 | G40: =F40+G39 -> 743816 | H40: =G40+H39 -> 1406763.6 | I40: =H40+I39 -> 2451508.6 | J40: =I40+J39 -> 3609803.4 | K40: =J40+K39 -> 4582264.2 | L40: =K40+L39 -> 5340015.2 | M40: =L40+M73 -> 5636049.4 | N40: =M40+N39 -> 5843520.6 | O40: =N40+O39 -> 5961179.6 | S40: YTD RS MTH MCF W/GROWTH | T40: =T39 -> 116033 | U40: =T40+U39 -> 232066 | V40: =U40+V39 -> 377041.9 | W40: =V40+W39 -> 749533.5 | X40: =W40+X39 -> 1417483.8 | Y40: =X40+Y39 -> 2470093.5 | Z40: =Y40+Z39 -> 3637104 | AA40: =Z40+AA39 -> 4590484.2 | AB40: =AA40+AB39 -> 5353949.5 | ... AE40: =AD40+AE39 -> 6095593.3 | AI40: YTD RS MTH MCF W/GROWTH | AJ40: =AJ39 -> 117087 | AK40: =AJ40+AK39 -> 234174 | AL40: =AK40+AL39 -> 380479.3 | AM40: =AL40+AM39 -> 756452.5 | AN40: =AM40+AN39 -> 1430682.6 | AO40: =AN40+AO39 -> 2493211.9 | AP40: =AO40+AP39 -> 3671224.7 | AQ40: =AP40+AQ39 -> 4633589.4 | AR40: =AQ40+AR39 -> 5404237.2 | ... AU40: =AT40+AU39 -> 6152771.1
C41: RS SALES PER HOUSE | D41: =D39/97000 -> 1.1869485 | E41: =E39/97000 -> 1.1869485 | F41: =F39/97000 -> 1.4831216 | G41: =G39/97000 -> 3.8111876 | H41: =H39/97000 -> 6.8345113 | I41: =I39/97000 -> 10.770567 | J41: =J39/97000 -> 11.941184 | K41: =K39/97000 -> 10.025369 | L41: =L39/97000 -> 7.811866 | M41: =M73/97000 -> 3.051899 | N41: =N39/97000 -> 2.1388784 | O41: =O39/97000 -> 1.2129794 | P41: =SUM(D41:O41) -> 61.45546
A42: 2655 | B42: 540 | C42: GS MTH MCF | D42: =(D36*$A$42)+(D2*$B$42) -> 82305 | E42: =(E36*$A$42)+(E2*$B$42) -> 82305 | F42: =(F36*$A$42)+(F2*$B$42) -> 91584 | G42: =(G36*$A$42)+(G2*$B$42) -> 175941 | H42: =(H36*$A$42)+(H2*$B$42) -> 282528 | I42: =(I36*$A$42)+(I2*$B$42) -> 424260 | J42: =(J36*$A$42)+(J2*$B$42) -> 466029 | K42: =(K36*$A$42)+(K2*$B$42) -> 393804 | ... O42: =(O36*$A$42)+(O2*$B$42) -> 81945 | P42: =SUM(D42:O42) -> 2705472 | Q42: =A44 -> 2719 | R42: =B44 -> 553 | S42: GS MTH MCF | T42: =(T36*$Q$42)+(T2*$R$42) -> 84289 | U42: =(U36*$Q$42)+(U2*$R$42) -> 84289 | V42: =(V36*$Q$42)+(V2*$R$42) -> 93791.3 | W42: =(W36*$Q$42)+(W2*$R$42) -> 180179.2 | X42: =(X36*$Q$42)+(X2*$R$42) -> 289332.1 | Y42: =(Y36*$Q$42)+(Y2*$R$42) -> 434476.25 | Z42: =(Z36*$Q$42)+(Z2*$R$42) -> 477250.8 | AA42: =(AA36*$Q$42)+(AA2*$R$42) -> 393415.75 | ... AE42: =(AE36*$Q$42)+(AE2*$R$42) -> 83920.25 | AF42: =SUM(T42:AE42) -> 2760763.1 | AG42: =Q44 -> 2795 | AH42: =R44 -> 569 | AI42: GS MTH MCF | AJ42: =(AJ36*$AG$42)+(AJ2*$AH$42) -> 86645 | AK42: =(AK36*$AG$42)+(AK2*$AH$42) -> 86645 | AL42: =(AL36*$AG$42)+(AL2*$AH$42) -> 96424.9 | AM42: =(AM36*$AG$42)+(AM2*$AH$42) -> 185309.6 | AN42: =(AN36*$AG$42)+(AN2*$AH$42) -> 297623.3 | AO42: =(AO36*$AG$42)+(AO2*$AH$42) -> 446964.25 | AP42: =(AP36*$AG$42)+(AP2*$AH$42) -> 490976.4 | AQ42: =(AQ36*$AG$42)+(AQ2*$AH$42) -> 404723.75 | ... AU42: =(AU36*$AG$42)+(AU2*$AH$42) -> 86268.25 | AV42: =SUM(AJ42:AU42) -> 2839666.3
A43: 64 | B43: 13 | C43: GS MTH MCF GROWTH | D43: =(D36*$A$43)+(D2*$B$43) -> 1984 | E43: =(E36*$A$43)+(E2*$B$43) -> 1984 | F43: =(F36*$A$43)+(F2*$B$43) -> 2207.3 | G43: =(G36*$A$43)+(G2*$B$43) -> 4238.2 | H43: =(H36*$A$43)+(H2*$B$43) -> 6804.1 | I43: =(I36*$A$43)+(I2*$B$43) -> 10216.25 | J43: =(J36*$A$43)+(J2*$B$43) -> 11221.8 | K43: =(K36*$A$43)+(K2*$B$43) -> 9482.8 | ... O43: =(O36*$A$43)+(O2*$B$43) -> 1975.25 | P43: =SUM(D43:O43) -> 65162.15 | Q43: 76 | R43: 16 | S43: GS MTH MCF GROWTH | T43: =(T36*$Q$43)+(T2*$R$43) -> 2356 | U43: =(U36*$Q$43)+(U2*$R$43) -> 2356 | V43: =(V36*$Q$43)+(V2*$R$43) -> 2633.6 | W43: =(W36*$Q$43)+(W2*$R$43) -> 5130.4 | X43: =(X36*$Q$43)+(X2*$R$43) -> 8291.2 | Y43: =(Y36*$Q$43)+(Y2*$R$43) -> 12488 | Z43: =(Z36*$Q$43)+(Z2*$R$43) -> 13725.6 | AA43: =(AA36*$Q$43)+(AA2*$R$43) -> 11308 | ... AE43: =(AE36*$Q$43)+(AE2*$R$43) -> 2348 | AF43: =SUM(T43:AE43) -> 78903.2 | AG43: 90 | AH43: 19 | AI43: GS MTH MCF GROWTH | AJ43: =(AJ36*$AG$43)+(AJ2*$AH$43) -> 2790 | AK43: =(AK36*$AG$43)+(AK2*$AH$43) -> 2790 | AL43: =(AL36*$AG$43)+(AL2*$AH$43) -> 3119.9 | AM43: =(AM36*$AG$43)+(AM2*$AH$43) -> 6084.6 | AN43: =(AN36*$AG$43)+(AN2*$AH$43) -> 9838.3 | AO43: =(AO36*$AG$43)+(AO2*$AH$43) -> 14821.75 | AP43: =(AP36*$AG$43)+(AP2*$AH$43) -> 16291.4 | AQ43: =(AQ36*$AG$43)+(AQ2*$AH$43) -> 13421.25 | ... AU43: =(AU36*$AG$43)+(AU2*$AH$43) -> 2780.75 | AV43: =SUM(AJ43:AU43) -> 93606.3
A44: =A42+A43 -> 2719 | B44: =B42+B43 -> 553 | C44: GS MTH MCF W/GROWTH | D44: =SUM(D42:D43) -> 84289 | E44: =SUM(E42:E43) -> 84289 | F44: =SUM(F42:F43) -> 93791.3 | G44: =SUM(G42:G43) -> 180179.2 | H44: =SUM(H42:H43) -> 289332.1 | I44: =SUM(I42:I43) -> 434476.25 | J44: =SUM(J42:J43) -> 477250.8 | K44: =SUM(K42:K43) -> 403286.8 | ... O44: =SUM(O42:O43) -> 83920.25 | P44: =SUM(D44:O44) -> 2770634.2 | Q44: =Q42+Q43 -> 2795 | R44: =R42+R43 -> 569 | S44: GS MTH MCF W/GROWTH | T44: =SUM(T42:T43) -> 86645 | U44: =SUM(U42:U43) -> 86645 | V44: =SUM(V42:V43) -> 96424.9 | W44: =SUM(W42:W43) -> 185309.6 | X44: =SUM(X42:X43) -> 297623.3 | Y44: =SUM(Y42:Y43) -> 446964.25 | Z44: =SUM(Z42:Z43) -> 490976.4 | AA44: =SUM(AA42:AA43) -> 404723.75 | ... AE44: =SUM(AE42:AE43) -> 86268.25 | AF44: =SUM(T44:AE44) -> 2839666.3 | AG44: =AG42+AG43 -> 2885 | AH44: =AH42+AH43 -> 588 | AI44: GS MTH MCF W/GROWTH | AJ44: =SUM(AJ42:AJ43) -> 89435 | AK44: =SUM(AK42:AK43) -> 89435 | AL44: =SUM(AL42:AL43) -> 99544.8 | AM44: =SUM(AM42:AM43) -> 191394.2 | AN44: =SUM(AN42:AN43) -> 307461.6 | AO44: =SUM(AO42:AO43) -> 461786 | AP44: =SUM(AP42:AP43) -> 507267.8 | AQ44: =SUM(AQ42:AQ43) -> 418145 | ... AU44: =SUM(AU42:AU43) -> 89049 | AV44: =SUM(AJ44:AU44) -> 2933272.6
C45: YTD GS MTH MCF W/GROWTH | D45: =D44 -> 84289 | E45: =D45+E44 -> 168578 | F45: =E45+F44 -> 262369.3 | G45: =F45+G44 -> 442548.5 | H45: =G45+H44 -> 731880.6 | I45: =H45+I44 -> 1166356.9 | J45: =I45+J44 -> 1643607.7 | K45: =J45+K44 -> 2046894.5 | L45: =K45+L44 -> 2373259.2 | ... O45: =N45+O44 -> 2770634.2 | S45: YTD GS MTH MCF W/GROWTH | T45: =T44 -> 86645 | U45: =T45+U44 -> 173290 | V45: =U45+V44 -> 269714.9 | W45: =V45+W44 -> 455024.5 | X45: =W45+X44 -> 752647.8 | Y45: =X45+Y44 -> 1199612.1 | Z45: =Y45+Z44 -> 1690588.4 | AA45: =Z45+AA44 -> 2095312.2 | AB45: =AA45+AB44 -> 2431037 | ... AE45: =AD45+AE44 -> 2839666.3 | AI45: YTD GS MTH MCF W/GROWTH | AJ45: =AJ44 -> 89435 | AK45: =AJ45+AK44 -> 178870 | AL45: =AK45+AL44 -> 278414.8 | AM45: =AL45+AM44 -> 469809 | AN45: =AM45+AN44 -> 777270.6 | AO45: =AN45+AO44 -> 1239056.6 | AP45: =AO45+AP44 -> 1746324.4 | AQ45: =AP45+AQ44 -> 2164469.4 | AR45: =AQ45+AR44 -> 2511301.4 | ... AU45: =AT45+AU44 -> 2933272.6
A46: 2022 | B46: 230 | C46: CIS MTH MCF | D46: =(D36*$A$46)+(D2*$B$46) -> 62682 | E46: =(E36*$A$46)+(E2*$B$46) -> 62682 | F46: =(F36*$A$46)+(F2*$B$46) -> 65743 | G46: =(G36*$A$46)+(G2*$B$46) -> 102564 | H46: =(H36*$A$46)+(H2*$B$46) -> 147071 | I46: =(I36*$A$46)+(I2*$B$46) -> 208329.5 | J46: =(J36*$A$46)+(J2*$B$46) -> 226120 | K46: =(K36*$A$46)+(K2*$B$46) -> 192684 | ... O46: =(O36*$A$46)+(O2*$B$46) -> 61637.5 | P46: =SUM(D46:O46) -> 1477606.5 | Q46: =A46 -> 2022 | R46: =B46 -> 230 | S46: CIS MTH MCF | T46: =(T36*$Q$46)+(T2*$R$46) -> 62682 | U46: =(U36*$Q$46)+(U2*$R$46) -> 62682 | V46: =(V36*$Q$46)+(V2*$R$46) -> 65743 | W46: =(W36*$Q$46)+(W2*$R$46) -> 102564 | X46: =(X36*$Q$46)+(X2*$R$46) -> 147071 | Y46: =(Y36*$Q$46)+(Y2*$R$46) -> 208329.5 | Z46: =(Z36*$Q$46)+(Z2*$R$46) -> 226120 | AA46: =(AA36*$Q$46)+(AA2*$R$46) -> 188578.5 | ... AE46: =(AE36*$Q$46)+(AE2*$R$46) -> 61637.5 | AF46: =SUM(T46:AE46) -> 1473501 | AG46: =Q46 -> 2022 | AH46: =R46 -> 230 | AI46: CIS MTH MCF | AJ46: =(AJ36*$Q$46)+(AJ2*$R$46) -> 62682 | AK46: =(AK36*$Q$46)+(AK2*$R$46) -> 62682 | AL46: =(AL36*$Q$46)+(AL2*$R$46) -> 65743 | AM46: =(AM36*$Q$46)+(AM2*$R$46) -> 102564 | AN46: =(AN36*$Q$46)+(AN2*$R$46) -> 147071 | AO46: =(AO36*$Q$46)+(AO2*$R$46) -> 208329.5 | AP46: =(AP36*$Q$46)+(AP2*$R$46) -> 226120 | AQ46: =(AQ36*$Q$46)+(AQ2*$R$46) -> 188578.5 | ... AU46: =(AU36*$Q$46)+(AU2*$R$46) -> 61637.5 | AV46: =SUM(AJ46:AU46) -> 1473501
C47: YTD CIS MTH MCF | D47: =D46 -> 62682 | E47: =D47+E46 -> 125364 | F47: =E47+F46 -> 191107 | G47: =F47+G46 -> 293671 | H47: =G47+H46 -> 440742 | I47: =H47+I46 -> 649071.5 | J47: =I47+J46 -> 875191.5 | K47: =J47+K46 -> 1067875.5 | L47: =K47+L46 -> 1231240 | ... O47: =N47+O46 -> 1477606.5 | S47: YTD CIS MTH MCF | T47: =T46 -> 62682 | U47: =T47+U46 -> 125364 | V47: =U47+V46 -> 191107 | W47: =V47+W46 -> 293671 | X47: =W47+X46 -> 440742 | Y47: =X47+Y46 -> 649071.5 | Z47: =Y47+Z46 -> 875191.5 | AA47: =Z47+AA46 -> 1063770 | AB47: =AA47+AB46 -> 1227134.5 | ... AE47: =AD47+AE46 -> 1473501 | AI47: YTD CIS MTH MCF | AJ47: =AJ46 -> 62682 | AK47: =AJ47+AK46 -> 125364 | AL47: =AK47+AL46 -> 191107 | AM47: =AL47+AM46 -> 293671 | AN47: =AM47+AN46 -> 440742 | AO47: =AN47+AO46 -> 649071.5 | AP47: =AO47+AP46 -> 875191.5 | AQ47: =AP47+AQ46 -> 1063770 | AR47: =AQ47+AR46 -> 1227134.5 | ... AU47: =AT47+AU46 -> 1473501
A48: 114 | B48: 62 | C48: MS MTH MCF | D48: =(D36*$A$48)+(D2*$B$48) -> 3534 | E48: =(E36*$A$48)+(E2*$B$48) -> 3534 | F48: =(F36*$A$48)+(F2*$B$48) -> 4790.2 | G48: =(G36*$A$48)+(G2*$B$48) -> 14284.8 | H48: =(H36*$A$48)+(H2*$B$48) -> 26713.4 | I48: =(I36*$A$48)+(I2*$B$48) -> 42795.5 | J48: =(J36*$A$48)+(J2*$B$48) -> 47591.2 | K48: =(K36*$A$48)+(K2*$B$48) -> 39871.2 | ... O48: =(O36*$A$48)+(O2*$B$48) -> 3683.5 | P48: =SUM(D48:O48) -> 240974.1 | Q48: =A48 -> 114 | R48: =B48 -> 62 | S48: MS MTH MCF | T48: =(T36*$Q$48)+(T2*$R$48) -> 3534 | U48: =(U36*$Q$48)+(U2*$R$48) -> 3534 | V48: =(V36*$Q$48)+(V2*$R$48) -> 4790.2 | W48: =(W36*$Q$48)+(W2*$R$48) -> 14284.8 | X48: =(X36*$Q$48)+(X2*$R$48) -> 26713.4 | Y48: =(Y36*$Q$48)+(Y2*$R$48) -> 42795.5 | Z48: =(Z36*$Q$48)+(Z2*$R$48) -> 47591.2 | AA48: =(AA36*$Q$48)+(AA2*$R$48) -> 38764.5 | ... AE48: =(AE36*$Q$48)+(AE2*$R$48) -> 3683.5 | AF48: =SUM(T48:AE48) -> 239867.4 | AG48: =Q48 -> 114 | AH48: =R48 -> 62 | AI48: MS MTH MCF | AJ48: =(AJ36*$Q$48)+(AJ2*$R$48) -> 3534 | AK48: =(AK36*$Q$48)+(AK2*$R$48) -> 3534 | AL48: =(AL36*$Q$48)+(AL2*$R$48) -> 4790.2 | AM48: =(AM36*$Q$48)+(AM2*$R$48) -> 14284.8 | AN48: =(AN36*$Q$48)+(AN2*$R$48) -> 26713.4 | AO48: =(AO36*$Q$48)+(AO2*$R$48) -> 42795.5 | AP48: =(AP36*$Q$48)+(AP2*$R$48) -> 47591.2 | AQ48: =(AQ36*$Q$48)+(AQ2*$R$48) -> 38764.5 | ... AU48: =(AU36*$Q$48)+(AU2*$R$48) -> 3683.5 | AV48: =SUM(AJ48:AU48) -> 239867.4
C49: YTD MS MTH MCF | D49: =D48 -> 3534 | E49: =D49+E48 -> 7068 | F49: =E49+F48 -> 11858.2 | G49: =F49+G48 -> 26143 | H49: =G49+H48 -> 52856.4 | I49: =H49+I48 -> 95651.9 | J49: =I49+J48 -> 143243.1 | K49: =J49+K48 -> 183114.3 | L49: =K49+L48 -> 213788.8 | ... O49: =N49+O48 -> 240974.1 | S49: YTD MS MTH MCF | T49: =T48 -> 3534 | U49: =T49+U48 -> 7068 | V49: =U49+V48 -> 11858.2 | W49: =V49+W48 -> 26143 | X49: =W49+X48 -> 52856.4 | Y49: =X49+Y48 -> 95651.9 | Z49: =Y49+Z48 -> 143243.1 | AA49: =Z49+AA48 -> 182007.6 | AB49: =AA49+AB48 -> 212682.1 | ... AE49: =AD49+AE48 -> 239867.4 | AI49: YTD MS MTH MCF | AJ49: =AJ48 -> 3534 | AK49: =AJ49+AK48 -> 7068 | AL49: =AK49+AL48 -> 11858.2 | AM49: =AL49+AM48 -> 26143 | AN49: =AM49+AN48 -> 52856.4 | AO49: =AN49+AO48 -> 95651.9 | AP49: =AO49+AP48 -> 143243.1 | AQ49: =AP49+AQ48 -> 182007.6 | AR49: =AQ49+AR48 -> 212682.1 | ... AU49: =AT49+AU48 -> 239867.4
C50: PGC MTH MCF | D50: =SUM(D37,D42,D48,D46) -> 262911 | E50: =SUM(E37,E42,E48,E46) -> 262911 | F50: =SUM(F37,F42,F48,F46) -> 305039 | G50: =SUM(G37,G42,G48,G46) -> 659997 | H50: =SUM(H37,H42,H48,H46) -> 1114783 | I50: =SUM(I37,I42,I48,I46) -> 1713053.5 | J50: =SUM(J37,J42,J48,J46) -> 1890185 | K50: =SUM(K37,K42,K48,K46) -> 1592232 | ... O50: =SUM(O37,O42,O48,O46) -> 264162.5 | P50: =SUM(D50:O50) -> 10459174 | S50: PGC MTH MCF | T50: =SUM(T37,T42,T48,T46) -> 265639 | U50: =SUM(U37,U42,U48,U46) -> 265639 | V50: =SUM(V37,V42,V48,V46) -> 308187.3 | W50: =SUM(W37,W42,W48,W46) -> 666713.2 | X50: =SUM(X37,X42,X48,X46) -> 1126064.1 | Y50: =SUM(Y37,Y42,Y48,Y46) -> 1730346.2 | Z50: =SUM(Z37,Z42,Z48,Z46) -> 1909256.8 | AA50: =SUM(AA37,AA42,AA48,AA46) -> 1567015.8 | ... AE50: =SUM(AE37,AE42,AE48,AE46) -> 266900.25 | AF50: =SUM(T50:AE50) -> 10523965 | AI50: PGC MTH MCF | AJ50: =SUM(AJ37,AJ42,AJ48,AJ46) -> 268894 | AK50: =SUM(AK37,AK42,AK48,AK46) -> 268894 | AL50: =SUM(AL37,AL42,AL48,AL46) -> 311934 | AM50: =SUM(AM37,AM42,AM48,AM46) -> 674650 | AN50: =SUM(AN37,AN42,AN48,AN46) -> 1139358 | AO50: =SUM(AO37,AO42,AO48,AO46) -> 1750699 | AP50: =SUM(AP37,AP42,AP48,AP46) -> 1931698 | AQ50: =SUM(AQ37,AQ42,AQ48,AQ46) -> 1585447 | ... AU50: =SUM(AU37,AU42,AU48,AU46) -> 270165 | AV50: =SUM(AJ50:AU50) -> 10648628
A51: =SUM(A38,A43) -> 88 | B51: =SUM(B38,B43) -> 23 | C51: PGC MTH MCF GROWTH | D51: =SUM(D38,D43) -> 2728 | E51: =SUM(E38,E43) -> 2728 | F51: =SUM(F38,F43) -> 3148.3 | G51: =SUM(G38,G43) -> 6716.2 | H51: =SUM(H38,H43) -> 11281.1 | I51: =SUM(I38,I43) -> 17292.75 | J51: =SUM(J38,J43) -> 19071.8 | K51: =SUM(K38,K43) -> 16070.8 | ... O51: =SUM(O38,O43) -> 2737.75 | P51: =SUM(D51:O51) -> 106077.65 | Q51: =SUM(Q38,Q43) -> 105 | R51: =SUM(R38,R43) -> 27 | S51: PGC MTH MCF GROWTH | T51: =SUM(T38,T43) -> 3255 | U51: =SUM(U38,U43) -> 3255 | V51: =SUM(V38,V43) -> 3746.7 | W51: =SUM(W38,W43) -> 7936.8 | X51: =SUM(X38,X43) -> 13293.9 | Y51: =SUM(Y38,Y43) -> 20352.75 | Z51: =SUM(Z38,Z43) -> 22441.2 | AA51: =SUM(AA38,AA43) -> 18431.25 | ... AE51: =SUM(AE38,AE43) -> 3264.75 | AF51: =SUM(T51:AE51) -> 124662.9 | AG51: =SUM(AG38,AG43) -> 124 | AH51: =SUM(AH38,AH43) -> 33 | AI51: PGC MTH MCF GROWTH | AJ51: =SUM(AJ38,AJ43) -> 3844 | AK51: =SUM(AK38,AK43) -> 3844 | AL51: =SUM(AL38,AL43) -> 4449.3 | AM51: =SUM(AM38,AM43) -> 9566.2 | AN51: =SUM(AN38,AN43) -> 16118.1 | AO51: =SUM(AO38,AO43) -> 24741.25 | AP51: =SUM(AP38,AP43) -> 27293.8 | AQ51: =SUM(AQ38,AQ43) -> 22405.75 | ... AU51: =SUM(AU38,AU43) -> 3860.25 | AV51: =SUM(AJ51:AU51) -> 150784.1
A52: =SUM(A39,A44,A48,A46) -> 8569 | B52: =SUM(B39,B44,B48,B46) -> 2313 | C52: PGC MTH MCF W/GROWTH | D52: =SUM(D50:D51) -> 265639 | E52: =SUM(E50:E51) -> 265639 | F52: =SUM(F50:F51) -> 308187.3 | G52: =SUM(G50:G51) -> 666713.2 | H52: =SUM(H50:H51) -> 1126064.1 | I52: =SUM(I50:I51) -> 1730346.2 | J52: =SUM(J50:J51) -> 1909256.8 | K52: =SUM(K50:K51) -> 1608302.8 | ... O52: =SUM(O50:O51) -> 266900.25 | P52: =SUM(D52:O52) -> 10565252 | Q52: =SUM(Q39,Q44,Q48,Q46) -> 8674 | R52: =SUM(R39,R44,R48,R46) -> 2340 | S52: PGC MTH MCF W/GROWTH | T52: =SUM(T50:T51) -> 268894 | U52: =SUM(U50:U51) -> 268894 | V52: =SUM(V50:V51) -> 311934 | W52: =SUM(W50:W51) -> 674650 | X52: =SUM(X50:X51) -> 1139358 | Y52: =SUM(Y50:Y51) -> 1750699 | Z52: =SUM(Z50:Z51) -> 1931698 | AA52: =SUM(AA50:AA51) -> 1585447 | ... AE52: =SUM(AE50:AE51) -> 270165 | AF52: =SUM(T52:AE52) -> 10648628 | AG52: =SUM(AG39,AG44,AG48,AG46) -> 8798 | AH52: =SUM(AH39,AH44,AH48,AH46) -> 2373 | AI52: PGC MTH MCF W/GROWTH | AJ52: =SUM(AJ50:AJ51) -> 272738 | AK52: =SUM(AK50:AK51) -> 272738 | AL52: =SUM(AL50:AL51) -> 316383.3 | AM52: =SUM(AM50:AM51) -> 684216.2 | AN52: =SUM(AN50:AN51) -> 1155476.1 | AO52: =SUM(AO50:AO51) -> 1775440.2 | AP52: =SUM(AP50:AP51) -> 1958991.8 | AQ52: =SUM(AQ50:AQ51) -> 1607852.8 | ... AU52: =SUM(AU50:AU51) -> 274025.25 | AV52: =SUM(AJ52:AU52) -> 10799412
A53: =A52/A68 -> 0.53078543 | B53: =B52/B68 -> 0.91567696 | C53: YTD PGC MTH MCF W/GROWTH | D53: =D52 -> 265639 | E53: =D53+E52 -> 531278 | F53: =E53+F52 -> 839465.3 | G53: =F53+G52 -> 1506178.5 | H53: =G53+H52 -> 2632242.6 | I53: =H53+I52 -> 4362588.8 | J53: =I53+J52 -> 6271845.6 | K53: =J53+K52 -> 7880148.4 | L53: =K53+L52 -> 9158303.2 | ... O53: =N53+O52 -> 10565252 | P53: =(P13-P52)/P52 -> 0.15235457 | S53: YTD PGC MTH MCF W/GROWTH | T53: =T52 -> 268894 | U53: =T53+U52 -> 537788 | V53: =U53+V52 -> 849722 | W53: =V53+W52 -> 1524372 | X53: =W53+X52 -> 2663730 | Y53: =X53+Y52 -> 4414429 | Z53: =Y53+Z52 -> 6346127 | AA53: =Z53+AA52 -> 7931574 | AB53: =AA53+AB52 -> 9224803 | ... AE53: =AD53+AE52 -> 10648628 | AI53: YTD PGC MTH MCF W/GROWTH | AJ53: =AJ52 -> 272738 | AK53: =AJ53+AK52 -> 545476 | AL53: =AK53+AL52 -> 861859.3 | AM53: =AL53+AM52 -> 1546075.5 | AN53: =AM53+AN52 -> 2701551.6 | AO53: =AN53+AO52 -> 4476991.8 | AP53: =AO53+AP52 -> 6435983.7 | AQ53: =AP53+AQ52 -> 8043836.4 | AR53: =AQ53+AR52 -> 9355355.2 | ... AU53: =AT53+AU52 -> 10799412
C54: FLEX MTH MCF - IAA | D54: 2800 | E54: 2000 | F54: 2600 | G54: 8000 | H54: 17000 | I54: 30000 | J54: 32000 | K54: 28000 | L54: 20000 | M54: 10000 | N54: 5000 | O54: 3000 | P54: =SUM(D54:O54) -> 160400 | S54: FLEX MTH MCF - IAA | T54: 2500 | U54: 1800 | V54: 2100 | W54: 6500 | X54: 14000 | Y54: 25000 | Z54: 27000 | AA54: 25000 | AB54: 17000 | AC54: 8000 | AD54: 2500 | AE54: 2000 | AF54: =SUM(T54:AE54) -> 133400 | AI54: FLEX MTH MCF - IAA | AJ54: 1300 | AK54: 11300 | AL54: 2000 | AM54: 6500 | AN54: 11000 | AO54: 20000 | AP54: 21000 | AQ54: 18000 | AR54: 13000 | AS54: 5000 | AT54: 2500 | AU54: 2000 | AV54: =SUM(AJ54:AU54) -> 113600
